Workbook

Sheet Indicadores
I3: Fuente Datos/Indicador | J3: Tipo empresa | K3: Tamaño Muestra | L3: Formula | T3: Indicadores Financieros | W3: Indicadores Organizacionales
T4: Indice de Liquidez | U4: Indice de Endeudamiento | V4: Razón de Cobertura de Intereses | W4: Rentabilidad del Patrimonio | X4: Rentabilidad del Activo
I5: Super Sociedades | J5: Plenas Ind. Plenas Sep. Pymes Ind. Pymes Sep | K5: Total empresas (504) + 4 | L5: Desviación Estandar | T5: =STDEVA(T12:T519) -> 51.424878 | U5: =STDEVA(U12:U519) -> 0.44990255 | V5: =STDEVA(V12:V519) -> 477.05843 | W5: =STDEVA(W12:W519) -> 20.77976 | X5: =STDEVA(X12:X519) -> 0.12806426
L6: Promedio | T6: =AVERAGE(T12:T519) -> 16.764096 | U6: =AVERAGE(U12:U519) -> 0.53227756 | V6: =AVERAGE(V12:V519) -> 51.930244 | W6: =AVERAGE(W12:W519) -> 1.0817845 | X6: =AVERAGE(X12:X519) -> 0.095184487
L7: Mediana | T7: =MEDIAN(T12:T519) -> 3.3593541 | U7: =MEDIAN(U12:U519) -> 0.51327552 | V7: =MEDIAN(V12:V519) -> 2.7602121 | W7: =MEDIAN(W12:W519) -> 0.18554601 | X7: =MEDIAN(X12:X519) -> 0.086265278
L8: Menor Valor | T8: =MIN(T12:T519) -> 0.043373314 | U8: =MIN(U12:U519) -> 0.0013063695 | V8: =MIN(V12:V519) -> -310.41869 | W8: =MIN(W12:W519) -> -55.700284 | X8: =MIN(X12:X519) -> -0.48545942
L9: Mayor Valor | T9: =MAX(T12:T519) -> 611.76962 | U9: =MAX(U12:U519) -> 8.3079207 | V9: =MAX(V12:V519) -> 6339.9449 | W9: =MAX(W12:W519) -> 464.2909 | X9: =MAX(X12:X519) -> 0.86537469
B11: Punto de entrada | C11: Formulario | D11: NIT | E11: Fecha de Corte | F11: Razón social de la sociedad | G11: Clasificación Industrial Internacional Uniforme Versión 4 A.C (CIIU) | H11: Tipo societario | I11: Dirección de notificación judicial registrada en Cámara de Comercio | J11: Departamento de la dirección del domicilio | K11: Ciudad de la dirección del domicilio | L11: Periodo | M11: Activos corrientes totales (CurrentAssets) | N11: Total de activos (Assets) | O11: Pasivos corrientes totales (CurrentLiabilities) | P11: Total pasivos (Liabilities) | Q11: Patrimonio total (Equity) | R11: Ganancia (pérdida) por actividades de operación (ProfitLossFromOperatingActivities) | S11: Costos financieros (FinanceCosts) | T11: Indice de Liquidez | U11: Indice de Endeudamiento | V11: Razón de Cobertura de Intereses | W11: Rentabilidad del Patrimonio | X11: Rentabilidad del Activo
A12: 93 | B12: Plenas-Individuales | C12: Estado de situación financiera, corriente/no corriente | D12: 800026212 | E12: 2024-12-31 | F12: RICOH COLOMBIA S.A. | G12: G4659 - Comercio al por mayor de otros tipos de maquinaria y equipo n.c.p. | H12: 01. SOCIEDAD ANÓNIMA | I12: Av Cra 45 108 27 T2 | J12: BOGOTA D.C. | K12: BOGOTA D.C. | L12: Periodo Actual | M12: 52756828 | N12: 72854435 | O12: 27317034 | P12: 29530921 | Q12: 43323514 | R12: -3295506 | S12: 1663274 | T12: =M12/O12 -> 1.9312795 | U12: =P12/N12 -> 0.40534143 | V12: =R12/S12 -> -1.9813368 | W12: =R12/Q12 -> -0.076067375 | X12: =R12/N12 -> -0.045234116
F13: INGENIERIA EN EQUIPOS DE TEMPERATURA SAS | G13: EMPRESA OFERENTE PROCESO 2025 | M13: 737761496 | N13: 804145134 | O13: 199293692 | P13: 199293692 | Q13: 604851442 | R13: 446839583 | S13: 7405003 | T13: =M13/O13 -> 3.7018808 | U13: =P13/N13 -> 0.24783299 | V13: =R13/S13 -> 60.342931 | W13: =R13/Q13 -> 0.73875923 | X13: =R13/N13 -> 0.55567032
F14: EQUIPOS Y LABORATORIO DE COLOMBIA S.A.S | G14: EMPRESA OFERENTE PROCESO 2025 | M14: 16881955955 | N14: 30585810220 | O14: 5055316658 | P14: 16364220709 | Q14: 14221589511 | R14: 3121069800 | S14: 1538145989 | T14: =M14/O14 -> 3.3394458 | U14: =P14/N14 -> 0.53502656 | V14: =R14/S14 -> 2.0291116 | W14: =R14/Q14 -> 0.21945998 | X14: =R14/N14 -> 0.10204306
F15: ADVANCED INSTRUMENTS SAS | G15: EMPRESA OFERENTE PROCESO 2025 | M15: 2114597968 | N15: 3111413552 | O15: 228622347 | P15: 428816112 | Q15: 2682597440 | R15: 863528015 | S15: 27406580 | T15: =M15/O15 -> 9.2493057 | U15: =P15/N15 -> 0.13782035 | V15: =R15/S15 -> 31.508054 | W15: =R15/Q15 -> 0.32189996 | X15: =R15/N15 -> 0.2775356
F16: INSTRUMENTACION Y METROLOGIA SAS | G16: EMPRESA OFERENTE PROCESO 2025 | M16: 1592658104 | N16: 2137614271 | O16: 466203606 | P16: 634766121 | Q16: 1502848150 | R16: 1849837284 | S16: 24525692 | T16: =M16/O16 -> 3.4162286 | U16: =P16/N16 -> 0.29695073 | V16: =R16/S16 -> 75.424469 | W16: =R16/Q16 -> 1.2308877 | X16: =R16/N16 -> 0.86537469
A17: 105 | B17: Plenas-Individuales | C17: Estado de situación financiera, corriente/no corriente | D17: 800029447 | E17: 2024-12-31 | F17: GE ENERGY COLOMBIA S.A. | G17: 900098586-1 | H17: 01. SOCIEDAD ANÓNIMA | I17: CALLE 100 # 19-54 Oficina 303 | J17: BOGOTA D.C. | K17: BOGOTA D.C. | L17: Periodo Actual | M17: 74455241 | N17: 76661386 | O17: 61306635 | P17: 111494801 | Q17: -34833415 | R17: -19380706 | S17: 2920169 | T17: =M17/O17 -> 1.2144728 | U17: =P17/N17 -> 1.4543802 | V17: =R17/S17 -> -6.636844 | W17: =R17/Q17 -> 0.5563826 | X17: =R17/N17 -> -0.25280923
A18: 155 | B18: Plenas-Individuales | C18: Estado de situación financiera, corriente/no corriente | D18: 800051319 | E18: 2024-12-31 | F18: ENERGIA Y POTENCIA S.A.S | G18: G4659 - Comercio al por mayor de otros tipos de maquinaria y equipo n.c.p. | H18: 08. SOCIEDAD POR ACCIONES SIMPLIFICADA SAS | I18: CR 45A NO 66A 100 | J18: ANTIOQUIA | K18: ITAGUI-ANTIOQUIA | L18: Periodo Actual | M18: 38103064 | N18: 57894848 | O18: 11608524 | P18: 23290496 | Q18: 34604352 | R18: 336028 | S18: 1153434 | T18: =M18/O18 -> 3.2823349 | U18: =P18/N18 -> 0.40228961 | V18: =R18/S18 -> 0.29132833 | W18: =R18/Q18 -> 0.0097105705 | X18: =R18/N18 -> 0.0058041089
A19: 173 | B19: Plenas-Individuales | C19: Estado de situación financiera, corriente/no corriente | D19: 800061357 | E19: 2024-12-31 | F19: IMPLANTES Y SISTEMAS ORTOPEDICOS SA | G19: G4659 - Comercio al por mayor de otros tipos de maquinaria y equipo n.c.p. | H19: 01. SOCIEDAD ANÓNIMA | I19: AV Calle 116 70D 53 | J19: BOGOTA D.C. | K19: BOGOTA D.C. | L19: Periodo Actual | M19: 77593348 | N19: 99393091 | O19: 27595938 | P19: 31289839 | Q19: 68103252 | R19: -888406 | T19: =M19/O19 -> 2.811767 | U19: =P19/N19 -> 0.31480899 | W19: =R19/Q19 -> -0.013044986 | X19: =R19/N19 -> -0.0089383074
A20: 201 | B20: Plenas-Individuales | C20: Estado de situación financiera, corriente/no corriente | D20: 800077635 | E20: 2024-12-31 | F20: LM INSTRUMENTS SA | G20: G4659 - Comercio al por mayor de otros tipos de maquinaria y equipo n.c.p. | H20: 01. SOCIEDAD ANÓNIMA | I20: CRA 68D 25B 86 OF 518 | J20: BOGOTA D.C. | K20: BOGOTA D.C. | L20: Periodo Actual | M20: 68188942 | N20: 80270712 | O20: 25821103 | P20: 26327384 | Q20: 53943328 | R20: 15061965 | T20: =M20/O20 -> 2.6408222 | U20: =P20/N20 -> 0.32798244 | W20: =R20/Q20 -> 0.27921831 | X20: =R20/N20 -> 0.18763961
A21: 269 | B21: Plenas-Individuales | C21: Estado de situación financiera, corriente/no corriente | D21: 800105706 | E21: 2024-12-31 | F21: UPSISTEMAS SAS | G21: G4659 - Comercio al por mayor de otros tipos de maquinaria y equipo n.c.p. | H21: 08. SOCIEDAD POR ACCIONES SIMPLIFICADA SAS | I21: AV CL24 No 95 12 BDG 53 | J21: BOGOTA D.C. | K21: BOGOTA D.C. | L21: Periodo Actual | M21: 90143741 | N21: 100373295 | O21: 64234958 | P21: 78295373 | Q21: 22077922 | R21: 17080262 | T21: =M21/O21 -> 1.403344 | U21: =P21/N21 -> 0.78004187 | W21: =R21/Q21 -> 0.7736354 | X21: =R21/N21 -> 0.17016739
A22: 361 | B22: Plenas-Individuales | C22: Estado de situación financiera, corriente/no corriente | D22: 800139348 | E22: 2024-12-31 | F22: .KRONES ANDINA SAS | G22: C3312 - Mantenimiento y reparación especializado de maquinaria y equipo | H22: 08. SOCIEDAD POR ACCIONES SIMPLIFICADA SAS | I22: AV CL 80 69 70 LC 30 | J22: BOGOTA D.C. | K22: BOGOTA D.C. | L22: Periodo Actual | M22: 54690613 | N22: 58555123 | O22: 25720664 | P22: 25811563 | Q22: 32743560 | R22: 18225824 | S22: 1766641 | T22: =M22/O22 -> 2.1263297 | U22: =P22/N22 -> 0.44080794 | V22: =R22/S22 -> 10.316654 | W22: =R22/Q22 -> 0.55662316 | X22: =R22/N22 -> 0.31125926
A23: 511 | B23: Plenas-Individuales | C23: Estado de situación financiera, corriente/no corriente | D23: 800200493 | E23: 2024-12-31 | F23: WARTSILA COLOMBIA S.A. | G23: C3312 - Mantenimiento y reparación especializado de maquinaria y equipo | H23: 01. SOCIEDAD ANÓNIMA | I23: Carrera 7 71 21 Oficina 407-2Torre B | J23: BOGOTA D.C. | K23: BOGOTA D.C. | L23: Periodo Actual | M23: 25563848 | N23: 31259961 | O23: 11659552 | P23: 19012984 | Q23: 12246977 | R23: 2971082 | T23: =M23/O23 -> 2.192524 | U23: =P23/N23 -> 0.60822162 | W23: =R23/Q23 -> 0.24259717 | X23: =R23/N23 -> 0.095044328
A24: 663 | B24: Plenas-Individuales | C24: Estado de situación financiera, corriente/no corriente | D24: 800249678 | E24: 2024-12-31 | F24: JUNGHEINRICH COLOMBIA SAS | G24: G4659 - Comercio al por mayor de otros tipos de maquinaria y equipo n.c.p. | H24: 08. SOCIEDAD POR ACCIONES SIMPLIFICADA SAS | I24: CLL 2 18 93 VIA MOSQUERA PARQUE IND SAN JORGE BG 57 58 | J24: CUNDINAMARCA | K24: MOSQUERA-CUNDINAMARCA | L24: Periodo Actual | M24: 43894593 | N24: 105105108 | O24: 38764010 | P24: 85283740 | Q24: 19821368 | R24: 15361211 | T24: =M24/O24 -> 1.1323543 | U24: =P24/N24 -> 0.81141385 | W24: =R24/Q24 -> 0.77498238 | X24: =R24/N24 -> 0.14615095
A25: 723 | B25: Plenas-Individuales | C25: Estado de situación financiera, corriente/no corriente | D25: 802010521 | E25: 2024-12-31 | F25: ARNEG ANDINA LTDA | G25: G4659 - Comercio al por mayor de otros tipos de maquinaria y equipo n.c.p. | H25: 03. SOCIEDAD LIMITADA | I25: CL 30 11 10 | J25: ATLANTICO | K25: SOLEDAD-ATLANTICO | L25: Periodo Actual | M25: 12568655 | N25: 24131611 | O25: 9287398 | P25: 15524451 | Q25: 8607160 | R25: 683231 | S25: 1947844 | T25: =M25/O25 -> 1.3533021 | U25: =P25/N25 -> 0.64332427 | V25: =R25/S25 -> 0.35076269 | W25: =R25/Q25 -> 0.079379377 | X25: =R25/N25 -> 0.028312697
A26: 919 | B26: Plenas-Individuales | C26: Estado de situación financiera, corriente/no corriente | D26: 811001646 | E26: 2024-12-31 | F26: Nordson Andina Ltda | G26: G4659 - Comercio al por mayor de otros tipos de maquinaria y equipo n.c.p. | H26: 03. SOCIEDAD LIMITADA | I26: CRA 50 Nro. 79Sur-101 BD 38 | J26: ANTIOQUIA | K26: LA-ESTRELLA-ANTIOQUIA | L26: Periodo Actual | M26: 11899481 | N26: 13434180 | O26: 2242987 | P26: 2974660 | Q26: 10459520 | R26: 5889619 | S26: 2582603 | T26: =M26/O26 -> 5.3051939 | U26: =P26/N26 -> 0.22142475 | V26: =R26/S26 -> 2.2804972 | W26: =R26/Q26 -> 0.56308693 | X26: =R26/N26 -> 0.43840554
A27: 979 | B27: Plenas-Individuales | C27: Estado de situación financiera, corriente/no corriente | D27: 811021765 | E27: 2024-12-31 | F27: ST JUDE MEDICAL COLOMBIA LTDA | G27: G4659 - Comercio al por mayor de otros tipos de maquinaria y equipo n.c.p. | H27: 03. SOCIEDAD LIMITADA | I27: Cra 25A 1 31 int 1801 Ed parque empresarial | J27: ANTIOQUIA | K27: MEDELLIN-ANTIOQUIA | L27: Periodo Actual | M27: 122981128 | N27: 144497245 | O27: 57836155 | P27: 59756224 | Q27: 84741021 | R27: 6854248 | S27: 975595 | T27: =M27/O27 -> 2.1263711 | U27: =P27/N27 -> 0.41354577 | V27: =R27/S27 -> 7.0257105 | W27: =R27/Q27 -> 0.080884652 | X27: =R27/N27 -> 0.047435147
A28: 1199 | B28: Plenas-Individuales | C28: Estado de situación financiera, corriente/no corriente | D28: 830002560 | E28: 2024-12-31 | F28: FMC TECHNOLOGIES INC | G28: G4659 - Comercio al por mayor de otros tipos de maquinaria y equipo n.c.p. | H28: 02. SUCURSAL EXTRANJERA | I28: CR 7 114 33 OF 703 ED SCOTIABANK PH | J28: BOGOTA D.C. | K28: BOGOTA D.C. | L28: Periodo Actual | M28: 43511138 | N28: 54746225 | O28: 8699204 | P28: 11817999 | Q28: 42928226 | R28: 8964141 | S28: 1486590 | T28: =M28/O28 -> 5.0017379 | U28: =P28/N28 -> 0.21586875 | V28: =R28/S28 -> 6.0300022 | W28: =R28/Q28 -> 0.20881694 | X28: =R28/N28 -> 0.16373989
A29: 1313 | B29: Plenas-Individuales | C29: Estado de situación financiera, corriente/no corriente | D29: 830025149 | E29: 2024-12-31 | F29: MEDTRONIC COLOMBIA S.A | G29: G4659 - Comercio al por mayor de otros tipos de maquinaria y equipo n.c.p. | H29: 01. SOCIEDAD ANÓNIMA | I29: AVENIDA CALLE 116 NO. 7 - 15 PISO 11 OF 1101 | J29: BOGOTA D.C. | K29: BOGOTA D.C. | L29: Periodo Actual | M29: 558144231 | N29: 618935642 | O29: 199026896 | P29: 204574632 | Q29: 414361010 | R29: 20957514 | T29: =M29/O29 -> 2.8043659 | U29: =P29/N29 -> 0.3305265 | W29: =R29/Q29 -> 0.05057791 | X29: =R29/N29 -> 0.033860571
A30: 1349 | B30: Plenas-Individuales | C30: Estado de situación financiera, corriente/no corriente | D30: 830036006 | E30: 2024-12-31 | F30: MAYEKAWA COLOMBIA SAS | G30: G4659 - Comercio al por mayor de otros tipos de maquinaria y equipo n.c.p. | H30: 08. SOCIEDAD POR ACCIONES SIMPLIFICADA SAS | I30: TV 93 53 48 INTERIOR 37 PARQUE INDUSTRIAL EL DORADO | J30: BOGOTA D.C. | K30: BOGOTA D.C. | L30: Periodo Actual | M30: 88995293 | N30: 99737366 | O30: 39965660 | P30: 44126137 | Q30: 55611229 | R30: 14788346 | S30: 7776469 | T30: =M30/O30 -> 2.226794 | U30: =P30/N30 -> 0.44242332 | V30: =R30/S30 -> 1.9016788 | W30: =R30/Q30 -> 0.26592374 | X30: =R30/N30 -> 0.14827287
A31: 1391 | B31: Plenas-Individuales | C31: Estado de situación financiera, corriente/no corriente | D31: 830041688 | E31: 2024-12-31 | F31: COMMSCOPE CONNECTIVITY COLOMBIA SAS | G31: G4659 - Comercio al por mayor de otros tipos de maquinaria y equipo n.c.p. | H31: 08. SOCIEDAD POR ACCIONES SIMPLIFICADA SAS | I31: AK 9 113 52 OF 1606 ED TORRES UNIDAS DOS | J31: BOGOTA D.C. | K31: BOGOTA D.C. | L31: Periodo Actual | M31: 12786948 | N31: 14662001 | O31: 14734084 | P31: 15296867 | Q31: -634866 | R31: 2346382 | S31: 1512741 | T31: =M31/O31 -> 0.86784818 | U31: =P31/N31 -> 1.0433001 | V31: =R31/S31 -> 1.5510798 | W31: =R31/Q31 -> -3.6958697 | X31: =R31/N31 -> 0.1600315
A32: 1413 | B32: Plenas-Individuales | C32: Estado de situación financiera, corriente/no corriente | D32: 830046068 | E32: 2024-12-31 | F32: GE ENERGIAS RENOVAVEIS LTDA SUCURSAL COLOMBIA | G32: C3312 - Mantenimiento y reparación especializado de maquinaria y equipo | H32: 02. SUCURSAL EXTRANJERA | I32: CALLE 100 NO 19-54 OF 303 | J32: BOGOTA D.C. | K32: BOGOTA D.C. | L32: Periodo Actual | M32: 30582133 | N32: 58709908 | O32: 28346979 | P32: 33720243 | Q32: 24989665 | R32: 4394446 | T32: =M32/O32 -> 1.0788498 | U32: =P32/N32 -> 0.57435353 | W32: =R32/Q32 -> 0.17585054 | X32: =R32/N32 -> 0.07485016
A33: 1487 | B33: Plenas-Individuales | C33: Estado de situación financiera, corriente/no corriente | D33: 830060331 | E33: 2024-12-31 | F33: Komatsu Colombia SAS | G33: G4659 - Comercio al por mayor de otros tipos de maquinaria y equipo n.c.p. | H33: 08. SOCIEDAD POR ACCIONES SIMPLIFICADA SAS | I33: Autopista Norte KM 21 Via chia | J33: CUNDINAMARCA | K33: CHIA-CUNDINAMARCA | L33: Periodo Actual | M33: 383180781 | N33: 524928584 | O33: 347268080 | P33: 385140335 | Q33: 139788249 | R33: 47932548 | S33: 1211701 | T33: =M33/O33 -> 1.1034149 | U33: =P33/N33 -> 0.73370044 | V33: =R33/S33 -> 39.558066 | W33: =R33/Q33 -> 0.34289397 | X33: =R33/N33 -> 0.091312513
A34: 1515 | B34: Plenas-Individuales | C34: Estado de situación financiera, corriente/no corriente | D34: 830067414 | E34: 2024-12-31 | F34: KAESER COMPRESORES DE COLOMBIA SAS | G34: G4659 - Comercio al por mayor de otros tipos de maquinaria y equipo n.c.p. | H34: 08. SOCIEDAD POR ACCIONES SIMPLIFICADA SAS | I34: AUTOPISTA MEDELLIN KM 6.3 COSTADO SUR VDA LA PUNTA | J34: CUNDINAMARCA | K34: TENJO-CUNDINAMARCA | L34: Periodo Actual | M34: 92848627 | N34: 175586677 | O34: 38281997 | P34: 80993785 | Q34: 94592892 | R34: 26418945 | S34: 3438197 | T34: =M34/O34 -> 2.4253862 | U34: =P34/N34 -> 0.46127523 | V34: =R34/S34 -> 7.6839532 | W34: =R34/Q34 -> 0.27929102 | X34: =R34/N34 -> 0.15046099
A35: 1523 | B35: Plenas-Individuales | C35: Estado de situación financiera, corriente/no corriente | D35: 830070192 | E35: 2024-12-31 | F35: UCIPHARMA S.A. | G35: G4659 - Comercio al por mayor de otros tipos de maquinaria y equipo n.c.p. | H35: 01. SOCIEDAD ANÓNIMA | I35: CARRERA 7 No 99 - 53 TORRE 2 PISO 19 - 20 | J35: BOGOTA D.C. | K35: BOGOTA D.C. | L35: Periodo Actual | M35: 32538252 | N35: 47357948 | O35: 24199426 | P35: 24290562 | Q35: 23067386 | R35: 12492803 | S35: 717889 | T35: =M35/O35 -> 1.3445878 | U35: =P35/N35 -> 0.51291416 | V35: =R35/S35 -> 17.402137 | W35: =R35/Q35 -> 0.54157862 | X35: =R35/N35 -> 0.26379528
A36: 1585 | B36: Plenas-Individuales | C36: Estado de situación financiera, corriente/no corriente | D36: 830083714 | E36: 2024-12-31 | F36: NOVOMATIC GAMING COLOMBIA SAS | G36: G4659 - Comercio al por mayor de otros tipos de maquinaria y equipo n.c.p. | H36: 08. SOCIEDAD POR ACCIONES SIMPLIFICADA SAS | I36: AUTONORTE 122 N 45 | J36: BOGOTA D.C. | K36: BOGOTA D.C. | L36: Periodo Actual | M36: 104316919 | N36: 113066931 | O36: 91312808 | P36: 95452129 | Q36: 17614802 | R36: -15524429 | T36: =M36/O36 -> 1.1424128 | U36: =P36/N36 -> 0.84420907 | W36: =R36/Q36 -> -0.88132861 | X36: =R36/N36 -> -0.137303
A37: 1623 | B37: Plenas-Individuales | C37: Estado de situación financiera, corriente/no corriente | D37: 830091939 | E37: 2024-12-31 | F37: NOVAFRIOS SAS | G37: C3319 - Mantenimiento y reparación de otros tipos de equipos y sus componentes n.c.p. | H37: 08. SOCIEDAD POR ACCIONES SIMPLIFICADA SAS | I37: CRA 63 14 75 | J37: BOGOTA D.C. | K37: BOGOTA D.C. | L37: Periodo Actual | M37: 25363233 | N37: 36628125 | O37: 11989761 | P37: 13771430 | Q37: 22856695 | R37: 9512016 | T37: =M37/O37 -> 2.1154077 | U37: =P37/N37 -> 0.37597966 | W37: =R37/Q37 -> 0.41615885 | X37: =R37/N37 -> 0.25969159
A38: 1625 | B38: Plenas-Individuales | C38: Estado de situación financiera, corriente/no corriente | D38: 830092234 | E38: 2024-12-31 | F38: ANDRITZ HYDRO LTDA | G38: G4659 - Comercio al por mayor de otros tipos de maquinaria y equipo n.c.p. | H38: 03. SOCIEDAD LIMITADA | I38: CR 67 100 20OF 801 | J38: BOGOTA D.C. | K38: BOGOTA D.C. | L38: Periodo Actual | M38: 25290724 | N38: 27775616 | O38: 20039401 | P38: 21604522 | Q38: 6171094 | R38: 818507 | S38: 788459 | T38: =M38/O38 -> 1.2620499 | U38: =P38/N38 -> 0.77782333 | V38: =R38/S38 -> 1.0381098 | W38: =R38/Q38 -> 0.13263564 | X38: =R38/N38 -> 0.029468545
A39: 1631 | B39: Plenas-Individuales | C39: Estado de situación financiera, corriente/no corriente | D39: 830093986 | E39: 2024-12-31 | F39: JOHN CRANE COLOMBIA SA | G39: G4659 - Comercio al por mayor de otros tipos de maquinaria y equipo n.c.p. | H39: 01. SOCIEDAD ANÓNIMA | I39: CL 46 A 82 54 INT 14 | J39: BOGOTA D.C. | K39: BOGOTA D.C. | L39: Periodo Actual | M39: 27991460 | N39: 31594974 | O39: 14601221 | P39: 15197289 | Q39: 16397685 | R39: 24031679 | S39: 526272 | T39: =M39/O39 -> 1.917063 | U39: =P39/N39 -> 0.48100337 | V39: =R39/S39 -> 45.663989 | W39: =R39/Q39 -> 1.4655532 | X39: =R39/N39 -> 0.76061715
A40: 1715 | B40: Plenas-Individuales | C40: Estado de situación financiera, corriente/no corriente | D40: 830117139 | E40: 2024-12-31 | F40: NIPRO MEDICAL CORPORATION | G40: G4659 - Comercio al por mayor de otros tipos de maquinaria y equipo n.c.p. | H40: 02. SUCURSAL EXTRANJERA | I40: AV CLL 26 N 59-41 OF 710 | J40: BOGOTA D.C. | K40: BOGOTA D.C. | L40: Periodo Actual | M40: 49949968 | N40: 67026624 | O40: 7048088 | P40: 7934618 | Q40: 59092006 | R40: 2103961 | T40: =M40/O40 -> 7.0870239 | U40: =P40/N40 -> 0.11838009 | W40: =R40/Q40 -> 0.035604833 | X40: =R40/N40 -> 0.031389929
A41: 1753 | B41: Plenas-Individuales | C41: Estado de situación financiera, corriente/no corriente | D41: 830128434 | E41: 2024-12-31 | F41: WEG COLOMBIA S.A.S. | G41: G4659 - Comercio al por mayor de otros tipos de maquinaria y equipo n.c.p. | H41: 08. SOCIEDAD POR ACCIONES SIMPLIFICADA SAS | I41: KM 2 VIA SIBERIA - COTA | J41: CUNDINAMARCA | K41: COTA-CUNDINAMARCA | L41: Periodo Actual | M41: 346936867 | N41: 452705626 | O41: 274129003 | P41: 274214684 | Q41: 178490942 | R41: 48876966 | S41: 69777122 | T41: =M41/O41 -> 1.2655971 | U41: =P41/N41 -> 0.60572405 | V41: =R41/S41 -> 0.70047266 | W41: =R41/Q41 -> 0.27383443 | X41: =R41/N41 -> 0.10796633
A42: 1833 | B42: Plenas-Individuales | C42: Estado de situación financiera, corriente/no corriente | D42: 830511110 | E42: 2024-12-31 | F42: SKF Latin Trade SAS | G42: G4659 - Comercio al por mayor de otros tipos de maquinaria y equipo n.c.p. | H42: 08. SOCIEDAD POR ACCIONES SIMPLIFICADA SAS | I42: Calle 100 19 54 Ofc 501 | J42: BOGOTA D.C. | K42: BOGOTA D.C. | L42: Periodo Actual | M42: 189533924 | N42: 201177579 | O42: 121271990 | P42: 130237214 | Q42: 70940365 | R42: 25132000 | T42: =M42/O42 -> 1.5628829 | U42: =P42/N42 -> 0.6473744 | W42: =R42/Q42 -> 0.35426939 | X42: =R42/N42 -> 0.12492446
A43: 1909 | B43: Plenas-Individuales | C43: Estado de situación financiera, corriente/no corriente | D43: 860001911 | E43: 2024-12-31 | F43: KAIKA SAS | G43: G4659 - Comercio al por mayor de otros tipos de maquinaria y equipo n.c.p. | H43: 08. SOCIEDAD POR ACCIONES SIMPLIFICADA SAS | I43: KR 7 69 53 | J43: BOGOTA D.C. | K43: BOGOTA D.C. | L43: Periodo Actual | M43: 31127959 | N43: 34737221 | O43: 17701889 | P43: 17978713 | Q43: 16758508 | R43: 6054136 | S43: 1083461 | T43: =M43/O43 -> 1.7584541 | U43: =P43/N43 -> 0.51756337 | V43: =R43/S43 -> 5.5877747 | W43: =R43/Q43 -> 0.36125746 | X43: =R43/N43 -> 0.17428383
A44: 1949 | B44: Plenas-Individuales | C44: Estado de situación financiera, corriente/no corriente | D44: 860002576 | E44: 2024-12-31 | F44: GENERAL DE EQUIPOS DE COLOMBIA S.A. | G44: G4659 - Comercio al por mayor de otros tipos de maquinaria y equipo n.c.p. | H44: 01. SOCIEDAD ANÓNIMA | I44: Av Americas 42A 21 | J44: BOGOTA D.C. | K44: BOGOTA D.C. | L44: Periodo Actual | M44: 620173382 | N44: 728894335 | O44: 441941155 | P44: 463176872 | Q44: 265717463 | R44: 4477766 | S44: 6436639 | T44: =M44/O44 -> 1.403294 | U44: =P44/N44 -> 0.63545133 | V44: =R44/S44 -> 0.69566834 | W44: =R44/Q44 -> 0.016851606 | X44: =R44/N44 -> 0.0061432306
A45: 1957 | B45: Plenas-Individuales | C45: Estado de situación financiera, corriente/no corriente | D45: 860003437 | E45: 2024-12-31 | F45: CENTRAL SAS | G45: G4659 - Comercio al por mayor de otros tipos de maquinaria y equipo n.c.p. | H45: 08. SOCIEDAD POR ACCIONES SIMPLIFICADA SAS | I45: AV AMERICAS 36 11 | J45: BOGOTA D.C. | K45: BOGOTA D.C. | L45: Periodo Actual | M45: 18511641 | N45: 30112856 | O45: 1006304 | P45: 2598309 | Q45: 27514547 | R45: 2691141 | T45: =M45/O45 -> 18.395675 | U45: =P45/N45 -> 0.086285705 | W45: =R45/Q45 -> 0.097807934 | X45: =R45/N45 -> 0.089368508
A46: 2063 | B46: Plenas-Individuales | C46: Estado de situación financiera, corriente/no corriente | D46: 860026442 | E46: 2024-12-31 | F46: B Braun Medical S.A. | G46: G4659 - Comercio al por mayor de otros tipos de maquinaria y equipo n.c.p. | H46: 01. SOCIEDAD ANÓNIMA | I46: Carrera 19 100-45 | J46: BOGOTA D.C. | K46: BOGOTA D.C. | L46: Periodo Actual | M46: 114716913 | N46: 161803219 | O46: 50951668 | P46: 51255086 | Q46: 110548133 | R46: 22812193 | S46: 55637 | T46: =M46/O46 -> 2.2514849 | U46: =P46/N46 -> 0.3167742 | V46: =R46/S46 -> 410.01839 | W46: =R46/Q46 -> 0.2063553 | X46: =R46/N46 -> 0.14098726
A47: 2073 | B47: Plenas-Individuales | C47: Estado de situación financiera, corriente/no corriente | D47: 860028581 | E47: 2024-12-31 | F47: DELCOP COLOMBIA SAS | G47: G4659 - Comercio al por mayor de otros tipos de maquinaria y equipo n.c.p. | H47: 08. SOCIEDAD POR ACCIONES SIMPLIFICADA SAS | I47: cl 68 a 92 39 | J47: BOGOTA D.C. | K47: BOGOTA D.C. | L47: Periodo Actual | M47: 10234745 | N47: 52509885 | O47: 3462243 | P47: 11212223 | Q47: 41297662 | R47: 2003130 | T47: =M47/O47 -> 2.9561024 | U47: =P47/N47 -> 0.21352595 | W47: =R47/Q47 -> 0.048504683 | X47: =R47/N47 -> 0.038147674
A48: 2153 | B48: Plenas-Individuales | C48: Estado de situación financiera, corriente/no corriente | D48: 860044349 | E48: 2024-12-31 | F48: G. BARCO S.A. | G48: G4659 - Comercio al por mayor de otros tipos de maquinaria y equipo n.c.p. | H48: 01. SOCIEDAD ANÓNIMA | I48: CL 99 # 14 - 76 LC 201 | J48: BOGOTA D.C. | K48: BOGOTA D.C. | L48: Periodo Actual | M48: 86512039 | N48: 101459809 | O48: 35018701 | P48: 37202033 | Q48: 64257776 | R48: 20440661 | S48: 989983 | T48: =M48/O48 -> 2.4704525 | U48: =P48/N48 -> 0.36666768 | V48: =R48/S48 -> 20.647487 | W48: =R48/Q48 -> 0.31810408 | X48: =R48/N48 -> 0.2014656
A49: 2223 | B49: Plenas-Individuales | C49: Estado de situación financiera, corriente/no corriente | D49: 860064038 | E49: 2024-12-31 | F49: HELICENTRO SAS | G49: G4659 - Comercio al por mayor de otros tipos de maquinaria y equipo n.c.p. | H49: 08. SOCIEDAD POR ACCIONES SIMPLIFICADA SAS | I49: KM 2 AUT MEDELLÍN | J49: CUNDINAMARCA | K49: COTA-CUNDINAMARCA | L49: Periodo Actual | M49: 118725068 | N49: 171113998 | O49: 102809501 | P49: 120630911 | Q49: 50483087 | R49: 17314995 | S49: 0 | T49: =M49/O49 -> 1.1548064 | U49: =P49/N49 -> 0.70497395 | W49: =R49/Q49 -> 0.34298606 | X49: =R49/N49 -> 0.10118982
A50: 2247 | B50: Plenas-Individuales | C50: Estado de situación financiera, corriente/no corriente | D50: 860070078 | E50: 2024-12-31 | F50: IMCOLMEDICA SA | G50: G4659 - Comercio al por mayor de otros tipos de maquinaria y equipo n.c.p. | H50: 01. SOCIEDAD ANÓNIMA | I50: CL 36 15 42 | J50: BOGOTA D.C. | K50: BOGOTA D.C. | L50: Periodo Actual | M50: 49013850 | N50: 75123716 | O50: 16500158 | P50: 31949342 | Q50: 43174374 | R50: 2708552 | S50: 306458 | T50: =M50/O50 -> 2.9705079 | U50: =P50/N50 -> 0.42528969 | V50: =R50/S50 -> 8.8382486 | W50: =R50/Q50 -> 0.062735177 | X50: =R50/N50 -> 0.036054553
A51: 2251 | B51: Plenas-Individuales | C51: Estado de situación financiera, corriente/no corriente | D51: 860070698 | E51: 2024-12-31 | F51: BLACK & DECKER DE COLOMBIA SAS | G51: G4659 - Comercio al por mayor de otros tipos de maquinaria y equipo n.c.p. | H51: 08. SOCIEDAD POR ACCIONES SIMPLIFICADA SAS | I51: CR 72 80 94 OF 902 TO EMPRESARIAL TITAN PLAZA | J51: BOGOTA D.C. | K51: BOGOTA D.C. | L51: Periodo Actual | M51: 106624682 | N51: 151746086 | O51: 68914356 | P51: 71356991 | Q51: 80389095 | R51: 35862586 | S51: 78274777 | T51: =M51/O51 -> 1.5472057 | U51: =P51/N51 -> 0.47023942 | V51: =R51/S51 -> 0.45816274 | W51: =R51/Q51 -> 0.44611257 | X51: =R51/N51 -> 0.23633286
A52: 2259 | B52: Plenas-Individuales | C52: Estado de situación financiera, corriente/no corriente | D52: 860072122 | E52: 2024-12-31 | F52: G & G SUCEOSRES S.A.S. | G52: G4659 - Comercio al por mayor de otros tipos de maquinaria y equipo n.c.p. | H52: 08. SOCIEDAD POR ACCIONES SIMPLIFICADA SAS | I52: CR 16 88 81 OF 804 A | J52: BOGOTA D.C. | K52: BOGOTA D.C. | L52: Periodo Actual | M52: 3354358 | N52: 3437608 | O52: 980403 | P52: 1303651 | Q52: 2133957 | R52: 253588 | T52: =M52/O52 -> 3.4214073 | U52: =P52/N52 -> 0.37923201 | W52: =R52/Q52 -> 0.11883463 | X52: =R52/N52 -> 0.073768737
A53: 2323 | B53: Plenas-Individuales | C53: Estado de situación financiera, corriente/no corriente | D53: 860450450 | E53: 2024-12-31 | F53: NICOMAR ELECTRONICS S.A.S | G53: G4659 - Comercio al por mayor de otros tipos de maquinaria y equipo n.c.p. | H53: 08. SOCIEDAD POR ACCIONES SIMPLIFICADA SAS | I53: CARRERA 62 14 65 | J53: BOGOTA D.C. | K53: BOGOTA D.C. | L53: Periodo Actual | M53: 62389976 | N53: 70701385 | O53: 18130555 | P53: 18130555 | Q53: 52570830 | R53: 14141660 | S53: 3158427 | T53: =M53/O53 -> 3.4411509 | U53: =P53/N53 -> 0.25643847 | V53: =R53/S53 -> 4.4774377 | W53: =R53/Q53 -> 0.26900203 | X53: =R53/N53 -> 0.20001956
A54: 2333 | B54: Plenas-Individuales | C54: Estado de situación financiera, corriente/no corriente | D54: 860503565 | E54: 2024-12-31 | F54: LA INSTRUMENTADORA SAS | G54: G4659 - Comercio al por mayor de otros tipos de maquinaria y equipo n.c.p. | H54: 08. SOCIEDAD POR ACCIONES SIMPLIFICADA SAS | I54: CL 87 No. 20 - 32 | J54: BOGOTA D.C. | K54: BOGOTA D.C. | L54: Periodo Actual | M54: 28598812 | N54: 35845152 | O54: 10083659 | P54: 17452032 | Q54: 18393120 | R54: 4066019 | T54: =M54/O54 -> 2.8361542 | U54: =P54/N54 -> 0.48687287 | W54: =R54/Q54 -> 0.22106195 | X54: =R54/N54 -> 0.11343288
A55: 2343 | B55: Plenas-Individuales | C55: Estado de situación financiera, corriente/no corriente | D55: 860506831 | E55: 2024-12-31 | F55: BIOTRONITECH COLOMBIA SAS | G55: G4659 - Comercio al por mayor de otros tipos de maquinaria y equipo n.c.p. | H55: 08. SOCIEDAD POR ACCIONES SIMPLIFICADA SAS | I55: CALLE 123 7 50 | J55: BOGOTA D.C. | K55: BOGOTA D.C. | L55: Periodo Actual | M55: 60290651 | N55: 67460451 | O55: 31545358 | P55: 40132487 | Q55: 27327964 | R55: 13127719 | S55: 263536 | T55: =M55/O55 -> 1.9112369 | U55: =P55/N55 -> 0.59490392 | V55: =R55/S55 -> 49.81376 | W55: =R55/Q55 -> 0.48037677 | X55: =R55/N55 -> 0.19459874
A56: 2363 | B56: Plenas-Individuales | C56: Estado de situación financiera, corriente/no corriente | D56: 860510826 | E56: 2024-12-31 | F56: Industrial Taylor SAS | G56: G4659 - Comercio al por mayor de otros tipos de maquinaria y equipo n.c.p. | H56: 08. SOCIEDAD POR ACCIONES SIMPLIFICADA SAS | I56: TRV 93 51 98 Ed 3 | J56: BOGOTA D.C. | K56: BOGOTA D.C. | L56: Periodo Actual | M56: 55714657 | N56: 56551135 | O56: 17881566 | P56: 17881566 | Q56: 38669569 | R56: 2894092 | S56: 352873 | T56: =M56/O56 -> 3.1157594 | U56: =P56/N56 -> 0.31620172 | V56: =R56/S56 -> 8.2015116 | W56: =R56/Q56 -> 0.074841589 | X56: =R56/N56 -> 0.05117655
A57: 2371 | B57: Plenas-Individuales | C57: Estado de situación financiera, corriente/no corriente | D57: 860511571 | E57: 2024-12-31 | F57: ELECTRICAS BOGOTA LTDA | G57: G4659 - Comercio al por mayor de otros tipos de maquinaria y equipo n.c.p. | H57: 03. SOCIEDAD LIMITADA | I57: CL 16 No. 12 54 / 56 | J57: BOGOTA D.C. | K57: BOGOTA D.C. | L57: Periodo Actual | M57: 61619479 | N57: 84574004 | O57: 3087267 | P57: 7689766 | Q57: 76884238 | R57: 12224443 | S57: 428926 | T57: =M57/O57 -> 19.959232 | U57: =P57/N57 -> 0.090923518 | V57: =R57/S57 -> 28.500121 | W57: =R57/Q57 -> 0.15899804 | X57: =R57/N57 -> 0.14454138
A58: 2437 | B58: Plenas-Individuales | C58: Estado de situación financiera, corriente/no corriente | D58: 860534244 | E58: 2024-12-31 | F58: ATLAS COPCO COLOMBIA LTDA | G58: G4659 - Comercio al por mayor de otros tipos de maquinaria y equipo n.c.p. | H58: 03. SOCIEDAD LIMITADA | I58: CARRERA 85D 46A 65 BG17 | J58: BOGOTA D.C. | K58: BOGOTA D.C. | L58: Periodo Actual | M58: 46571313 | N58: 61486442 | O58: 18209849 | P58: 23259966 | Q58: 38226476 | R58: 5869748 | T58: =M58/O58 -> 2.5574794 | U58: =P58/N58 -> 0.37829423 | W58: =R58/Q58 -> 0.1535519 | X58: =R58/N58 -> 0.095464102
A59: 2497 | B59: Plenas-Individuales | C59: Estado de situación financiera, corriente/no corriente | D59: 890116102 | E59: 2024-12-31 | F59: SERVIPARAMO SAS | G59: C3312 - Mantenimiento y reparación especializado de maquinaria y equipo | H59: 08. SOCIEDAD POR ACCIONES SIMPLIFICADA SAS | I59: VIA 40 75 95 | J59: ATLANTICO | K59: BARRANQUILLA-ATLANTICO | L59: Periodo Actual | M59: 82951116 | N59: 90160569 | O59: 34895942 | P59: 52858153 | Q59: 37302416 | R59: 6520889 | S59: 1003748 | T59: =M59/O59 -> 2.3770992 | U59: =P59/N59 -> 0.58626685 | V59: =R59/S59 -> 6.49654 | W59: =R59/Q59 -> 0.17481144 | X59: =R59/N59 -> 0.072325287
A60: 2537 | B60: Plenas-Individuales | C60: Estado de situación financiera, corriente/no corriente | D60: 890210534 | E60: 2024-12-31 | F60: TRIENERGY S.A.S | G60: G4659 - Comercio al por mayor de otros tipos de maquinaria y equipo n.c.p. | H60: 08. SOCIEDAD POR ACCIONES SIMPLIFICADA SAS | I60: KM 7 VIA GIRON | J60: SANTANDER | K60: GIRON-SANTANDER | L60: Periodo Actual | M60: 111781633 | N60: 155698158 | O60: 50382435 | P60: 83184874 | Q60: 72513284 | R60: 28577394 | T60: =M60/O60 -> 2.2186628 | U60: =P60/N60 -> 0.53427012 | W60: =R60/Q60 -> 0.39409874 | X60: =R60/N60 -> 0.18354356
A61: 2579 | B61: Plenas-Individuales | C61: Estado de situación financiera, corriente/no corriente | D61: 890302311 | E61: 2024-12-31 | F61: TAMETCO SAS | G61: C3312 - Mantenimiento y reparación especializado de maquinaria y equipo | H61: 08. SOCIEDAD POR ACCIONES SIMPLIFICADA SAS | I61: CALLE 36 8A 97 | J61: VALLE | K61: CALI-VALLE | L61: Periodo Actual | M61: 20227298 | N61: 29835457 | O61: 1706648 | P61: 15477727 | Q61: 14357730 | R61: 114830 | S61: 184463 | T61: =M61/O61 -> 11.852062 | U61: =P61/N61 -> 0.51876956 | V61: =R61/S61 -> 0.62250966 | W61: =R61/Q61 -> 0.0079977824 | X61: =R61/N61 -> 0.0038487763
A62: 2639 | B62: Plenas-Individuales | C62: Estado de situación financiera, corriente/no corriente | D62: 890317417 | E62: 2024-12-31 | F62: GILMEDICA SAS | G62: G4659 - Comercio al por mayor de otros tipos de maquinaria y equipo n.c.p. | H62: 08. SOCIEDAD POR ACCIONES SIMPLIFICADA SAS | I62: CALLE 13 N° 32-418 | J62: VALLE | K62: YUMBO-VALLE | L62: Periodo Actual | M62: 81184179 | N62: 92932033 | O62: 17067248 | P62: 19910664 | Q62: 73021369 | R62: 10164553 | S62: 2665023 | T62: =M62/O62 -> 4.7567235 | U62: =P62/N62 -> 0.21424974 | V62: =R62/S62 -> 3.8140583 | W62: =R62/Q62 -> 0.1391997 | X62: =R62/N62 -> 0.1093762
A63: 2739 | B63: Plenas-Individuales | C63: Estado de situación financiera, corriente/no corriente | D63: 890900769 | E63: 2024-12-31 | F63: AUTOMATIZACION SA | G63: G4659 - Comercio al por mayor de otros tipos de maquinaria y equipo n.c.p. | H63: 01. SOCIEDAD ANÓNIMA | I63: CARRERA 44 57 SUR 67 | J63: ANTIOQUIA | K63: ENVIGADO-ANTIOQUIA | L63: Periodo Actual | M63: 39476379 | N63: 51008708 | O63: 20566026 | P63: 22289573 | Q63: 28719135 | R63: 12025887 | T63: =M63/O63 -> 1.9194948 | U63: =P63/N63 -> 0.43697584 | W63: =R63/Q63 -> 0.41874127 | X63: =R63/N63 -> 0.23576145
A64: 2847 | B64: Plenas-Individuales | C64: Estado de situación financiera, corriente/no corriente | D64: 890923691 | E64: 2024-12-31 | F64: RODRIGUEZ Y LONDOÑO SA | G64: G4659 - Comercio al por mayor de otros tipos de maquinaria y equipo n.c.p. | H64: 01. SOCIEDAD ANÓNIMA | I64: AV CL 80 116 B 61 | J64: BOGOTA D.C. | K64: BOGOTA D.C. | L64: Periodo Actual | M64: 82504569 | N64: 121421779 | O64: 46758090 | P64: 93361568 | Q64: 28060211 | R64: 12968034 | S64: 225740 | T64: =M64/O64 -> 1.7644983 | U64: =P64/N64 -> 0.76890298 | V64: =R64/S64 -> 57.446771 | W64: =R64/Q64 -> 0.46215027 | X64: =R64/N64 -> 0.10680155
A65: 2929 | B65: Plenas-Individuales | C65: Estado de situación financiera, corriente/no corriente | D65: 890942914 | E65: 2024-12-31 | F65: QUIRURGIL SAS | G65: G4659 - Comercio al por mayor de otros tipos de maquinaria y equipo n.c.p. | H65: 08. SOCIEDAD POR ACCIONES SIMPLIFICADA SAS | I65: CR 45 14 90 Of. 301 | J65: ANTIOQUIA | K65: MEDELLIN-ANTIOQUIA | L65: Periodo Actual | M65: 35947676 | N65: 38216060 | O65: 8379074 | P65: 13535139 | Q65: 24680921 | R65: 1009901 | S65: 180575 | T65: =M65/O65 -> 4.2901729 | U65: =P65/N65 -> 0.35417411 | V65: =R65/S65 -> 5.5926956 | W65: =R65/Q65 -> 0.040918287 | X65: =R65/N65 -> 0.026426089
A66: 3047 | B66: Plenas-Individuales | C66: Estado de situación financiera, corriente/no corriente | D66: 900042771 | E66: 2024-12-31 | F66: ROHDE & SCHWARZ COLOMBIA S.A.S. | G66: G4659 - Comercio al por mayor de otros tipos de maquinaria y equipo n.c.p. | H66: 08. SOCIEDAD POR ACCIONES SIMPLIFICADA SAS | I66: CR 17 A 119 A 80 | J66: BOGOTA D.C. | K66: BOGOTA D.C. | L66: Periodo Actual | M66: 64302281 | N66: 68323432 | O66: 52928868 | P66: 56879145 | Q66: 11444287 | R66: 3922236 | S66: 3911802 | T66: =M66/O66 -> 1.2148811 | U66: =P66/N66 -> 0.83249836 | V66: =R66/S66 -> 1.0026673 | W66: =R66/Q66 -> 0.34272437 | X66: =R66/N66 -> 0.057406894
A67: 3061 | B67: Plenas-Individuales | C67: Estado de situación financiera, corriente/no corriente | D67: 900049818 | E67: 2024-12-31 | F67: LAYHER ANDINA SAS | G67: G4659 - Comercio al por mayor de otros tipos de maquinaria y equipo n.c.p. | H67: 08. SOCIEDAD POR ACCIONES SIMPLIFICADA SAS | I67: AUT MEDELLIN PARQUE INDUSTRIAL CELTA BD 151 | J67: CUNDINAMARCA | K67: FUNZA-CUNDINAMARCA | L67: Periodo Actual | M67: 34207149 | N67: 40761491 | O67: 15500862 | P67: 15597080 | Q67: 25164411 | R67: 10550456 | S67: 106672 | T67: =M67/O67 -> 2.2067901 | U67: =P67/N67 -> 0.38264253 | V67: =R67/S67 -> 98.90558 | W67: =R67/Q67 -> 0.419261 | X67: =R67/N67 -> 0.25883391
A68: 3249 | B68: Plenas-Individuales | C68: Estado de situación financiera, corriente/no corriente | D68: 900124455 | E68: 2024-12-31 | F68: SMITH & NEPHEW COLOMBIA S.A.S | G68: G4659 - Comercio al por mayor de otros tipos de maquinaria y equipo n.c.p. | H68: 08. SOCIEDAD POR ACCIONES SIMPLIFICADA SAS | I68: CALLE 100 NO 7-33 TORRE 1 PISO 3 | J68: BOGOTA D.C. | K68: BOGOTA D.C. | L68: Periodo Actual | M68: 112157131 | N68: 154781921 | O68: 39616105 | P68: 42516097 | Q68: 112265824 | R68: 10038404 | S68: 42774 | T68: =M68/O68 -> 2.8310994 | U68: =P68/N68 -> 0.27468387 | V68: =R68/S68 -> 234.68472 | W68: =R68/Q68 -> 0.089416384 | X68: =R68/N68 -> 0.064855145
A69: 3351 | B69: Plenas-Individuales | C69: Estado de situación financiera, corriente/no corriente | D69: 900157189 | E69: 2024-12-31 | F69: PIPE SUPPLY AND SERVICES S.A.S. | G69: G4659 - Comercio al por mayor de otros tipos de maquinaria y equipo n.c.p. | H69: 08. SOCIEDAD POR ACCIONES SIMPLIFICADA SAS | I69: AK 45 103 34 OF 304 | J69: BOGOTA D.C. | K69: BOGOTA D.C. | L69: Periodo Actual | M69: 20805889 | N69: 40196731 | O69: 4966961 | P69: 21104105 | Q69: 19092626 | R69: 1554542 | S69: 2526767 | T69: =M69/O69 -> 4.1888569 | U69: =P69/N69 -> 0.52502043 | V69: =R69/S69 -> 0.61522966 | W69: =R69/Q69 -> 0.081421068 | X69: =R69/N69 -> 0.038673344
A70: 3357 | B70: Plenas-Individuales | C70: Estado de situación financiera, corriente/no corriente | D70: 900158025 | E70: 2024-12-31 | F70: GEA ANDINA SOCIEDAD POR ACCIONES SIMPLIFICADA - GEA ANDINA SAS | G70: G4659 - Comercio al por mayor de otros tipos de maquinaria y equipo n.c.p. | H70: 08. SOCIEDAD POR ACCIONES SIMPLIFICADA SAS | I70: CALLE 93 - 12 14 OFICINA 501 EDIFICIO TEMPO | J70: BOGOTA D.C. | K70: BOGOTA D.C. | L70: Periodo Actual | M70: 145009308 | N70: 155504179 | O70: 109011981 | P70: 109439244 | Q70: 46064935 | R70: 33111173 | S70: 7007168 | T70: =M70/O70 -> 1.3302144 | U70: =P70/N70 -> 0.70377044 | V70: =R70/S70 -> 4.7253288 | W70: =R70/Q70 -> 0.71879344 | X70: =R70/N70 -> 0.21292787
A71: 3441 | B71: Plenas-Individuales | C71: Estado de situación financiera, corriente/no corriente | D71: 900184924 | E71: 2024-12-31 | F71: ROBERT BOSCH LTDA | G71: G4659 - Comercio al por mayor de otros tipos de maquinaria y equipo n.c.p. | H71: 03. SOCIEDAD LIMITADA | I71: AV CR 45 108A 50 P 7 AV CR 45 108A 50 P 7 | J71: BOGOTA D.C. | K71: BOGOTA D.C. | L71: Periodo Actual | M71: 148534425 | N71: 159975097 | O71: 132720313 | P71: 133065854 | Q71: 26909243 | R71: 22619722 | T71: =M71/O71 -> 1.1191537 | U71: =P71/N71 -> 0.83179105 | W71: =R71/Q71 -> 0.84059303 | X71: =R71/N71 -> 0.14139527
A72: 3475 | B72: Plenas-Individuales | C72: Estado de situación financiera, corriente/no corriente | D72: 900194910 | E72: 2024-12-31 | F72: Draeger Colombia SA | G72: G4659 - Comercio al por mayor de otros tipos de maquinaria y equipo n.c.p. | H72: 01. SOCIEDAD ANÓNIMA | I72: Calle 100 # 13 - 21 Of 503 Edificio Megatower Torre 2 | J72: BOGOTA D.C. | K72: BOGOTA D.C. | L72: Periodo Actual | M72: 73204866 | N72: 77478371 | O72: 32349799 | P72: 33402373 | Q72: 44075998 | R72: 10911594 | S72: 0 | T72: =M72/O72 -> 2.2629156 | U72: =P72/N72 -> 0.43111868 | W72: =R72/Q72 -> 0.24756317 | X72: =R72/N72 -> 0.14083407
A73: 3541 | B73: Plenas-Individuales | C73: Estado de situación financiera, corriente/no corriente | D73: 900223935 | E73: 2024-12-31 | F73: MAKITA COLOMBIA SAS | G73: G4659 - Comercio al por mayor de otros tipos de maquinaria y equipo n.c.p. | H73: 08. SOCIEDAD POR ACCIONES SIMPLIFICADA SAS | I73: Kilómetro 7, Autopista Bogotá – Medellín, Centro Empresarial CELTA TRADE PARK Lote 123 - Bodega 3 Funza - Cundinamarca - Colombia | J73: CUNDINAMARCA | K73: FUNZA-CUNDINAMARCA | L73: Periodo Actual | M73: 42904372 | N73: 46412556 | O73: 26005111 | P73: 27457800 | Q73: 18954756 | R73: 610586 | S73: 2417880 | T73: =M73/O73 -> 1.6498438 | U73: =P73/N73 -> 0.59160284 | V73: =R73/S73 -> 0.25252949 | W73: =R73/Q73 -> 0.032212812 | X73: =R73/N73 -> 0.013155621
A74: 3633 | B74: Plenas-Individuales | C74: Estado de situación financiera, corriente/no corriente | D74: 900261089 | E74: 2024-12-31 | F74: IMPORMEDICAL EQUIPOS Y SUMINISTROS MEDICOS SA | G74: G4659 - Comercio al por mayor de otros tipos de maquinaria y equipo n.c.p. | H74: 01. SOCIEDAD ANÓNIMA | I74: CALLE 32A 26 - 58 | J74: VALLE | K74: CALI-VALLE | L74: Periodo Actual | M74: 34605065 | N74: 41278920 | O74: 27401230 | P74: 30760331 | Q74: 10518589 | R74: 5167011 | S74: 60366 | T74: =M74/O74 -> 1.2629019 | U74: =P74/N74 -> 0.74518255 | V74: =R74/S74 -> 85.594722 | W74: =R74/Q74 -> 0.49122663 | X74: =R74/N74 -> 0.12517311
A75: 3753 | B75: Plenas-Individuales | C75: Estado de situación financiera, corriente/no corriente | D75: 900308795 | E75: 2024-12-31 | F75: ISTC ANDINA S A S | G75: G4659 - Comercio al por mayor de otros tipos de maquinaria y equipo n.c.p. | H75: 08. SOCIEDAD POR ACCIONES SIMPLIFICADA SAS | I75: Cr 49 103 60 | J75: BOGOTA D.C. | K75: BOGOTA D.C. | L75: Periodo Actual | M75: 5802428 | N75: 6372953 | O75: 6375600 | P75: 6375600 | Q75: -2647 | R75: -1228978 | S75: 9130 | T75: =M75/O75 -> 0.91009913 | U75: =P75/N75 -> 1.0004153 | V75: =R75/S75 -> -134.60876 | W75: =R75/Q75 -> 464.2909 | X75: =R75/N75 -> -0.19284278
A76: 3849 | B76: Plenas-Individuales | C76: Estado de situación financiera, corriente/no corriente | D76: 900334095 | E76: 2024-12-31 | F76: TOSHIBA AMERICA ENERGY SYSTEMS CORPORATION | G76: G4659 - Comercio al por mayor de otros tipos de maquinaria y equipo n.c.p. | H76: 02. SUCURSAL EXTRANJERA | I76: AV CR 45 108 27 TO 2 OF 1205 | J76: BOGOTA D.C. | K76: BOGOTA D.C. | L76: Periodo Actual | M76: 31916582 | N76: 32640147 | O76: 20793511 | P76: 21427854 | Q76: 11212293 | R76: 1386233 | T76: =M76/O76 -> 1.5349299 | U76: =P76/N76 -> 0.65648767 | W76: =R76/Q76 -> 0.1236351 | X76: =R76/N76 -> 0.042470183
A77: 4001 | B77: Plenas-Individuales | C77: Estado de situación financiera, corriente/no corriente | D77: 900383361 | E77: 2024-12-31 | F77: MINDRAY MEDICAL COLOMBIA SAS | G77: G4659 - Comercio al por mayor de otros tipos de maquinaria y equipo n.c.p. | H77: 08. SOCIEDAD POR ACCIONES SIMPLIFICADA SAS | I77: Ac 100 54 Of 1002 | J77: BOGOTA D.C. | K77: BOGOTA D.C. | L77: Periodo Actual | M77: 30496677 | N77: 36358859 | O77: 24945560 | P77: 28251830 | Q77: 8107029 | R77: -3807603 | S77: 2512458 | T77: =M77/O77 -> 1.2225293 | U77: =P77/N77 -> 0.77702741 | V77: =R77/S77 -> -1.5154892 | W77: =R77/Q77 -> -0.46966688 | X77: =R77/N77 -> -0.10472284
A78: 4085 | B78: Plenas-Individuales | C78: Estado de situación financiera, corriente/no corriente | D78: 900397663 | E78: 2024-12-31 | F78: BTL COLOMBIA S.A.S. | G78: G4659 - Comercio al por mayor de otros tipos de maquinaria y equipo n.c.p. | H78: 08. SOCIEDAD POR ACCIONES SIMPLIFICADA SAS | I78: CL 123 45 A 11 | J78: BOGOTA D.C. | K78: BOGOTA D.C. | L78: Periodo Actual | M78: 24325274 | N78: 25715107 | O78: 18701865 | P78: 18701865 | Q78: 7013242 | R78: 726342 | T78: =M78/O78 -> 1.3006871 | U78: =P78/N78 -> 0.72727152 | W78: =R78/Q78 -> 0.10356722 | X78: =R78/N78 -> 0.028245731
A79: 4131 | B79: Plenas-Individuales | C79: Estado de situación financiera, corriente/no corriente | D79: 900412189 | E79: 2024-12-31 | F79: NOVATECNICA | G79: C3312 - Mantenimiento y reparación especializado de maquinaria y equipo | H79: 08. SOCIEDAD POR ACCIONES SIMPLIFICADA SAS | I79: CR 7 99 53 TORRE 2 PISO 19 | J79: BOGOTA D.C. | K79: BOGOTA D.C. | L79: Periodo Actual | M79: 9386083 | N79: 11272388 | O79: 8775433 | P79: 8786777 | Q79: 2485611 | R79: 1702843 | S79: 42323 | T79: =M79/O79 -> 1.0695863 | U79: =P79/N79 -> 0.77949561 | V79: =R79/S79 -> 40.234459 | W79: =R79/Q79 -> 0.68508025 | X79: =R79/N79 -> 0.1510632
A80: 4175 | B80: Plenas-Individuales | C80: Estado de situación financiera, corriente/no corriente | D80: 900430151 | E80: 2024-12-31 | F80: Eaton Industries Colombia SAS | G80: G4659 - Comercio al por mayor de otros tipos de maquinaria y equipo n.c.p. | H80: 08. SOCIEDAD POR ACCIONES SIMPLIFICADA SAS | I80: Parque Industrial Celta bodega 16-2 y 16-3 Km 7 costado occidental vía Siberia | J80: BOGOTA D.C. | K80: BOGOTA D.C. | L80: Periodo Actual | M80: 63797046 | N80: 112882796 | O80: 38433258 | P80: 38433258 | Q80: 74449538 | R80: 30772404 | S80: 9519162 | T80: =M80/O80 -> 1.6599437 | U80: =P80/N80 -> 0.34047046 | V80: =R80/S80 -> 3.2326799 | W80: =R80/Q80 -> 0.41333237 | X80: =R80/N80 -> 0.27260491
A81: 4235 | B81: Plenas-Individuales | C81: Estado de situación financiera, corriente/no corriente | D81: 900451379 | E81: 2024-12-31 | F81: Levare Services Ltd Sucursal Colombia | G81: G4659 - Comercio al por mayor de otros tipos de maquinaria y equipo n.c.p. | H81: 02. SUCURSAL EXTRANJERA | I81: KM 3.5 VIA FUNZA - SIBERIA PQ IND SAN JOSE BOD3 MZ A | J81: CUNDINAMARCA | K81: FUNZA-CUNDINAMARCA | L81: Periodo Actual | M81: 119153831 | N81: 134164538 | O81: 74694409 | P81: 75767658 | Q81: 58396880 | R81: -7013289 | S81: 287852 | T81: =M81/O81 -> 1.5952175 | U81: =P81/N81 -> 0.56473685 | V81: =R81/S81 -> -24.364218 | W81: =R81/Q81 -> -0.12009698 | X81: =R81/N81 -> -0.052273791
A82: 4237 | B82: Plenas-Individuales | C82: Estado de situación financiera, corriente/no corriente | D82: 900451549 | E82: 2024-12-31 | F82: LIEBHERR COLOMBIA SAS | G82: G4659 - Comercio al por mayor de otros tipos de maquinaria y equipo n.c.p. | H82: 08. SOCIEDAD POR ACCIONES SIMPLIFICADA SAS | I82: 5 N 11D 221 SUR KM 7 EJE CAJICA - CHIA OF 401 Y 402 | J82: ATLANTICO | K82: BARRANQUILLA-ATLANTICO | L82: Periodo Actual | M82: 43723563 | N82: 46011154 | O82: 18057750 | P82: 18057750 | Q82: 27953404 | R82: 5972824 | S82: 3982888 | T82: =M82/O82 -> 2.4213184 | U82: =P82/N82 -> 0.39246462 | V82: =R82/S82 -> 1.4996214 | W82: =R82/Q82 -> 0.21367072 | X82: =R82/N82 -> 0.12981252
A83: 4247 | B83: Plenas-Individuales | C83: Estado de situación financiera, corriente/no corriente | D83: 900454399 | E83: 2024-12-31 | F83: ALKHORAYEF ZONA FRANCA SAS | G83: G4659 - Comercio al por mayor de otros tipos de maquinaria y equipo n.c.p. | H83: 08. SOCIEDAD POR ACCIONES SIMPLIFICADA SAS | I83: Cr 106 No 15 A -25 MZ 12 Bodega 1 Lote 72-73 | J83: BOGOTA D.C. | K83: BOGOTA D.C. | L83: Periodo Actual | M83: 103337337 | N83: 116948208 | O83: 76592610 | P83: 89596886 | Q83: 27351322 | R83: 6189859 | T83: =M83/O83 -> 1.3491816 | U83: =P83/N83 -> 0.76612449 | W83: =R83/Q83 -> 0.22630932 | X83: =R83/N83 -> 0.052928207
A84: 4259 | B84: Plenas-Individuales | C84: Estado de situación financiera, corriente/no corriente | D84: 900456739 | E84: 2024-12-31 | F84: HILTI COLOMBIA S.A.S. | G84: G4659 - Comercio al por mayor de otros tipos de maquinaria y equipo n.c.p. | H84: 08. SOCIEDAD POR ACCIONES SIMPLIFICADA SAS | I84: CL 99 10 - 57 P2 | J84: BOGOTA D.C. | K84: BOGOTA D.C. | L84: Periodo Actual | M84: 35718590 | N84: 39836294 | O84: 31808223 | P84: 32801307 | Q84: 7034987 | R84: 28643 | T84: =M84/O84 -> 1.1229357 | U84: =P84/N84 -> 0.82340257 | W84: =R84/Q84 -> 0.0040715072 | X84: =R84/N84 -> 0.00071901769
A85: 4325 | B85: Plenas-Individuales | C85: Estado de situación financiera, corriente/no corriente | D85: 900476067 | E85: 2024-12-31 | F85: WEIR MINERALS COLOMBIA SAS | G85: G4659 - Comercio al por mayor de otros tipos de maquinaria y equipo n.c.p. | H85: 08. SOCIEDAD POR ACCIONES SIMPLIFICADA SAS | I85: KM 3 VIA SAJONIA BODEGA 54 Y 56 LA REGIONAL | J85: ANTIOQUIA | K85: RIONEGRO-ANTIOQUIA | L85: Periodo Actual | M85: 60089711 | N85: 65600505 | O85: 19485583 | P85: 21648105 | Q85: 43952400 | R85: 12193739 | S85: 95503 | T85: =M85/O85 -> 3.0838036 | U85: =P85/N85 -> 0.32999906 | V85: =R85/S85 -> 127.67912 | W85: =R85/Q85 -> 0.27743056 | X85: =R85/N85 -> 0.18587874
A86: 4357 | B86: Plenas-Individuales | C86: Estado de situación financiera, corriente/no corriente | D86: 900481127 | E86: 2024-12-31 | F86: CUMMINS NORTE DE COLOMBIA SAS | G86: G4659 - Comercio al por mayor de otros tipos de maquinaria y equipo n.c.p. | H86: 08. SOCIEDAD POR ACCIONES SIMPLIFICADA SAS | I86: AVENIDA CIRCUNVALAR CLLE 110 No 4-76 | J86: ATLANTICO | K86: BARRANQUILLA-ATLANTICO | L86: Periodo Actual | M86: 84138901 | N86: 90978893 | O86: 40994957 | P86: 42830197 | Q86: 48148696 | R86: 3546089 | T86: =M86/O86 -> 2.0524208 | U86: =P86/N86 -> 0.4707707 | W86: =R86/Q86 -> 0.073648703 | X86: =R86/N86 -> 0.038977052
A87: 4421 | B87: Plenas-Individuales | C87: Estado de situación financiera, corriente/no corriente | D87: 900498582 | E87: 2024-12-31 | F87: SPIRAX SARCO COLOMBIA SAS | G87: G4659 - Comercio al por mayor de otros tipos de maquinaria y equipo n.c.p. | H87: 08. SOCIEDAD POR ACCIONES SIMPLIFICADA SAS | I87: AV. 4 NORTE # 7N -46 CENTRO COMERCIAL CENTENARIO PISO 3 LOCAL 335 | J87: VALLE | K87: CALI-VALLE | L87: Periodo Actual | M87: 23270886 | N87: 26767751 | O87: 10912720 | P87: 18797599 | Q87: 7970152 | R87: 4950208 | T87: =M87/O87 -> 2.1324552 | U87: =P87/N87 -> 0.70224798 | W87: =R87/Q87 -> 0.6210933 | X87: =R87/N87 -> 0.18493179
A88: 4493 | B88: Plenas-Individuales | C88: Estado de situación financiera, corriente/no corriente | D88: 900532903 | E88: 2024-12-31 | F88: Getinge Colombia SAS | G88: G4659 - Comercio al por mayor de otros tipos de maquinaria y equipo n.c.p. | H88: 08. SOCIEDAD POR ACCIONES SIMPLIFICADA SAS | I88: Cr 16 No.95-70 Of 701 | J88: BOGOTA D.C. | K88: BOGOTA D.C. | L88: Periodo Actual | M88: 40181438 | N88: 41148807 | O88: 23290246 | P88: 23290246 | Q88: 17858561 | R88: 3393155 | S88: 134493 | T88: =M88/O88 -> 1.7252475 | U88: =P88/N88 -> 0.56600052 | V88: =R88/S88 -> 25.229231 | W88: =R88/Q88 -> 0.19000159 | X88: =R88/N88 -> 0.082460592
A89: 4537 | B89: Plenas-Individuales | C89: Estado de situación financiera, corriente/no corriente | D89: 900551847 | E89: 2024-12-31 | F89: CHAMPIONX LLC SUCURSAL COLOMBIA | G89: G4659 - Comercio al por mayor de otros tipos de maquinaria y equipo n.c.p. | H89: 02. SUCURSAL EXTRANJERA | I89: AV CR 9A 115 06 OF 2904 | J89: BOGOTA D.C. | K89: BOGOTA D.C. | L89: Periodo Actual | M89: 39815199 | N89: 44660281 | O89: 6197175 | P89: 6277015 | Q89: 38383266 | R89: 2734503 | S89: 3274176 | T89: =M89/O89 -> 6.4247337 | U89: =P89/N89 -> 0.14055028 | V89: =R89/S89 -> 0.83517288 | W89: =R89/Q89 -> 0.071242062 | X89: =R89/N89 -> 0.06122897
A90: 4567 | B90: Plenas-Individuales | C90: Estado de situación financiera, corriente/no corriente | D90: 900561151 | E90: 2024-12-31 | F90: GRUNDFOS COLOMBIA SAS | G90: G4659 - Comercio al por mayor de otros tipos de maquinaria y equipo n.c.p. | H90: 08. SOCIEDAD POR ACCIONES SIMPLIFICADA SAS | I90: KM 1.5 VIA SIBERIA COTA CONJUNTO POTRERO CHICO BO 1A PARQUE EMPRE ARCOS DE COTA | J90: CUNDINAMARCA | K90: COTA-CUNDINAMARCA | L90: Periodo Actual | M90: 15891329 | N90: 20034164 | O90: 4872080 | P90: 13506544 | Q90: 6527620 | R90: 3261643 | S90: 857785 | T90: =M90/O90 -> 3.2617135 | U90: =P90/N90 -> 0.67417557 | V90: =R90/S90 -> 3.8024015 | W90: =R90/Q90 -> 0.49966803 | X90: =R90/N90 -> 0.16280405
A91: 4883 | B91: Plenas-Individuales | C91: Estado de situación financiera, corriente/no corriente | D91: 900743695 | E91: 2024-12-31 | F91: PHOENIX CONTACT SAS | G91: G4659 - Comercio al por mayor de otros tipos de maquinaria y equipo n.c.p. | H91: 08. SOCIEDAD POR ACCIONES SIMPLIFICADA SAS | I91: AC 26 69 76 TO 3 OF 901 902 | J91: BOGOTA D.C. | K91: BOGOTA D.C. | L91: Periodo Actual | M91: 14254262 | N91: 18483140 | O91: 5334264 | P91: 13980852 | Q91: 4502288 | R91: 2226587 | S91: 320039 | T91: =M91/O91 -> 2.6722078 | U91: =P91/N91 -> 0.75641109 | V91: =R91/S91 -> 6.9572365 | W91: =R91/Q91 -> 0.49454566 | X91: =R91/N91 -> 0.12046584
A92: 4903 | B92: Plenas-Individuales | C92: Estado de situación financiera, corriente/no corriente | D92: 900757947 | E92: 2024-12-31 | F92: GE HEALTHCARE COLOMBIA SAS | G92: G4659 - Comercio al por mayor de otros tipos de maquinaria y equipo n.c.p. | H92: 08. SOCIEDAD POR ACCIONES SIMPLIFICADA SAS | I92: AV Cra 72 No 80-94 piso 8 | J92: BOGOTA D.C. | K92: BOGOTA D.C. | L92: Periodo Actual | M92: 267811732 | N92: 300587182 | O92: 156275263 | P92: 169372473 | Q92: 131214709 | R92: 7182799 | S92: 15434553 | T92: =M92/O92 -> 1.713718 | U92: =P92/N92 -> 0.56347204 | V92: =R92/S92 -> 0.46537137 | W92: =R92/Q92 -> 0.054740807 | X92: =R92/N92 -> 0.023895893
A93: 4933 | B93: Plenas-Individuales | C93: Estado de situación financiera, corriente/no corriente | D93: 900779576 | E93: 2024-12-31 | F93: YOKOGAWA COLOMBIA SAS | G93: G4659 - Comercio al por mayor de otros tipos de maquinaria y equipo n.c.p. | H93: 08. SOCIEDAD POR ACCIONES SIMPLIFICADA SAS | I93: Ac 80 69 70 Bg 11 | J93: BOGOTA D.C. | K93: BOGOTA D.C. | L93: Periodo Actual | M93: 46121228 | N93: 53100416 | O93: 31171454 | P93: 36789355 | Q93: 16311061 | R93: 8060248 | S93: 1708427 | T93: =M93/O93 -> 1.4795982 | U93: =P93/N93 -> 0.69282612 | V93: =R93/S93 -> 4.7179353 | W93: =R93/Q93 -> 0.49415841 | X93: =R93/N93 -> 0.15179256
A94: 5027 | B94: Plenas-Individuales | C94: Estado de situación financiera, corriente/no corriente | D94: 900824185 | E94: 2024-12-31 | F94: HP COLOMBIA SAS | G94: G4659 - Comercio al por mayor de otros tipos de maquinaria y equipo n.c.p. | H94: 08. SOCIEDAD POR ACCIONES SIMPLIFICADA SAS | I94: CRA 11B 99-25 PISO 14 | J94: BOGOTA D.C. | K94: BOGOTA D.C. | L94: Periodo Actual | M94: 790004152 | N94: 895489952 | O94: 472145334 | P94: 505844289 | Q94: 389645663 | R94: 49164800 | S94: 0 | T94: =M94/O94 -> 1.6732224 | U94: =P94/N94 -> 0.56487992 | W94: =R94/Q94 -> 0.12617823 | X94: =R94/N94 -> 0.054902682
A95: 5039 | B95: Plenas-Individuales | C95: Estado de situación financiera, corriente/no corriente | D95: 900836437 | E95: 2024-12-31 | F95: SANY COLOMBIA SAS | G95: G4659 - Comercio al por mayor de otros tipos de maquinaria y equipo n.c.p. | H95: 08. SOCIEDAD POR ACCIONES SIMPLIFICADA SAS | I95: AUTO NORTE KM 19 VIA CHIA | J95: CUNDINAMARCA | K95: CHIA-CUNDINAMARCA | L95: Periodo Actual | M95: 71190797 | N95: 79594208 | O95: 3131066 | P95: 75693474 | Q95: 3900734 | R95: -2960390 | S95: 3391902 | T95: =M95/O95 -> 22.73692 | U95: =P95/N95 -> 0.95099224 | V95: =R95/S95 -> -0.8727817 | W95: =R95/Q95 -> -0.75893152 | X95: =R95/N95 -> -0.037193535
A96: 5045 | B96: Plenas-Individuales | C96: Estado de situación financiera, corriente/no corriente | D96: 900839128 | E96: 2024-12-31 | F96: LIVANOVA COLOMBIA SAS | G96: G4659 - Comercio al por mayor de otros tipos de maquinaria y equipo n.c.p. | H96: 08. SOCIEDAD POR ACCIONES SIMPLIFICADA SAS | I96: CL 127A 53A 45 OF 3001 | J96: BOGOTA D.C. | K96: BOGOTA D.C. | L96: Periodo Actual | M96: 41181167 | N96: 50713028 | O96: 28060239 | P96: 35291533 | Q96: 15421495 | R96: 424763 | S96: 558823 | T96: =M96/O96 -> 1.4675986 | U96: =P96/N96 -> 0.69590664 | V96: =R96/S96 -> 0.76010293 | W96: =R96/Q96 -> 0.027543568 | X96: =R96/N96 -> 0.0083758162
A97: 5143 | B97: Plenas-Individuales | C97: Estado de situación financiera, corriente/no corriente | D97: 900896981 | E97: 2024-12-31 | F97: ENDRESS+HAUSER COLOMBIA SAS | G97: G4659 - Comercio al por mayor de otros tipos de maquinaria y equipo n.c.p. | H97: 08. SOCIEDAD POR ACCIONES SIMPLIFICADA SAS | I97: CR 17 93 09 OF 201 | J97: BOGOTA D.C. | K97: BOGOTA D.C. | L97: Periodo Actual | M97: 60110279 | N97: 71157564 | O97: 17473260 | P97: 41919586 | Q97: 29237978 | R97: 4150079 | S97: 767123 | T97: =M97/O97 -> 3.4401296 | U97: =P97/N97 -> 0.58910935 | V97: =R97/S97 -> 5.4099264 | W97: =R97/Q97 -> 0.14194138 | X97: =R97/N97 -> 0.058322387
A98: 5213 | B98: Plenas-Individuales | C98: Estado de situación financiera, corriente/no corriente | D98: 900958202 | E98: 2024-12-31 | F98: INVERSIONES PROMEDCO SAS | G98: G4659 - Comercio al por mayor de otros tipos de maquinaria y equipo n.c.p. | H98: 08. SOCIEDAD POR ACCIONES SIMPLIFICADA SAS | I98: CALLE 110 9 25 | J98: BOGOTA D.C. | K98: BOGOTA D.C. | L98: Periodo Actual | M98: 57746577 | N98: 60444676 | O98: 17754049 | P98: 36108183 | Q98: 24336493 | R98: 6815080 | S98: 1597888 | T98: =M98/O98 -> 3.2525863 | U98: =P98/N98 -> 0.59737574 | V98: =R98/S98 -> 4.2650549 | W98: =R98/Q98 -> 0.28003542 | X98: =R98/N98 -> 0.11274905
A99: 5215 | B99: Plenas-Individuales | C99: Estado de situación financiera, corriente/no corriente | D99: 900961620 | E99: 2024-12-31 | F99: CARDINAL HEALTH COLOMBIA SAS | G99: G4659 - Comercio al por mayor de otros tipos de maquinaria y equipo n.c.p. | H99: 08. SOCIEDAD POR ACCIONES SIMPLIFICADA SAS | I99: Kilometro 1.5 Vía Siberia-Tenjo | J99: BOGOTA D.C. | K99: BOGOTA D.C. | L99: Periodo Actual | M99: 45467330 | N99: 48062622 | O99: 32851216 | P99: 32982601 | Q99: 15080021 | R99: 2081116 | T99: =M99/O99 -> 1.384038 | U99: =P99/N99 -> 0.68624223 | W99: =R99/Q99 -> 0.13800485 | X99: =R99/N99 -> 0.043300093
A100: 5431 | B100: Plenas-Individuales | C100: Estado de situación financiera, corriente/no corriente | D100: 901117560 | E100: 2024-12-31 | F100: Epiroc Colombia S.A.S. | G100: G4659 - Comercio al por mayor de otros tipos de maquinaria y equipo n.c.p. | H100: 08. SOCIEDAD POR ACCIONES SIMPLIFICADA SAS | I100: Cra 85k 46a 66 Edificio B Oficina 201 | J100: BOGOTA D.C. | K100: BOGOTA D.C. | L100: Periodo Actual | M100: 24261354 | N100: 27779740 | O100: 7718797 | P100: 8915942 | Q100: 18863798 | R100: -3563950 | T100: =M100/O100 -> 3.1431522 | U100: =P100/N100 -> 0.32095124 | W100: =R100/Q100 -> -0.18893067 | X100: =R100/N100 -> -0.12829314
A101: 5447 | B101: Plenas-Individuales | C101: Estado de situación financiera, corriente/no corriente | D101: 901123428 | E101: 2024-12-31 | F101: IGT COLOMBIA SOLUTIONS SAS | G101: G4659 - Comercio al por mayor de otros tipos de maquinaria y equipo n.c.p. | H101: 08. SOCIEDAD POR ACCIONES SIMPLIFICADA SAS | I101: Cr 45 No. 108 A - 50 Piso 5 | J101: BOGOTA D.C. | K101: BOGOTA D.C. | L101: Periodo Actual | M101: 92703186 | N101: 121997786 | O101: 117996964 | P101: 117996964 | Q101: 4000822 | R101: -5161103 | S101: 2573691 | T101: =M101/O101 -> 0.78564043 | U101: =P101/N101 -> 0.96720578 | V101: =R101/S101 -> -2.0053313 | W101: =R101/Q101 -> -1.2900107 | X101: =R101/N101 -> -0.042304891
A102: 5519 | B102: Plenas-Individuales | C102: Estado de situación financiera, corriente/no corriente | D102: 901161466 | E102: 2024-12-31 | F102: MHI POWER COLOMBIA S.A.S. | G102: C3312 - Mantenimiento y reparación especializado de maquinaria y equipo | H102: 08. SOCIEDAD POR ACCIONES SIMPLIFICADA SAS | I102: CR 7 NO. 71 21 TO A P 8 | J102: BOGOTA D.C. | K102: BOGOTA D.C. | L102: Periodo Actual | M102: 29610932 | N102: 89342461 | O102: 25028048 | P102: 75915659 | Q102: 13426802 | R102: 5703821 | T102: =M102/O102 -> 1.1831099 | U102: =P102/N102 -> 0.84971533 | W102: =R102/Q102 -> 0.4248086 | X102: =R102/N102 -> 0.063842219
A103: 5651 | B103: Plenas-Individuales | C103: Estado de situación financiera, corriente/no corriente | D103: 901239290 | E103: 2024-12-31 | F103: ADVANCED STERILIZATION PRODUCT COLOMBIA SAS | G103: G4659 - Comercio al por mayor de otros tipos de maquinaria y equipo n.c.p. | H103: 08. SOCIEDAD POR ACCIONES SIMPLIFICADA SAS | I103: CARRERA 19 100 45 PISO 8 | J103: BOGOTA D.C. | K103: BOGOTA D.C. | L103: Periodo Actual | M103: 50750750 | N103: 69296262 | O103: 18334201 | P103: 18451282 | Q103: 50844980 | R103: 1620524 | T103: =M103/O103 -> 2.7680917 | U103: =P103/N103 -> 0.26626663 | W103: =R103/Q103 -> 0.031871858 | X103: =R103/N103 -> 0.023385446
...

Sheet Liq
I3: Fuente Datos/Indicador | J3: Tipo empresa | K3: Tamaño Muestra | L3: Formula | T3: Indicadores Financieros | W3: Indicadores Organizacionales
T4: Indice de Liquidez | U4: Indice de Endeudamiento | V4: Razón de Cobertura de Intereses | W4: Rentabilidad del Patrimonio | X4: Rentabilidad del Activo
I5: Super Sociedades | J5: Plenas Ind. Plenas Sep. Pymes Ind. Pymes Sep | K5: Total empresas (504) + 4 | L5: Desviación Estandar | T5: =STDEVA(T12:T519) -> 51.424878 | U5: =STDEVA(U12:U519) -> 0.44990255 | V5: =STDEVA(V12:V519) -> 477.05843 | W5: =STDEVA(W12:W519) -> 20.77976 | X5: =STDEVA(X12:X519) -> 0.12806426
L6: Promedio | T6: =AVERAGE(T12:T519) -> 16.764096 | U6: =AVERAGE(U12:U519) -> 0.53227756 | V6: =AVERAGE(V12:V519) -> 51.930244 | W6: =AVERAGE(W12:W519) -> 1.0817845 | X6: =AVERAGE(X12:X519) -> 0.095184487
L7: Mediana | T7: =MEDIAN(T12:T519) -> 3.3593541 | U7: =MEDIAN(U12:U519) -> 0.51327552 | V7: =MEDIAN(V12:V519) -> 2.7602121 | W7: =MEDIAN(W12:W519) -> 0.18554601 | X7: =MEDIAN(X12:X519) -> 0.086265278
L8: Menor Valor | T8: =MIN(T12:T519) -> 0.043373314 | U8: =MIN(U12:U519) -> 0.0013063695 | V8: =MIN(V12:V519) -> -310.41869 | W8: =MIN(W12:W519) -> -55.700284 | X8: =MIN(X12:X519) -> -0.48545942
L9: Mayor Valor | T9: =MAX(T12:T519) -> 611.76962 | U9: =MAX(U12:U519) -> 8.3079207 | V9: =MAX(V12:V519) -> 6339.9449 | W9: =MAX(W12:W519) -> 464.2909 | X9: =MAX(X12:X519) -> 0.86537469
T10: 2.02 | U10: 0.56 | V10: 1.91 | W10: 0.12 | X10: 0.06
B11: Punto de entrada | C11: Formulario | D11: NIT | E11: Fecha de Corte | F11: Razón social de la sociedad | G11: Clasificación Industrial Internacional Uniforme Versión 4 A.C (CIIU) | H11: Tipo societario | I11: Dirección de notificación judicial registrada en Cámara de Comercio | J11: Departamento de la dirección del domicilio | K11: Ciudad de la dirección del domicilio | L11: Periodo | M11: Activos corrientes totales (CurrentAssets) | N11: Total de activos (Assets) | O11: Pasivos corrientes totales (CurrentLiabilities) | P11: Total pasivos (Liabilities) | Q11: Patrimonio total (Equity) | R11: Ganancia (pérdida) por actividades de operación (ProfitLossFromOperatingActivities) | S11: Costos financieros (FinanceCosts) | T11: Indice de Liquidez | U11: Indice de Endeudamiento | V11: Razón de Cobertura de Intereses | W11: Rentabilidad del Patrimonio | X11: Rentabilidad del Activo
A12: 16233 | B12: Pymes-Individuales | C12: Estado de situación financiera, corriente/no corriente | D12: 860351760 | E12: 2024-12-31 | F12: HOSPIMEDICS S.A.S EN LIQUIDACION | G12: G4659 - Comercio al por mayor de otros tipos de maquinaria y equipo n.c.p. | H12: 08. SOCIEDAD POR ACCIONES SIMPLIFICADA SAS | I12: CARRERA 14 N 75-77 OFICINA 604 | J12: BOGOTA D.C. | K12: BOGOTA D.C. | L12: Periodo Actual | M12: 188100 | N12: 188100 | O12: 4336768 | P12: 80283 | Q12: 107817 | R12: 146686 | T12: =M12/O12 -> 0.043373314 | U12: =P12/N12 -> 0.42681021 | W12: =R12/Q12 -> 1.360509 | X12: =R12/N12 -> 0.77982988
A13: 38305 | B13: Pymes-Individuales | C13: Estado de situación financiera, corriente/no corriente | D13: 900809570 | E13: 2024-12-31 | F13: Parque industrial y zona franca induenergy (induenergy sas) | G13: G4659 - Comercio al por mayor de otros tipos de maquinaria y equipo n.c.p. | H13: 08. SOCIEDAD POR ACCIONES SIMPLIFICADA SAS | I13: Centro sector la matuna cll 33 820 edificio caja agraria of 404 | J13: BOLIVAR | K13: CARTAGENA-BOLIVAR | L13: Periodo Actual | M13: 208342 | N13: 26756550 | O13: 3170245 | P13: 1795727 | Q13: 24960823 | R13: -28272 | T13: =M13/O13 -> 0.065717949 | U13: =P13/N13 -> 0.067113548 | W13: =R13/Q13 -> -0.001132655 | X13: =R13/N13 -> -0.0010566385
A14: 9501 | B14: Pymes-Individuales | C14: Estado de situación financiera, corriente/no corriente | D14: 829000170 | E14: 2024-12-31 | F14: TECS S.A.S. EN REORGANIZACION | G14: C3312 - Mantenimiento y reparación especializado de maquinaria y equipo | H14: 08. SOCIEDAD POR ACCIONES SIMPLIFICADA SAS | I14: CR 19 NRO. 51 34 | J14: SANTANDER | K14: BARRANCABERMEJA-SANTANDER | L14: Periodo Actual | M14: 38757 | N14: 3777299 | O14: 516186 | P14: 838863 | Q14: 2938436 | R14: 216 | T14: =M14/O14 -> 0.0750834 | U14: =P14/N14 -> 0.22208012 | W14: =R14/Q14 -> 7.3508492e-05 | X14: =R14/N14 -> 5.7183718e-05
A15: 29375 | B15: Pymes-Individuales | C15: Estado de situación financiera, corriente/no corriente | D15: 900368459 | E15: 2024-12-31 | F15: MAKELO INVERSIONES SAS | G15: C3312 - Mantenimiento y reparación especializado de maquinaria y equipo | H15: 08. SOCIEDAD POR ACCIONES SIMPLIFICADA SAS | I15: ANILLO VIAL 23-41 VEREDA RIO FRIO | J15: SANTANDER | K15: FLORIDABLANCA-SANTANDER | L15: Periodo Actual | M15: 1794545 | N15: 2637572 | O15: 20892440 | P15: 4902240 | Q15: -2264668 | R15: -206574 | S15: 616766 | T15: =M15/O15 -> 0.085894467 | U15: =P15/N15 -> 1.8586185 | V15: =R15/S15 -> -0.33493091 | W15: =R15/Q15 -> 0.091216019 | X15: =R15/N15 -> -0.078319758
A16: 23099 | B16: Pymes-Individuales | C16: Estado de situación financiera, corriente/no corriente | D16: 900117307 | E16: 2024-12-31 | F16: PT ENGINEERING SUPLIES SAS | G16: G4659 - Comercio al por mayor de otros tipos de maquinaria y equipo n.c.p. | H16: 08. SOCIEDAD POR ACCIONES SIMPLIFICADA SAS | I16: CR 96 BIS B 24 C 32 | J16: BOGOTA D.C. | K16: BOGOTA D.C. | L16: Periodo Actual | M16: 2085820 | N16: 4407273 | O16: 20892440 | P16: 2365055 | Q16: 2042218 | R16: 305690 | S16: 11053 | T16: =M16/O16 -> 0.099836113 | U16: =P16/N16 -> 0.53662548 | V16: =R16/S16 -> 27.656745 | W16: =R16/Q16 -> 0.14968529 | X16: =R16/N16 -> 0.06936035
A17: 16605 | B17: Pymes-Individuales | C17: Estado de situación financiera, corriente/no corriente | D17: 860507111 | E17: 2024-12-31 | F17: iINTER SERVICIOS ELECTRICOS ISE SAS | G17: C3312 - Mantenimiento y reparación especializado de maquinaria y equipo | H17: 05. SOCIEDAD EN COMANDITA POR ACCIONES | I17: VIA SIBERIA COTA KM 2.7 PARCELA 20 LOTE 6 | J17: CUNDINAMARCA | K17: COTA-CUNDINAMARCA | L17: Periodo Actual | M17: 2201485 | N17: 5009495 | O17: 20892440 | P17: 2177963 | Q17: 2831532 | R17: 481657 | T17: =M17/O17 -> 0.10537233 | U17: =P17/N17 -> 0.43476698 | W17: =R17/Q17 -> 0.17010473 | X17: =R17/N17 -> 0.096148813
A18: 12897 | B18: Pymes-Individuales | C18: Estado de situación financiera, corriente/no corriente | D18: 830119211 | E18: 2024-12-31 | F18: VEYALTHI GROUP S.A.S VEYALTHI GROUP S.A.S | G18: G4659 - Comercio al por mayor de otros tipos de maquinaria y equipo n.c.p. | H18: 08. SOCIEDAD POR ACCIONES SIMPLIFICADA SAS | I18: CL 51 No. 72A-28 CL 51 No. 72A-28 | J18: BOGOTA D.C. | K18: BOGOTA D.C. | L18: Periodo Actual | M18: 2265547 | N18: 4158343 | O18: 20892440 | P18: 361790 | Q18: 3796553 | R18: 193204 | T18: =M18/O18 -> 0.1084386 | U18: =P18/N18 -> 0.087003405 | W18: =R18/Q18 -> 0.05088932 | X18: =R18/N18 -> 0.046461776
A19: 2095 | B19: Plenas-Separados | C19: Estado de situación financiera, corriente/no corriente | D19: 900818280 | E19: 2024-12-31 | F19: S & N HOLDINGS S A S | G19: G4659 - Comercio al por mayor de otros tipos de maquinaria y equipo n.c.p. | H19: 08. SOCIEDAD POR ACCIONES SIMPLIFICADA SAS | I19: CALLE 100 NO 7-33 TORRE 1 PISO 3 | J19: BOGOTA D.C. | K19: BOGOTA D.C. | L19: Periodo Actual | M19: 28330 | N19: 141303649 | O19: 258112 | P19: 666535 | Q19: 140637114 | R19: 4723793 | T19: =M19/O19 -> 0.10975855 | U19: =P19/N19 -> 0.0047170403 | W19: =R19/Q19 -> 0.033588523 | X19: =R19/N19 -> 0.033430085
A20: 36959 | B20: Pymes-Individuales | C20: Estado de situación financiera, corriente/no corriente | D20: 900688449 | E20: 2024-12-31 | F20: AIRE Y REFRIGERACION DE COLOMBIA SAS | G20: C3312 - Mantenimiento y reparación especializado de maquinaria y equipo | H20: 08. SOCIEDAD POR ACCIONES SIMPLIFICADA SAS | I20: CL 46 21 27 BR LA CONCORDIA | J20: SANTANDER | K20: BUCARAMANGA-SANTANDER | L20: Periodo Actual | M20: 2310259 | N20: 3535175 | O20: 20892440 | P20: 827207 | Q20: 2707968 | R20: 713255 | S20: 61496 | T20: =M20/O20 -> 0.11057871 | U20: =P20/N20 -> 0.23399323 | V20: =R20/S20 -> 11.598397 | W20: =R20/Q20 -> 0.26339122 | X20: =R20/N20 -> 0.20175946
A21: 9941 | B21: Pymes-Individuales | C21: Estado de situación financiera, corriente/no corriente | D21: 830015673 | E21: 2024-12-31 | F21: DOTACIONES Y EQUIPOS INDUSTRIALES DE COLOMBIA DOTAEQUIP LTDA | G21: G4659 - Comercio al por mayor de otros tipos de maquinaria y equipo n.c.p. | H21: 03. SOCIEDAD LIMITADA | I21: TV 35A 29B 52 SUR | J21: BOGOTA D.C. | K21: BOGOTA D.C. | L21: Periodo Actual | M21: 2714323 | N21: 2723641 | O21: 20892440 | P21: 669730 | Q21: 2053911 | R21: 218490 | T21: =M21/O21 -> 0.12991891 | U21: =P21/N21 -> 0.24589511 | W21: =R21/Q21 -> 0.10637754 | X21: =R21/N21 -> 0.080219823
A22: 20571 | B22: Pymes-Individuales | C22: Estado de situación financiera, corriente/no corriente | D22: 900007095 | E22: 2024-12-31 | F22: AQUAPLACE DESALINATION S.A.S. | G22: G4659 - Comercio al por mayor de otros tipos de maquinaria y equipo n.c.p. | H22: 08. SOCIEDAD POR ACCIONES SIMPLIFICADA SAS | I22: KRA 9 #4-76 SWAM GROUND | J22: SAN ANDRES Y PROVIDENCIA | K22: SAN-ANDRES-SAN ANDRES Y PROVIDENCIA | L22: Periodo Actual | M22: 2736354 | N22: 3614868 | O22: 20892440 | P22: 1906628 | Q22: 1708240 | R22: 358767 | S22: 133332 | T22: =M22/O22 -> 0.1309734 | U22: =P22/N22 -> 0.52744056 | V22: =R22/S22 -> 2.6907794 | W22: =R22/Q22 -> 0.21002143 | X22: =R22/N22 -> 0.099247607
A23: 26275 | B23: Pymes-Individuales | C23: Estado de situación financiera, corriente/no corriente | D23: 900246871 | E23: 2024-12-31 | F23: GRUPO LYSCO SAS | G23: G4659 - Comercio al por mayor de otros tipos de maquinaria y equipo n.c.p. | H23: 08. SOCIEDAD POR ACCIONES SIMPLIFICADA SAS | I23: Autopista Medellin Km 3.5 Costado Sur Terminal Terrestre De Carga Oikos Modulo 5 Bodega 8 | J23: CUNDINAMARCA | K23: COTA-CUNDINAMARCA | L23: Periodo Actual | M23: 3078199 | N23: 9870220 | O23: 20892440 | P23: 5605056 | Q23: 4265164 | R23: 1028117 | T23: =M23/O23 -> 0.14733554 | U23: =P23/N23 -> 0.56787549 | W23: =R23/Q23 -> 0.24104982 | X23: =R23/N23 -> 0.10416353
A24: 13939 | B24: Pymes-Individuales | C24: Estado de situación financiera, corriente/no corriente | D24: 830507646 | E24: 2024-12-31 | F24: SERVICIOS E IMPORTACIONES SAS | G24: C3312 - Mantenimiento y reparación especializado de maquinaria y equipo | H24: 08. SOCIEDAD POR ACCIONES SIMPLIFICADA SAS | I24: CL 44 42 188 | J24: VALLE | K24: PALMIRA-VALLE | L24: Periodo Actual | M24: 928736 | N24: 2823684 | O24: 4336768 | P24: 2799074 | Q24: 24610 | R24: -1370784 | T24: =M24/O24 -> 0.21415395 | U24: =P24/N24 -> 0.99128444 | W24: =R24/Q24 -> -55.700284 | X24: =R24/N24 -> -0.48545942
A25: 39403 | B25: Pymes-Individuales | C25: Estado de situación financiera, corriente/no corriente | D25: 900935511 | E25: 2024-12-31 | F25: PRECISUR SAS | G25: G4659 - Comercio al por mayor de otros tipos de maquinaria y equipo n.c.p. | H25: 08. SOCIEDAD POR ACCIONES SIMPLIFICADA SAS | I25: CRA 71 52 29 | J25: BOGOTA D.C. | K25: BOGOTA D.C. | L25: Periodo Actual | M25: 4807313 | N25: 4947452 | O25: 20892440 | P25: 3035911 | Q25: 1911541 | R25: 833013 | S25: 333479 | T25: =M25/O25 -> 0.23009821 | U25: =P25/N25 -> 0.61363122 | V25: =R25/S25 -> 2.4979474 | W25: =R25/Q25 -> 0.43578087 | X25: =R25/N25 -> 0.16837212
A26: 4015 | B26: Pymes-Individuales | C26: Estado de situación financiera, corriente/no corriente | D26: 800214805 | E26: 2024-12-31 | F26: INVERSIONES UCARO SAS | G26: G4659 - Comercio al por mayor de otros tipos de maquinaria y equipo n.c.p. | H26: 08. SOCIEDAD POR ACCIONES SIMPLIFICADA SAS | I26: AK 68 39 I 65 SUR AK 68 39 I 65 SUR | J26: BOGOTA D.C. | K26: BOGOTA D.C. | L26: Periodo Actual | M26: 722952 | N26: 4475014 | O26: 2124862 | P26: 2175862 | Q26: 2299152 | R26: 341546 | S26: 69996 | T26: =M26/O26 -> 0.3402348 | U26: =P26/N26 -> 0.48622462 | V26: =R26/S26 -> 4.8795074 | W26: =R26/Q26 -> 0.14855303 | X26: =R26/N26 -> 0.07632289
A27: 28599 | B27: Pymes-Individuales | C27: Estado de situación financiera, corriente/no corriente | D27: 900340930 | E27: 2024-12-31 | F27: BRUECKNER COLOMBIA SAS | G27: C3312 - Mantenimiento y reparación especializado de maquinaria y equipo | H27: 08. SOCIEDAD POR ACCIONES SIMPLIFICADA SAS | I27: Cr 106 No 15A-25 Bod 24 Mz 9 | J27: BOGOTA D.C. | K27: BOGOTA D.C. | L27: Periodo Actual | M27: 7597278 | N27: 8302107 | O27: 20892440 | P27: 4844981 | Q27: 3457126 | R27: 584400 | S27: 411908 | T27: =M27/O27 -> 0.36363766 | U27: =P27/N27 -> 0.5835845 | V27: =R27/S27 -> 1.4187634 | W27: =R27/Q27 -> 0.16904215 | X27: =R27/N27 -> 0.070391769
A28: 393 | B28: Plenas-Separados | C28: Estado de situación financiera, corriente/no corriente | D28: 805031746 | E28: 2024-12-31 | F28: Carval Internacional Limitada | G28: G4659 - Comercio al por mayor de otros tipos de maquinaria y equipo n.c.p. | H28: 03. SOCIEDAD LIMITADA | I28: Cra 1 Nro 58-41 | J28: VALLE | K28: CALI-VALLE | L28: Periodo Actual | M28: 5126 | N28: 20769009 | O28: 12754 | P28: 27132 | Q28: 20741877 | R28: -11609 | T28: =M28/O28 -> 0.40191313 | U28: =P28/N28 -> 0.0013063695 | W28: =R28/Q28 -> -0.00055968898 | X28: =R28/N28 -> -0.00055895782
A29: 12579 | B29: Pymes-Individuales | C29: Estado de situación financiera, corriente/no corriente | D29: 830108265 | E29: 2024-12-31 | F29: ABCONTROL INGENIERIA SAS | G29: G4659 - Comercio al por mayor de otros tipos de maquinaria y equipo n.c.p. | H29: 08. SOCIEDAD POR ACCIONES SIMPLIFICADA SAS | I29: CALLE 54 A 72 60 | J29: BOGOTA D.C. | K29: BOGOTA D.C. | L29: Periodo Actual | M29: 1756635 | N29: 5035898 | O29: 4336768 | P29: 3322293 | Q29: 1713605 | R29: -362210 | S29: 25317 | T29: =M29/O29 -> 0.40505625 | U29: =P29/N29 -> 0.65972206 | V29: =R29/S29 -> -14.306987 | W29: =R29/Q29 -> -0.2113731 | X29: =R29/N29 -> -0.071925603
A30: 11779 | B30: Pymes-Individuales | C30: Estado de situación financiera, corriente/no corriente | D30: 830080022 | E30: 2024-12-31 | F30: 830080022 | G30: G4659 - Comercio al por mayor de otros tipos de maquinaria y equipo n.c.p. | H30: 08. SOCIEDAD POR ACCIONES SIMPLIFICADA SAS | I30: CL 25 G 85 C 45 | J30: BOGOTA D.C. | K30: BOGOTA D.C. | L30: Periodo Actual | M30: 1467900 | N30: 3522800 | O30: 3466556 | P30: 2332837 | Q30: 1189963 | R30: 37456 | T30: =M30/O30 -> 0.42344621 | U30: =P30/N30 -> 0.66221103 | W30: =R30/Q30 -> 0.031476609 | X30: =R30/N30 -> 0.010632451
A31: 12985 | B31: Pymes-Individuales | C31: Estado de situación financiera, corriente/no corriente | D31: 830122576 | E31: 2024-12-31 | F31: METRICOM LIMITADA | G31: G4659 - Comercio al por mayor de otros tipos de maquinaria y equipo n.c.p. | H31: 03. SOCIEDAD LIMITADA | I31: CL 25 A 32 45 | J31: BOGOTA D.C. | K31: BOGOTA D.C. | L31: Periodo Actual | M31: 1615378 | N31: 2056677 | O31: 3466556 | P31: 544128 | Q31: 1512549 | R31: -791245 | S31: 82070 | T31: =M31/O31 -> 0.4659893 | U31: =P31/N31 -> 0.26456658 | V31: =R31/S31 -> -9.6410991 | W31: =R31/Q31 -> -0.52312024 | X31: =R31/N31 -> -0.38472011
A32: 27785 | B32: Pymes-Individuales | C32: Estado de situación financiera, corriente/no corriente | D32: 900314721 | E32: 2024-12-31 | F32: RENSER COLOMBIA SAS | G32: C3312 - Mantenimiento y reparación especializado de maquinaria y equipo | H32: 08. SOCIEDAD POR ACCIONES SIMPLIFICADA SAS | I32: CL 1 A 7A 69 CA 4 | J32: CUNDINAMARCA | K32: CHIA-CUNDINAMARCA | L32: Periodo Actual | M32: 821610 | N32: 864270 | O32: 1730981 | P32: 23630 | Q32: 840640 | R32: 18808 | T32: =M32/O32 -> 0.47464992 | U32: =P32/N32 -> 0.027340993 | W32: =R32/Q32 -> 0.02237343 | X32: =R32/N32 -> 0.021761718
A33: 29209 | B33: Pymes-Individuales | C33: Estado de situación financiera, corriente/no corriente | D33: 900362587 | E33: 2024-12-31 | F33: APS LIGHTING & SAFETY PRODUCTS DE COLOMBIA S.A.S | G33: G4659 - Comercio al por mayor de otros tipos de maquinaria y equipo n.c.p. | H33: 08. SOCIEDAD POR ACCIONES SIMPLIFICADA SAS | I33: CLL 70 SUR No 38 - 380 LOCAL 101 | J33: ANTIOQUIA | K33: SABANETA-ANTIOQUIA | L33: Periodo Actual | M33: 2178611 | N33: 2391829 | O33: 4336768 | P33: 1281264 | Q33: 1110565 | R33: 107556 | T33: =M33/O33 -> 0.50235821 | U33: =P33/N33 -> 0.53568378 | W33: =R33/Q33 -> 0.096848001 | X33: =R33/N33 -> 0.044968098
A34: 19641 | B34: Pymes-Individuales | C34: Estado de situación financiera, corriente/no corriente | D34: 890927986 | E34: 2024-12-31 | F34: LINEAS Y DISEÑOS S.A.S | G34: G4659 - Comercio al por mayor de otros tipos de maquinaria y equipo n.c.p. | H34: 08. SOCIEDAD POR ACCIONES SIMPLIFICADA SAS | I34: CRA 50 C 10 SUR 141 | J34: ANTIOQUIA | K34: MEDELLIN-ANTIOQUIA | L34: Periodo Actual | M34: 2347839 | N34: 2392061 | O34: 4336768 | P34: 430431 | Q34: 1961630 | R34: 60175 | T34: =M34/O34 -> 0.54137989 | U34: =P34/N34 -> 0.17994148 | W34: =R34/Q34 -> 0.030676019 | X34: =R34/N34 -> 0.025156131
A35: 28605 | B35: Pymes-Individuales | C35: Estado de situación financiera, corriente/no corriente | D35: 900341056 | E35: 2024-12-31 | F35: SOLUCIONES HYTORC COLOMBIA SAS | G35: G4659 - Comercio al por mayor de otros tipos de maquinaria y equipo n.c.p. | H35: 08. SOCIEDAD POR ACCIONES SIMPLIFICADA SAS | I35: Parque Industrial Ciem Oikos Occidente Bg G 106 Aut Bogota - Medellin | J35: CUNDINAMARCA | K35: COTA-CUNDINAMARCA | L35: Periodo Actual | M35: 1895819 | N35: 3402155 | O35: 3466556 | P35: 1784969 | Q35: 1617186 | R35: 1030973 | S35: 435809 | T35: =M35/O35 -> 0.54688832 | U35: =P35/N35 -> 0.52465834 | V35: =R35/S35 -> 2.3656533 | W35: =R35/Q35 -> 0.63751047 | X35: =R35/N35 -> 0.30303528
A36: 15375 | B36: Pymes-Individuales | C36: Estado de situación financiera, corriente/no corriente | D36: 860042811 | E36: 2024-12-31 | F36: DISAM SAS | G36: G4659 - Comercio al por mayor de otros tipos de maquinaria y equipo n.c.p. | H36: 08. SOCIEDAD POR ACCIONES SIMPLIFICADA SAS | I36: CL 19 12 90 | J36: BOGOTA D.C. | K36: BOGOTA D.C. | L36: Periodo Actual | M36: 1199973 | N36: 6864023 | O36: 2057884 | P36: 123366 | Q36: 6740657 | R36: 38544 | T36: =M36/O36 -> 0.58311013 | U36: =P36/N36 -> 0.017972842 | W36: =R36/Q36 -> 0.005718137 | X36: =R36/N36 -> 0.0056153658
A37: 39275 | B37: Pymes-Individuales | C37: Estado de situación financiera, corriente/no corriente | D37: 900924778 | E37: 2024-12-31 | F37: OIL & GAS MAINTENANCE AND SERVICE SAS | G37: C3312 - Mantenimiento y reparación especializado de maquinaria y equipo | H37: 08. SOCIEDAD POR ACCIONES SIMPLIFICADA SAS | I37: CR 23 63 15 ED EL CASTILLO OF 405 - Rambla | J37: CALDAS | K37: MANIZALES-CALDAS | L37: Periodo Actual | M37: 46885 | N37: 254939 | O37: 80161 | P37: 2118013 | Q37: -1863074 | R37: -16297 | T37: =M37/O37 -> 0.58488542 | U37: =P37/N37 -> 8.3079207 | W37: =R37/Q37 -> 0.0087473713 | X37: =R37/N37 -> -0.063925096
A38: 157 | B38: Pymes-Separados | C38: Estado de situación financiera, corriente/no corriente | D38: 800052699 | E38: 2024-12-31 | F38: REPRESENTACIONES OPTICAS COLOMBIANAS S.A. | G38: G4659 - Comercio al por mayor de otros tipos de maquinaria y equipo n.c.p. | H38: 01. SOCIEDAD ANÓNIMA | I38: CL 77 B No 57 - 141 OF 207 | J38: ATLANTICO | K38: BARRANQUILLA-ATLANTICO | L38: Periodo Actual | M38: 1957460 | N38: 52193607 | O38: 3062384 | P38: 26432637 | Q38: 25760970 | R38: -239042 | S38: 857640 | T38: =M38/O38 -> 0.63919482 | U38: =P38/N38 -> 0.50643438 | V38: =R38/S38 -> -0.27872068 | W38: =R38/Q38 -> -0.0092792313 | X38: =R38/N38 -> -0.0045799096
A39: 23919 | B39: Pymes-Individuales | C39: Estado de situación financiera, corriente/no corriente | D39: 900150235 | E39: 2024-12-31 | F39: DC TEKNICALDERAS LTDA | G39: G4659 - Comercio al por mayor de otros tipos de maquinaria y equipo n.c.p. | H39: 03. SOCIEDAD LIMITADA | I39: CR 73 A 0 24 | J39: BOGOTA D.C. | K39: BOGOTA D.C. | L39: Periodo Actual | M39: 2879892 | N39: 3090536 | O39: 4336768 | P39: 1578553 | Q39: 1511983 | R39: 511517 | S39: 85807 | T39: =M39/O39 -> 0.66406411 | U39: =P39/N39 -> 0.51076998 | V39: =R39/S39 -> 5.9612502 | W39: =R39/Q39 -> 0.3383087 | X39: =R39/N39 -> 0.16551077
A40: 12533 | B40: Pymes-Individuales | C40: Estado de situación financiera, corriente/no corriente | D40: 830106465 | E40: 2024-12-31 | F40: AIRE Y ENERGIA LIMITADA | G40: G4659 - Comercio al por mayor de otros tipos de maquinaria y equipo n.c.p. | H40: 03. SOCIEDAD LIMITADA | I40: CALLE 116 A 71 A 45 | J40: BOGOTA D.C. | K40: BOGOTA D.C. | L40: Periodo Actual | M40: 1041905 | N40: 2309700 | O40: 1484025 | P40: 271716 | Q40: 2037984 | R40: 136987 | S40: 4612 | T40: =M40/O40 -> 0.70208049 | U40: =P40/N40 -> 0.11764125 | V40: =R40/S40 -> 29.702298 | W40: =R40/Q40 -> 0.067216916 | X40: =R40/N40 -> 0.059309434
A41: 27387 | B41: Pymes-Individuales | C41: Estado de situación financiera, corriente/no corriente | D41: 900297138 | E41: 2024-12-31 | F41: DISEÑO PETROMECANICO SAS EN REORGANIZACION | G41: G4659 - Comercio al por mayor de otros tipos de maquinaria y equipo n.c.p. | H41: 08. SOCIEDAD POR ACCIONES SIMPLIFICADA SAS | I41: calle 5 No 20 - 30 | J41: BOGOTA D.C. | K41: BOGOTA D.C. | L41: Periodo Actual | M41: 2603573 | N41: 3471692 | O41: 3466556 | P41: 3254138 | Q41: 217554 | R41: 54251 | S41: 26346 | T41: =M41/O41 -> 0.75105465 | U41: =P41/N41 -> 0.93733488 | V41: =R41/S41 -> 2.0591741 | W41: =R41/Q41 -> 0.24936797 | X41: =R41/N41 -> 0.015626674
A42: 29465 | B42: Pymes-Individuales | C42: Estado de situación financiera, corriente/no corriente | D42: 900371896 | E42: 2024-12-31 | F42: ITAL DESIGN SAS | G42: G4659 - Comercio al por mayor de otros tipos de maquinaria y equipo n.c.p. | H42: 08. SOCIEDAD POR ACCIONES SIMPLIFICADA SAS | I42: CR 27 12 26 | J42: BOGOTA D.C. | K42: BOGOTA D.C. | L42: Periodo Actual | M42: 2609340 | N42: 2612562 | O42: 3466556 | P42: 1651969 | Q42: 960593 | R42: 759669 | S42: 184473 | T42: =M42/O42 -> 0.75271826 | U42: =P42/N42 -> 0.63231763 | V42: =R42/S42 -> 4.1180498 | W42: =R42/Q42 -> 0.79083337 | X42: =R42/N42 -> 0.29077549
A43: 28193 | B43: Pymes-Individuales | C43: Estado de situación financiera, corriente/no corriente | D43: 900328866 | E43: 2024-12-31 | F43: ADN INTERNACIONAL SAS | G43: C3319 - Mantenimiento y reparación de otros tipos de equipos y sus componentes n.c.p. | H43: 08. SOCIEDAD POR ACCIONES SIMPLIFICADA SAS | I43: CALLE 56 A 72 B 35 | J43: BOGOTA D.C. | K43: BOGOTA D.C. | L43: Periodo Actual | M43: 3348231 | N43: 4293600 | O43: 4336768 | P43: 2625305 | Q43: 1668295 | R43: 363805 | S43: 375545 | T43: =M43/O43 -> 0.77205675 | U43: =P43/N43 -> 0.61144611 | V43: =R43/S43 -> 0.96873877 | W43: =R43/Q43 -> 0.21806995 | X43: =R43/N43 -> 0.084731927
A44: 5447 | B44: Plenas-Individuales | C44: Estado de situación financiera, corriente/no corriente | D44: 901123428 | E44: 2024-12-31 | F44: IGT COLOMBIA SOLUTIONS SAS | G44: G4659 - Comercio al por mayor de otros tipos de maquinaria y equipo n.c.p. | H44: 08. SOCIEDAD POR ACCIONES SIMPLIFICADA SAS | I44: Cr 45 No. 108 A - 50 Piso 5 | J44: BOGOTA D.C. | K44: BOGOTA D.C. | L44: Periodo Actual | M44: 92703186 | N44: 121997786 | O44: 117996964 | P44: 117996964 | Q44: 4000822 | R44: -5161103 | S44: 2573691 | T44: =M44/O44 -> 0.78564043 | U44: =P44/N44 -> 0.96720578 | V44: =R44/S44 -> -2.0053313 | W44: =R44/Q44 -> -1.2900107 | X44: =R44/N44 -> -0.042304891
A45: 31615 | B45: Pymes-Individuales | C45: Estado de situación financiera, corriente/no corriente | D45: 900438736 | E45: 2024-12-31 | F45: BITZER COLOMBIA S.A.S | G45: G4659 - Comercio al por mayor de otros tipos de maquinaria y equipo n.c.p. | H45: 08. SOCIEDAD POR ACCIONES SIMPLIFICADA SAS | I45: CARRERA 11 No 79 35 PISO 9 | J45: BOGOTA D.C. | K45: BOGOTA D.C. | L45: Periodo Actual | M45: 577144 | N45: 782797 | O45: 731046 | P45: 631632 | Q45: 151165 | R45: 129949 | S45: 13330 | T45: =M45/O45 -> 0.789477 | U45: =P45/N45 -> 0.80689119 | V45: =R45/S45 -> 9.7486122 | W45: =R45/Q45 -> 0.85965005 | X45: =R45/N45 -> 0.166006
A46: 20805 | B46: Pymes-Individuales | C46: Estado de situación financiera, corriente/no corriente | D46: 900016958 | E46: 2024-12-31 | F46: JPR MAQUINAS Y CONSTRUCCIONES S.A.S | G46: G4659 - Comercio al por mayor de otros tipos de maquinaria y equipo n.c.p. | H46: 08. SOCIEDAD POR ACCIONES SIMPLIFICADA SAS | I46: CRA 48 N 25B SUR 12 OF 302 | J46: ANTIOQUIA | K46: EL-BAGRE-ANTIOQUIA | L46: Periodo Actual | M46: 1635501 | N46: 3827159 | O46: 2057884 | P46: 1738989 | Q46: 2088170 | R46: 312597 | S46: 105115 | T46: =M46/O46 -> 0.79474888 | U46: =P46/N46 -> 0.45438117 | V46: =R46/S46 -> 2.9738572 | W46: =R46/Q46 -> 0.14969902 | X46: =R46/N46 -> 0.081678603
A47: 31459 | B47: Pymes-Individuales | C47: Estado de situación financiera, corriente/no corriente | D47: 900433389 | E47: 2024-12-31 | F47: IML AISLATERMICOS INDUSTRIALES SAS | G47: C3312 - Mantenimiento y reparación especializado de maquinaria y equipo | H47: 08. SOCIEDAD POR ACCIONES SIMPLIFICADA SAS | I47: CALLE 34 SUR 73F 36 | J47: BOGOTA D.C. | K47: BOGOTA D.C. | L47: Periodo Actual | M47: 1664547 | N47: 1786605 | O47: 2057884 | P47: 695428 | Q47: 1091177 | R47: 463599 | S47: 21270 | T47: =M47/O47 -> 0.80886338 | U47: =P47/N47 -> 0.38924552 | V47: =R47/S47 -> 21.79591 | W47: =R47/Q47 -> 0.42486141 | X47: =R47/N47 -> 0.25948601
A48: 15873 | B48: Pymes-Individuales | C48: Estado de situación financiera, corriente/no corriente | D48: 860064146 | E48: 2024-12-31 | F48: EQUIMED LTDA | G48: G4659 - Comercio al por mayor de otros tipos de maquinaria y equipo n.c.p. | H48: 03. SOCIEDAD LIMITADA | I48: CALLE 37 16 39 | J48: BOGOTA D.C. | K48: BOGOTA D.C. | L48: Periodo Actual | M48: 2606471 | N48: 3320630 | O48: 3170245 | P48: 651938 | Q48: 2668692 | R48: 283960 | T48: =M48/O48 -> 0.82216706 | U48: =P48/N48 -> 0.19632961 | W48: =R48/Q48 -> 0.10640419 | X48: =R48/N48 -> 0.085513893
A49: 13641 | B49: Pymes-Individuales | C49: Estado de situación financiera, corriente/no corriente | D49: 830144577 | E49: 2024-12-31 | F49: ABC RODAMIENTOS Y SUMINISTROS INDUTRIALES SAS | G49: G4659 - Comercio al por mayor de otros tipos de maquinaria y equipo n.c.p. | H49: 08. SOCIEDAD POR ACCIONES SIMPLIFICADA SAS | I49: CARRERA 62 12 58 BODEGA 9 | J49: BOGOTA D.C. | K49: BOGOTA D.C. | L49: Periodo Actual | M49: 2655168 | N49: 3777606 | O49: 3170245 | P49: 2291784 | Q49: 1485822 | R49: 426758 | S49: 179221 | T49: =M49/O49 -> 0.8375277 | U49: =P49/N49 -> 0.60667629 | V49: =R49/S49 -> 2.381183 | W49: =R49/Q49 -> 0.28722014 | X49: =R49/N49 -> 0.11297049
A50: 24285 | B50: Pymes-Individuales | C50: Estado de situación financiera, corriente/no corriente | D50: 900164399 | E50: 2024-12-31 | F50: RITTAL SAS | G50: G4659 - Comercio al por mayor de otros tipos de maquinaria y equipo n.c.p. | H50: 08. SOCIEDAD POR ACCIONES SIMPLIFICADA SAS | I50: AUT BOG MED KM 7 PARQUE EMPRESARIAL CELTA BG 1 LT 48 | J50: CUNDINAMARCA | K50: FUNZA-CUNDINAMARCA | L50: Periodo Actual | M50: 17515336 | N50: 18130738 | O50: 20892440 | P50: 3442554 | Q50: 14688184 | R50: 3477733 | T50: =M50/O50 -> 0.83835761 | U50: =P50/N50 -> 0.1898739 | W50: =R50/Q50 -> 0.23677079 | X50: =R50/N50 -> 0.1918142
A51: 1391 | B51: Plenas-Individuales | C51: Estado de situación financiera, corriente/no corriente | D51: 830041688 | E51: 2024-12-31 | F51: COMMSCOPE CONNECTIVITY COLOMBIA SAS | G51: G4659 - Comercio al por mayor de otros tipos de maquinaria y equipo n.c.p. | H51: 08. SOCIEDAD POR ACCIONES SIMPLIFICADA SAS | I51: AK 9 113 52 OF 1606 ED TORRES UNIDAS DOS | J51: BOGOTA D.C. | K51: BOGOTA D.C. | L51: Periodo Actual | M51: 12786948 | N51: 14662001 | O51: 14734084 | P51: 15296867 | Q51: -634866 | R51: 2346382 | S51: 1512741 | T51: =M51/O51 -> 0.86784818 | U51: =P51/N51 -> 1.0433001 | V51: =R51/S51 -> 1.5510798 | W51: =R51/Q51 -> -3.6958697 | X51: =R51/N51 -> 0.1600315
A52: 31205 | B52: Pymes-Individuales | C52: Estado de situación financiera, corriente/no corriente | D52: 900424218 | E52: 2024-12-31 | F52: BEUMER GROUP COLOMBIA SAS | G52: C3312 - Mantenimiento y reparación especializado de maquinaria y equipo | H52: 08. SOCIEDAD POR ACCIONES SIMPLIFICADA SAS | I52: CR 13 116 05 OF 202 | J52: BOGOTA D.C. | K52: BOGOTA D.C. | L52: Periodo Actual | M52: 18332431 | N52: 18568359 | O52: 20892440 | P52: 7766321 | Q52: 10802038 | R52: 6102063 | T52: =M52/O52 -> 0.87746721 | U52: =P52/N52 -> 0.41825565 | W52: =R52/Q52 -> 0.56489923 | X52: =R52/N52 -> 0.32862694
A53: 4367 | B53: Pymes-Individuales | C53: Estado de situación financiera, corriente/no corriente | D53: 800230972 | E53: 2024-12-31 | F53: VALSI DE COLOMBIA SAS | G53: G4659 - Comercio al por mayor de otros tipos de maquinaria y equipo n.c.p. | H53: 08. SOCIEDAD POR ACCIONES SIMPLIFICADA SAS | I53: CL 17 27 67 | J53: BOGOTA D.C. | K53: BOGOTA D.C. | L53: Periodo Actual | M53: 11425760 | N53: 14476014 | O53: 12943109 | P53: 13122577 | Q53: 1353437 | R53: -395174 | T53: =M53/O53 -> 0.88276781 | U53: =P53/N53 -> 0.90650486 | W53: =R53/Q53 -> -0.29197813 | X53: =R53/N53 -> -0.027298537
A54: 3753 | B54: Plenas-Individuales | C54: Estado de situación financiera, corriente/no corriente | D54: 900308795 | E54: 2024-12-31 | F54: ISTC ANDINA S A S | G54: G4659 - Comercio al por mayor de otros tipos de maquinaria y equipo n.c.p. | H54: 08. SOCIEDAD POR ACCIONES SIMPLIFICADA SAS | I54: Cr 49 103 60 | J54: BOGOTA D.C. | K54: BOGOTA D.C. | L54: Periodo Actual | M54: 5802428 | N54: 6372953 | O54: 6375600 | P54: 6375600 | Q54: -2647 | R54: -1228978 | S54: 9130 | T54: =M54/O54 -> 0.91009913 | U54: =P54/N54 -> 1.0004153 | V54: =R54/S54 -> -134.60876 | W54: =R54/Q54 -> 464.2909 | X54: =R54/N54 -> -0.19284278
A55: 8033 | B55: Pymes-Individuales | C55: Estado de situación financiera, corriente/no corriente | D55: 811030826 | E55: 2024-12-31 | F55: ISP MEDELLIN SAS | G55: C3312 - Mantenimiento y reparación especializado de maquinaria y equipo | H55: 08. SOCIEDAD POR ACCIONES SIMPLIFICADA SAS | I55: CALLE 42 63 C 122 | J55: ANTIOQUIA | K55: MEDELLIN-ANTIOQUIA | L55: Periodo Actual | M55: 431265 | N55: 1009871 | O55: 471104 | P55: 679824 | Q55: 330047 | R55: 70699 | T55: =M55/O55 -> 0.91543481 | U55: =P55/N55 -> 0.67317905 | W55: =R55/Q55 -> 0.21420889 | X55: =R55/N55 -> 0.070007952
A56: 14693 | B56: Pymes-Individuales | C56: Estado de situación financiera, corriente/no corriente | D56: 860004755 | E56: 2024-12-31 | F56: FSC SOLUCIONES DE INGENIERIA SAS | G56: G4659 - Comercio al por mayor de otros tipos de maquinaria y equipo n.c.p. | H56: 08. SOCIEDAD POR ACCIONES SIMPLIFICADA SAS | I56: CLL 148 # 107-50 T1 APTO 804 | J56: BOGOTA D.C. | K56: BOGOTA D.C. | L56: Periodo Actual | M56: 1743945 | N56: 1743945 | O56: 1730981 | P56: 380934 | Q56: 1363011 | R56: -600746 | S56: 165467 | T56: =M56/O56 -> 1.0074894 | U56: =P56/N56 -> 0.21843235 | V56: =R56/S56 -> -3.6306091 | W56: =R56/Q56 -> -0.44074919 | X56: =R56/N56 -> -0.34447531
A57: 5759 | B57: Plenas-Individuales | C57: Estado de situación financiera, corriente/no corriente | D57: 901308114 | E57: 2024-12-31 | F57: WELLBORE INTEGRITY SOLUTIONS COLOMBIA S.A.S. | G57: C3312 - Mantenimiento y reparación especializado de maquinaria y equipo | H57: 08. SOCIEDAD POR ACCIONES SIMPLIFICADA SAS | I57: AK 7 # 114 - 33 ED SCOTIANBANK OF 504 | J57: BOGOTA D.C. | K57: BOGOTA D.C. | L57: Periodo Actual | M57: 43063626 | N57: 63290267 | O57: 42410617 | P57: 44156200 | Q57: 19134067 | R57: 6820555 | S57: 9465956 | T57: =M57/O57 -> 1.0153973 | U57: =P57/N57 -> 0.69767757 | V57: =R57/S57 -> 0.72053525 | W57: =R57/Q57 -> 0.35646133 | X57: =R57/N57 -> 0.10776625
A58: 5003 | B58: Pymes-Individuales | C58: Estado de situación financiera, corriente/no corriente | D58: 802001786 | E58: 2024-12-31 | F58: NOVA MEDICA SAS | G58: G4659 - Comercio al por mayor de otros tipos de maquinaria y equipo n.c.p. | H58: 08. SOCIEDAD POR ACCIONES SIMPLIFICADA SAS | I58: CR 49C 79 184 | J58: ATLANTICO | K58: BARRANQUILLA-ATLANTICO | L58: Periodo Actual | M58: 11134732 | N58: 14402240 | O58: 10854533 | P58: 10854533 | Q58: 3547707 | R58: 1760386 | S58: 234021 | T58: =M58/O58 -> 1.025814 | U58: =P58/N58 -> 0.75366978 | V58: =R58/S58 -> 7.522342 | W58: =R58/Q58 -> 0.49620389 | X58: =R58/N58 -> 0.12223001
A59: 14519 | B59: Pymes-Individuales | C59: Estado de situación financiera, corriente/no corriente | D59: 860000100 | E59: 2024-12-31 | F59: HACH COLOMBIA SAS | G59: G4659 - Comercio al por mayor de otros tipos de maquinaria y equipo n.c.p. | H59: 08. SOCIEDAD POR ACCIONES SIMPLIFICADA SAS | I59: Cr 53 A 128 B 54 | J59: BOGOTA D.C. | K59: BOGOTA D.C. | L59: Periodo Actual | M59: 21835320 | N59: 22822390 | O59: 20892440 | P59: 9484252 | Q59: 13338138 | R59: 3572563 | S59: 751795 | T59: =M59/O59 -> 1.0451302 | U59: =P59/N59 -> 0.41556787 | V59: =R59/S59 -> 4.7520441 | W59: =R59/Q59 -> 0.26784571 | X59: =R59/N59 -> 0.15653764
A60: 97 | B60: Pymes-Individuales | C60: Estado de situación financiera, corriente/no corriente | D60: 800002609 | E60: 2024-12-31 | F60: ENERGEX S.A | G60: G4659 - Comercio al por mayor de otros tipos de maquinaria y equipo n.c.p. | H60: 01. SOCIEDAD ANÓNIMA | I60: AC 63 74 42 BG3 | J60: BOGOTA D.C. | K60: BOGOTA D.C. | L60: Periodo Actual | M60: 10767754 | N60: 12484740 | O60: 10179374 | P60: 10196055 | Q60: 2288685 | R60: 917110 | S60: 2081977 | T60: =M60/O60 -> 1.0578012 | U60: =P60/N60 -> 0.8166814 | V60: =R60/S60 -> 0.44049958 | W60: =R60/Q60 -> 0.40071482 | X60: =R60/N60 -> 0.073458478
A61: 4131 | B61: Plenas-Individuales | C61: Estado de situación financiera, corriente/no corriente | D61: 900412189 | E61: 2024-12-31 | F61: NOVATECNICA | G61: C3312 - Mantenimiento y reparación especializado de maquinaria y equipo | H61: 08. SOCIEDAD POR ACCIONES SIMPLIFICADA SAS | I61: CR 7 99 53 TORRE 2 PISO 19 | J61: BOGOTA D.C. | K61: BOGOTA D.C. | L61: Periodo Actual | M61: 9386083 | N61: 11272388 | O61: 8775433 | P61: 8786777 | Q61: 2485611 | R61: 1702843 | S61: 42323 | T61: =M61/O61 -> 1.0695863 | U61: =P61/N61 -> 0.77949561 | V61: =R61/S61 -> 40.234459 | W61: =R61/Q61 -> 0.68508025 | X61: =R61/N61 -> 0.1510632
A62: 1413 | B62: Plenas-Individuales | C62: Estado de situación financiera, corriente/no corriente | D62: 830046068 | E62: 2024-12-31 | F62: GE ENERGIAS RENOVAVEIS LTDA SUCURSAL COLOMBIA | G62: C3312 - Mantenimiento y reparación especializado de maquinaria y equipo | H62: 02. SUCURSAL EXTRANJERA | I62: CALLE 100 NO 19-54 OF 303 | J62: BOGOTA D.C. | K62: BOGOTA D.C. | L62: Periodo Actual | M62: 30582133 | N62: 58709908 | O62: 28346979 | P62: 33720243 | Q62: 24989665 | R62: 4394446 | T62: =M62/O62 -> 1.0788498 | U62: =P62/N62 -> 0.57435353 | W62: =R62/Q62 -> 0.17585054 | X62: =R62/N62 -> 0.07485016
A63: 1487 | B63: Plenas-Individuales | C63: Estado de situación financiera, corriente/no corriente | D63: 830060331 | E63: 2024-12-31 | F63: Komatsu Colombia SAS | G63: G4659 - Comercio al por mayor de otros tipos de maquinaria y equipo n.c.p. | H63: 08. SOCIEDAD POR ACCIONES SIMPLIFICADA SAS | I63: Autopista Norte KM 21 Via chia | J63: CUNDINAMARCA | K63: CHIA-CUNDINAMARCA | L63: Periodo Actual | M63: 383180781 | N63: 524928584 | O63: 347268080 | P63: 385140335 | Q63: 139788249 | R63: 47932548 | S63: 1211701 | T63: =M63/O63 -> 1.1034149 | U63: =P63/N63 -> 0.73370044 | V63: =R63/S63 -> 39.558066 | W63: =R63/Q63 -> 0.34289397 | X63: =R63/N63 -> 0.091312513
A64: 6067 | B64: Pymes-Individuales | C64: Estado de situación financiera, corriente/no corriente | D64: 805005133 | E64: 2024-12-31 | F64: NETGY S.A.S EN REOGANIZACIÓN ABREVIADA | G64: G4659 - Comercio al por mayor de otros tipos de maquinaria y equipo n.c.p. | H64: 08. SOCIEDAD POR ACCIONES SIMPLIFICADA SAS | I64: CL 29 # 15 - 62 | J64: VALLE | K64: CALI-VALLE | L64: Periodo Actual | M64: 2347906 | N64: 3133227 | O64: 2100996 | P64: 2135244 | Q64: 997983 | R64: -60978 | T64: =M64/O64 -> 1.1175205 | U64: =P64/N64 -> 0.68148398 | W64: =R64/Q64 -> -0.061101241 | X64: =R64/N64 -> -0.019461724
A65: 3441 | B65: Plenas-Individuales | C65: Estado de situación financiera, corriente/no corriente | D65: 900184924 | E65: 2024-12-31 | F65: ROBERT BOSCH LTDA | G65: G4659 - Comercio al por mayor de otros tipos de maquinaria y equipo n.c.p. | H65: 03. SOCIEDAD LIMITADA | I65: AV CR 45 108A 50 P 7 AV CR 45 108A 50 P 7 | J65: BOGOTA D.C. | K65: BOGOTA D.C. | L65: Periodo Actual | M65: 148534425 | N65: 159975097 | O65: 132720313 | P65: 133065854 | Q65: 26909243 | R65: 22619722 | T65: =M65/O65 -> 1.1191537 | U65: =P65/N65 -> 0.83179105 | W65: =R65/Q65 -> 0.84059303 | X65: =R65/N65 -> 0.14139527
A66: 4259 | B66: Plenas-Individuales | C66: Estado de situación financiera, corriente/no corriente | D66: 900456739 | E66: 2024-12-31 | F66: HILTI COLOMBIA S.A.S. | G66: G4659 - Comercio al por mayor de otros tipos de maquinaria y equipo n.c.p. | H66: 08. SOCIEDAD POR ACCIONES SIMPLIFICADA SAS | I66: CL 99 10 - 57 P2 | J66: BOGOTA D.C. | K66: BOGOTA D.C. | L66: Periodo Actual | M66: 35718590 | N66: 39836294 | O66: 31808223 | P66: 32801307 | Q66: 7034987 | R66: 28643 | T66: =M66/O66 -> 1.1229357 | U66: =P66/N66 -> 0.82340257 | W66: =R66/Q66 -> 0.0040715072 | X66: =R66/N66 -> 0.00071901769
A67: 18271 | B67: Pymes-Individuales | C67: Estado de situación financiera, corriente/no corriente | D67: 890317851 | E67: 2024-12-31 | F67: FISIOMEDICA SAS | G67: G4659 - Comercio al por mayor de otros tipos de maquinaria y equipo n.c.p. | H67: 08. SOCIEDAD POR ACCIONES SIMPLIFICADA SAS | I67: AV CALLE 80 69 70 BODEGA 38 | J67: BOGOTA D.C. | K67: BOGOTA D.C. | L67: Periodo Actual | M67: 3896824 | N67: 3897209 | O67: 3466556 | P67: 2222543 | Q67: 1674666 | R67: 522811 | S67: 70471 | T67: =M67/O67 -> 1.1241197 | U67: =P67/N67 -> 0.57029094 | V67: =R67/S67 -> 7.4188106 | W67: =R67/Q67 -> 0.31218822 | X67: =R67/N67 -> 0.13415011
A68: 663 | B68: Plenas-Individuales | C68: Estado de situación financiera, corriente/no corriente | D68: 800249678 | E68: 2024-12-31 | F68: JUNGHEINRICH COLOMBIA SAS | G68: G4659 - Comercio al por mayor de otros tipos de maquinaria y equipo n.c.p. | H68: 08. SOCIEDAD POR ACCIONES SIMPLIFICADA SAS | I68: CLL 2 18 93 VIA MOSQUERA PARQUE IND SAN JORGE BG 57 58 | J68: CUNDINAMARCA | K68: MOSQUERA-CUNDINAMARCA | L68: Periodo Actual | M68: 43894593 | N68: 105105108 | O68: 38764010 | P68: 85283740 | Q68: 19821368 | R68: 15361211 | T68: =M68/O68 -> 1.1323543 | U68: =P68/N68 -> 0.81141385 | W68: =R68/Q68 -> 0.77498238 | X68: =R68/N68 -> 0.14615095
A69: 1585 | B69: Plenas-Individuales | C69: Estado de situación financiera, corriente/no corriente | D69: 830083714 | E69: 2024-12-31 | F69: NOVOMATIC GAMING COLOMBIA SAS | G69: G4659 - Comercio al por mayor de otros tipos de maquinaria y equipo n.c.p. | H69: 08. SOCIEDAD POR ACCIONES SIMPLIFICADA SAS | I69: AUTONORTE 122 N 45 | J69: BOGOTA D.C. | K69: BOGOTA D.C. | L69: Periodo Actual | M69: 104316919 | N69: 113066931 | O69: 91312808 | P69: 95452129 | Q69: 17614802 | R69: -15524429 | T69: =M69/O69 -> 1.1424128 | U69: =P69/N69 -> 0.84420907 | W69: =R69/Q69 -> -0.88132861 | X69: =R69/N69 -> -0.137303
A70: 37143 | B70: Pymes-Individuales | C70: Estado de situación financiera, corriente/no corriente | D70: 900704499 | E70: 2024-12-31 | F70: MAQUITEC SOLUTIONS SAS | G70: G4659 - Comercio al por mayor de otros tipos de maquinaria y equipo n.c.p. | H70: 05. SOCIEDAD EN COMANDITA POR ACCIONES | I70: CR 77 BIS 128 B 63 | J70: BOGOTA D.C. | K70: BOGOTA D.C. | L70: Periodo Actual | M70: 3965731 | N70: 4045543 | O70: 3466556 | P70: 2312603 | Q70: 1732940 | R70: 161377 | T70: =M70/O70 -> 1.1439974 | U70: =P70/N70 -> 0.57164218 | W70: =R70/Q70 -> 0.093123247 | X70: =R70/N70 -> 0.039890072
A71: 2223 | B71: Plenas-Individuales | C71: Estado de situación financiera, corriente/no corriente | D71: 860064038 | E71: 2024-12-31 | F71: HELICENTRO SAS | G71: G4659 - Comercio al por mayor de otros tipos de maquinaria y equipo n.c.p. | H71: 08. SOCIEDAD POR ACCIONES SIMPLIFICADA SAS | I71: KM 2 AUT MEDELLÍN | J71: CUNDINAMARCA | K71: COTA-CUNDINAMARCA | L71: Periodo Actual | M71: 118725068 | N71: 171113998 | O71: 102809501 | P71: 120630911 | Q71: 50483087 | R71: 17314995 | S71: 0 | T71: =M71/O71 -> 1.1548064 | U71: =P71/N71 -> 0.70497395 | W71: =R71/Q71 -> 0.34298606 | X71: =R71/N71 -> 0.10118982
A72: 5281 | B72: Pymes-Individuales | C72: Estado de situación financiera, corriente/no corriente | D72: 802013459 | E72: 2024-12-31 | F72: INVESTIGACIONES METROLOGICAS DEL CARIBE SA | G72: C3313 - Mantenimiento y reparación especializado de equipo electrónico y óptico | H72: 01. SOCIEDAD ANÓNIMA | I72: CALLE 64 47 102 | J72: ATLANTICO | K72: BARRANQUILLA-ATLANTICO | L72: Periodo Actual | M72: 895602 | N72: 2699233 | O72: 773636 | P72: 773636 | Q72: 1925597 | R72: 451074 | S72: 108448 | T72: =M72/O72 -> 1.157653 | U72: =P72/N72 -> 0.28661327 | V72: =R72/S72 -> 4.1593575 | W72: =R72/Q72 -> 0.23425151 | X72: =R72/N72 -> 0.16711192
A73: 5519 | B73: Plenas-Individuales | C73: Estado de situación financiera, corriente/no corriente | D73: 901161466 | E73: 2024-12-31 | F73: MHI POWER COLOMBIA S.A.S. | G73: C3312 - Mantenimiento y reparación especializado de maquinaria y equipo | H73: 08. SOCIEDAD POR ACCIONES SIMPLIFICADA SAS | I73: CR 7 NO. 71 21 TO A P 8 | J73: BOGOTA D.C. | K73: BOGOTA D.C. | L73: Periodo Actual | M73: 29610932 | N73: 89342461 | O73: 25028048 | P73: 75915659 | Q73: 13426802 | R73: 5703821 | T73: =M73/O73 -> 1.1831099 | U73: =P73/N73 -> 0.84971533 | W73: =R73/Q73 -> 0.4248086 | X73: =R73/N73 -> 0.063842219
A74: 39557 | B74: Pymes-Individuales | C74: Estado de situación financiera, corriente/no corriente | D74: 900953591 | E74: 2024-12-31 | F74: JPG TOOLS & TOOLS SAS | G74: G4659 - Comercio al por mayor de otros tipos de maquinaria y equipo n.c.p. | H74: 08. SOCIEDAD POR ACCIONES SIMPLIFICADA SAS | I74: CL 39 4B 40 | J74: VALLE | K74: CALI-VALLE | L74: Periodo Actual | M74: 4124835 | N74: 5556828 | O74: 3466556 | P74: 1666009 | Q74: 3890819 | R74: 1245199 | S74: 70097 | T74: =M74/O74 -> 1.1898942 | U74: =P74/N74 -> 0.29981295 | V74: =R74/S74 -> 17.763941 | W74: =R74/Q74 -> 0.32003519 | X74: =R74/N74 -> 0.2240845
A75: 8823 | B75: Pymes-Individuales | C75: Estado de situación financiera, corriente/no corriente | D75: 815004411 | E75: 2024-12-31 | F75: ESPECIALISTAS EN REPARACION, MONTAJES INDUSTRIALES Y DE CALDERAS S.A.S. | G75: C3312 - Mantenimiento y reparación especializado de maquinaria y equipo | H75: 08. SOCIEDAD POR ACCIONES SIMPLIFICADA SAS | I75: CRA 28 69 79 | J75: VALLE | K75: PALMIRA-VALLE | L75: Periodo Actual | M75: 4454831 | N75: 13964800 | O75: 3678207 | P75: 8342845 | Q75: 5621955 | R75: 202852 | S75: 66151 | T75: =M75/O75 -> 1.211142 | U75: =P75/N75 -> 0.59741958 | V75: =R75/S75 -> 3.0664994 | W75: =R75/Q75 -> 0.03608211 | X75: =R75/N75 -> 0.014525951
A76: 105 | B76: Plenas-Individuales | C76: Estado de situación financiera, corriente/no corriente | D76: 800029447 | E76: 2024-12-31 | F76: GE ENERGY COLOMBIA S.A. | G76: 900098586-1 | H76: 01. SOCIEDAD ANÓNIMA | I76: CALLE 100 # 19-54 Oficina 303 | J76: BOGOTA D.C. | K76: BOGOTA D.C. | L76: Periodo Actual | M76: 74455241 | N76: 76661386 | O76: 61306635 | P76: 111494801 | Q76: -34833415 | R76: -19380706 | S76: 2920169 | T76: =M76/O76 -> 1.2144728 | U76: =P76/N76 -> 1.4543802 | V76: =R76/S76 -> -6.636844 | W76: =R76/Q76 -> 0.5563826 | X76: =R76/N76 -> -0.25280923
A77: 3047 | B77: Plenas-Individuales | C77: Estado de situación financiera, corriente/no corriente | D77: 900042771 | E77: 2024-12-31 | F77: ROHDE & SCHWARZ COLOMBIA S.A.S. | G77: G4659 - Comercio al por mayor de otros tipos de maquinaria y equipo n.c.p. | H77: 08. SOCIEDAD POR ACCIONES SIMPLIFICADA SAS | I77: CR 17 A 119 A 80 | J77: BOGOTA D.C. | K77: BOGOTA D.C. | L77: Periodo Actual | M77: 64302281 | N77: 68323432 | O77: 52928868 | P77: 56879145 | Q77: 11444287 | R77: 3922236 | S77: 3911802 | T77: =M77/O77 -> 1.2148811 | U77: =P77/N77 -> 0.83249836 | V77: =R77/S77 -> 1.0026673 | W77: =R77/Q77 -> 0.34272437 | X77: =R77/N77 -> 0.057406894
A78: 4165 | B78: Pymes-Individuales | C78: Estado de situación financiera, corriente/no corriente | D78: 800222033 | E78: 2024-12-31 | F78: ARCE MUÑOZ RAMIREZ Y CIA SAS | G78: G4659 - Comercio al por mayor de otros tipos de maquinaria y equipo n.c.p. | H78: 08. SOCIEDAD POR ACCIONES SIMPLIFICADA SAS | I78: CALLE 8 19 A 35 | J78: BOGOTA D.C. | K78: BOGOTA D.C. | L78: Periodo Actual | M78: 1892448 | N78: 11597299 | O78: 1555797 | P78: 3361619 | Q78: 8235680 | R78: 662225 | S78: 419623 | T78: =M78/O78 -> 1.2163849 | U78: =P78/N78 -> 0.28986223 | V78: =R78/S78 -> 1.5781428 | W78: =R78/Q78 -> 0.080409268 | X78: =R78/N78 -> 0.057101658
A79: 4001 | B79: Plenas-Individuales | C79: Estado de situación financiera, corriente/no corriente | D79: 900383361 | E79: 2024-12-31 | F79: MINDRAY MEDICAL COLOMBIA SAS | G79: G4659 - Comercio al por mayor de otros tipos de maquinaria y equipo n.c.p. | H79: 08. SOCIEDAD POR ACCIONES SIMPLIFICADA SAS | I79: Ac 100 54 Of 1002 | J79: BOGOTA D.C. | K79: BOGOTA D.C. | L79: Periodo Actual | M79: 30496677 | N79: 36358859 | O79: 24945560 | P79: 28251830 | Q79: 8107029 | R79: -3807603 | S79: 2512458 | T79: =M79/O79 -> 1.2225293 | U79: =P79/N79 -> 0.77702741 | V79: =R79/S79 -> -1.5154892 | W79: =R79/Q79 -> -0.46966688 | X79: =R79/N79 -> -0.10472284
A80: 34149 | B80: Pymes-Individuales | C80: Estado de situación financiera, corriente/no corriente | D80: 900537099 | E80: 2024-12-31 | F80: BB EQUIPOS TOPOGRAFICOS SAS | G80: G4659 - Comercio al por mayor de otros tipos de maquinaria y equipo n.c.p. | H80: 08. SOCIEDAD POR ACCIONES SIMPLIFICADA SAS | I80: CRA 19B N 83 63 | J80: BOGOTA D.C. | K80: BOGOTA D.C. | L80: Periodo Actual | M80: 26220857 | N80: 37209616 | O80: 20892440 | P80: 27111831 | Q80: 10097785 | R80: 932474 | T80: =M80/O80 -> 1.2550404 | U80: =P80/N80 -> 0.72862432 | W80: =R80/Q80 -> 0.09234441 | X80: =R80/N80 -> 0.025060027
A81: 15567 | B81: Pymes-Individuales | C81: Estado de situación financiera, corriente/no corriente | D81: 860050648 | E81: 2024-12-31 | F81: RECONSTRUCTORA GENERAL DE MOTORES LTDA | G81: C3312 - Mantenimiento y reparación especializado de maquinaria y equipo | H81: 03. SOCIEDAD LIMITADA | I81: CR 22 17 63 | J81: BOGOTA D.C. | K81: BOGOTA D.C. | L81: Periodo Actual | M81: 918345 | N81: 6132221 | O81: 731046 | P81: 1619705 | Q81: 4512516 | R81: 1572053 | S81: 322321 | T81: =M81/O81 -> 1.2562069 | U81: =P81/N81 -> 0.26413024 | V81: =R81/S81 -> 4.87729 | W81: =R81/Q81 -> 0.34837616 | X81: =R81/N81 -> 0.25635948
A82: 5709 | B82: Plenas-Individuales | C82: Estado de situación financiera, corriente/no corriente | D82: 901274344 | E82: 2024-12-31 | F82: CARL BAGUHN BARRANQUILLA SAS | G82: G4659 - Comercio al por mayor de otros tipos de maquinaria y equipo n.c.p. | H82: 08. SOCIEDAD POR ACCIONES SIMPLIFICADA SAS | I82: KM 8 VIA BARRANQUILLA TUBARA ZF LA CAYENA LOTE 46 1 BG 2 | J82: ATLANTICO | K82: BARRANQUILLA-ATLANTICO | L82: Periodo Actual | M82: 8654865 | N82: 9569265 | O82: 6884858 | P82: 6884858 | Q82: 2684407 | R82: 879699 | T82: =M82/O82 -> 1.2570869 | U82: =P82/N82 -> 0.71947616 | W82: =R82/Q82 -> 0.32770701 | X82: =R82/N82 -> 0.091929631
A83: 1625 | B83: Plenas-Individuales | C83: Estado de situación financiera, corriente/no corriente | D83: 830092234 | E83: 2024-12-31 | F83: ANDRITZ HYDRO LTDA | G83: G4659 - Comercio al por mayor de otros tipos de maquinaria y equipo n.c.p. | H83: 03. SOCIEDAD LIMITADA | I83: CR 67 100 20OF 801 | J83: BOGOTA D.C. | K83: BOGOTA D.C. | L83: Periodo Actual | M83: 25290724 | N83: 27775616 | O83: 20039401 | P83: 21604522 | Q83: 6171094 | R83: 818507 | S83: 788459 | T83: =M83/O83 -> 1.2620499 | U83: =P83/N83 -> 0.77782333 | V83: =R83/S83 -> 1.0381098 | W83: =R83/Q83 -> 0.13263564 | X83: =R83/N83 -> 0.029468545
A84: 3633 | B84: Plenas-Individuales | C84: Estado de situación financiera, corriente/no corriente | D84: 900261089 | E84: 2024-12-31 | F84: IMPORMEDICAL EQUIPOS Y SUMINISTROS MEDICOS SA | G84: G4659 - Comercio al por mayor de otros tipos de maquinaria y equipo n.c.p. | H84: 01. SOCIEDAD ANÓNIMA | I84: CALLE 32A 26 - 58 | J84: VALLE | K84: CALI-VALLE | L84: Periodo Actual | M84: 34605065 | N84: 41278920 | O84: 27401230 | P84: 30760331 | Q84: 10518589 | R84: 5167011 | S84: 60366 | T84: =M84/O84 -> 1.2629019 | U84: =P84/N84 -> 0.74518255 | V84: =R84/S84 -> 85.594722 | W84: =R84/Q84 -> 0.49122663 | X84: =R84/N84 -> 0.12517311
A85: 249 | B85: Pymes-Separados | C85: Estado de situación financiera, corriente/no corriente | D85: 800119427 | E85: 2024-12-31 | F85: FAISMON S.A.S | G85: C3312 - Mantenimiento y reparación especializado de maquinaria y equipo | H85: 08. SOCIEDAD POR ACCIONES SIMPLIFICADA SAS | I85: CR 47 D 78 C SUR 144 | J85: ANTIOQUIA | K85: SABANETA-ANTIOQUIA | L85: Periodo Actual | M85: 6174766 | N85: 46229612 | O85: 4887147 | P85: 16689146 | Q85: 29540466 | R85: 710836 | S85: 1925034 | T85: =M85/O85 -> 1.2634705 | U85: =P85/N85 -> 0.36100554 | V85: =R85/S85 -> 0.36925893 | W85: =R85/Q85 -> 0.024063128 | X85: =R85/N85 -> 0.015376205
A86: 1753 | B86: Plenas-Individuales | C86: Estado de situación financiera, corriente/no corriente | D86: 830128434 | E86: 2024-12-31 | F86: WEG COLOMBIA S.A.S. | G86: G4659 - Comercio al por mayor de otros tipos de maquinaria y equipo n.c.p. | H86: 08. SOCIEDAD POR ACCIONES SIMPLIFICADA SAS | I86: KM 2 VIA SIBERIA - COTA | J86: CUNDINAMARCA | K86: COTA-CUNDINAMARCA | L86: Periodo Actual | M86: 346936867 | N86: 452705626 | O86: 274129003 | P86: 274214684 | Q86: 178490942 | R86: 48876966 | S86: 69777122 | T86: =M86/O86 -> 1.2655971 | U86: =P86/N86 -> 0.60572405 | V86: =R86/S86 -> 0.70047266 | W86: =R86/Q86 -> 0.27383443 | X86: =R86/N86 -> 0.10796633
A87: 11725 | B87: Pymes-Individuales | C87: Estado de situación financiera, corriente/no corriente | D87: 830077515 | E87: 2024-12-31 | F87: GLOBAL MOTOR SAS | G87: G4659 - Comercio al por mayor de otros tipos de maquinaria y equipo n.c.p. | H87: 08. SOCIEDAD POR ACCIONES SIMPLIFICADA SAS | I87: CL 17A 69B 27 | J87: BOGOTA D.C. | K87: BOGOTA D.C. | L87: Periodo Actual | M87: 26578119 | N87: 28929343 | O87: 20892440 | P87: 15600725 | Q87: 13328618 | R87: 2886073 | S87: 1516381 | T87: =M87/O87 -> 1.2721405 | U87: =P87/N87 -> 0.53926994 | V87: =R87/S87 -> 1.9032638 | W87: =R87/Q87 -> 0.21653205 | X87: =R87/N87 -> 0.099762826
A88: 11349 | B88: Pymes-Individuales | C88: Estado de situación financiera, corriente/no corriente | D88: 830065206 | E88: 2024-12-31 | F88: CLA DE COLOMBIA SAS | G88: G4659 - Comercio al por mayor de otros tipos de maquinaria y equipo n.c.p. | H88: 08. SOCIEDAD POR ACCIONES SIMPLIFICADA SAS | I88: CR 11 A 93 93 OF 203 | J88: BOGOTA D.C. | K88: BOGOTA D.C. | L88: Periodo Actual | M88: 4071678 | N88: 4994212 | O88: 3170245 | P88: 755147 | Q88: 4239065 | R88: -172845 | S88: 0 | T88: =M88/O88 -> 1.2843417 | U88: =P88/N88 -> 0.15120443 | W88: =R88/Q88 -> -0.040774322 | X88: =R88/N88 -> -0.034609063
A89: 25551 | B89: Pymes-Individuales | C89: Estado de situación financiera, corriente/no corriente | D89: 900214324 | E89: 2024-12-31 | F89: INDUSTRICOL SAS | G89: G4659 - Comercio al por mayor de otros tipos de maquinaria y equipo n.c.p. | H89: 08. SOCIEDAD POR ACCIONES SIMPLIFICADA SAS | I89: CLL 7 SUR 51A 21 BODEGA 124 MALL PROVIDENCIA | J89: ANTIOQUIA | K89: MEDELLIN-ANTIOQUIA | L89: Periodo Actual | M89: 5570727 | N89: 7152017 | O89: 4336768 | P89: 1729898 | Q89: 5422119 | R89: 668659 | S89: 76356 | T89: =M89/O89 -> 1.2845342 | U89: =P89/N89 -> 0.24187554 | V89: =R89/S89 -> 8.7571245 | W89: =R89/Q89 -> 0.12332061 | X89: =R89/N89 -> 0.093492367
A90: 3323 | B90: Pymes-Separados | C90: Estado de situación financiera, corriente/no corriente | D90: 900504374 | E90: 2024-12-31 | F90: HELIOS TECNOLOGY & INNOVATION SAS | G90: G4659 - Comercio al por mayor de otros tipos de maquinaria y equipo n.c.p. | H90: 08. SOCIEDAD POR ACCIONES SIMPLIFICADA SAS | I90: A C 26 68 C 61 OF 501 | J90: BOGOTA D.C. | K90: BOGOTA D.C. | L90: Periodo Actual | M90: 11716713 | N90: 14174729 | O90: 9043038 | P90: 9098908 | Q90: 5075821 | R90: 961259 | S90: 725892 | T90: =M90/O90 -> 1.2956611 | U90: =P90/N90 -> 0.64191054 | V90: =R90/S90 -> 1.3242452 | W90: =R90/Q90 -> 0.18938 | X90: =R90/N90 -> 0.067814983
A91: 4085 | B91: Plenas-Individuales | C91: Estado de situación financiera, corriente/no corriente | D91: 900397663 | E91: 2024-12-31 | F91: BTL COLOMBIA S.A.S. | G91: G4659 - Comercio al por mayor de otros tipos de maquinaria y equipo n.c.p. | H91: 08. SOCIEDAD POR ACCIONES SIMPLIFICADA SAS | I91: CL 123 45 A 11 | J91: BOGOTA D.C. | K91: BOGOTA D.C. | L91: Periodo Actual | M91: 24325274 | N91: 25715107 | O91: 18701865 | P91: 18701865 | Q91: 7013242 | R91: 726342 | T91: =M91/O91 -> 1.3006871 | U91: =P91/N91 -> 0.72727152 | W91: =R91/Q91 -> 0.10356722 | X91: =R91/N91 -> 0.028245731
A92: 21619 | B92: Pymes-Individuales | C92: Estado de situación financiera, corriente/no corriente | D92: 900057180 | E92: 2024-12-31 | F92: FIRST MEDICAL DE COLOMBIA SAS | G92: C3313 - Mantenimiento y reparación especializado de equipo electrónico y óptico | H92: 08. SOCIEDAD POR ACCIONES SIMPLIFICADA SAS | I92: KR 45 93 15 | J92: BOGOTA D.C. | K92: BOGOTA D.C. | L92: Periodo Actual | M92: 2282589 | N92: 2354876 | O92: 1730981 | P92: 579258 | Q92: 1775618 | R92: 117128 | T92: =M92/O92 -> 1.3186679 | U92: =P92/N92 -> 0.24598238 | W92: =R92/Q92 -> 0.065964639 | X92: =R92/N92 -> 0.0497385
A93: 2013 | B93: Plenas-Separados | C93: Estado de situación financiera, corriente/no corriente | D93: 900612501 | E93: 2024-12-31 | F93: CHM MINERIA SAS | G93: G4659 - Comercio al por mayor de otros tipos de maquinaria y equipo n.c.p. | H93: 08. SOCIEDAD POR ACCIONES SIMPLIFICADA SAS | I93: AVENIDA LAS AMERICAS N 50 51 | J93: BOGOTA D.C. | K93: BOGOTA D.C. | L93: Periodo Actual | M93: 270609960 | N93: 336950050 | O93: 205041347 | P93: 233135729 | Q93: 103814321 | R93: 90546409 | S93: 13917923 | T93: =M93/O93 -> 1.3197824 | U93: =P93/N93 -> 0.69189997 | V93: =R93/S93 -> 6.5057415 | W93: =R93/Q93 -> 0.87219574 | X93: =R93/N93 -> 0.26872354
A94: 5443 | B94: Pymes-Individuales | C94: Estado de situación financiera, corriente/no corriente | D94: 802019980 | E94: 2024-12-31 | F94: DISUMED SAS | G94: G4659 - Comercio al por mayor de otros tipos de maquinaria y equipo n.c.p. | H94: 08. SOCIEDAD POR ACCIONES SIMPLIFICADA SAS | I94: CALLE 92 No. 49 C 265 | J94: ATLANTICO | K94: BARRANQUILLA-ATLANTICO | L94: Periodo Actual | M94: 2756440 | N94: 2881435 | O94: 2084933 | P94: 5319193 | Q94: -2437758 | R94: -4846 | S94: 1491 | T94: =M94/O94 -> 1.3220761 | U94: =P94/N94 -> 1.8460222 | V94: =R94/S94 -> -3.2501677 | W94: =R94/Q94 -> 0.0019878922 | X94: =R94/N94 -> -0.0016818009
A95: 21911 | B95: Pymes-Individuales | C95: Estado de situación financiera, corriente/no corriente | D95: 900070751 | E95: 2024-12-31 | F95: EDISATECH INTERNATIONAL GROUP SAS | G95: G4659 - Comercio al por mayor de otros tipos de maquinaria y equipo n.c.p. | H95: 08. SOCIEDAD POR ACCIONES SIMPLIFICADA SAS | I95: Calle 39B Sur 31 - 38 | J95: ANTIOQUIA | K95: ENVIGADO-ANTIOQUIA | L95: Periodo Actual | M95: 4599437 | N95: 5622245 | O95: 3466556 | P95: 1944101 | Q95: 3678144 | R95: 687006 | S95: 31185 | T95: =M95/O95 -> 1.326803 | U95: =P95/N95 -> 0.34578731 | V95: =R95/S95 -> 22.030014 | W95: =R95/Q95 -> 0.18678062 | X95: =R95/N95 -> 0.12219425
A96: 3357 | B96: Plenas-Individuales | C96: Estado de situación financiera, corriente/no corriente | D96: 900158025 | E96: 2024-12-31 | F96: GEA ANDINA SOCIEDAD POR ACCIONES SIMPLIFICADA - GEA ANDINA SAS | G96: G4659 - Comercio al por mayor de otros tipos de maquinaria y equipo n.c.p. | H96: 08. SOCIEDAD POR ACCIONES SIMPLIFICADA SAS | I96: CALLE 93 - 12 14 OFICINA 501 EDIFICIO TEMPO | J96: BOGOTA D.C. | K96: BOGOTA D.C. | L96: Periodo Actual | M96: 145009308 | N96: 155504179 | O96: 109011981 | P96: 109439244 | Q96: 46064935 | R96: 33111173 | S96: 7007168 | T96: =M96/O96 -> 1.3302144 | U96: =P96/N96 -> 0.70377044 | V96: =R96/S96 -> 4.7253288 | W96: =R96/Q96 -> 0.71879344 | X96: =R96/N96 -> 0.21292787
A97: 29081 | B97: Pymes-Individuales | C97: Estado de situación financiera, corriente/no corriente | D97: 900358250 | E97: 2024-12-31 | F97: ATLANTIC MEDICAL EQUIPMET SUPPLY | G97: C3312 - Mantenimiento y reparación especializado de maquinaria y equipo | H97: 08. SOCIEDAD POR ACCIONES SIMPLIFICADA SAS | I97: CRA 55 40A 20 | J97: ANTIOQUIA | K97: MEDELLIN-ANTIOQUIA | L97: Periodo Actual | M97: 1980246 | N97: 2110668 | O97: 1484025 | P97: 944103 | Q97: 1166565 | R97: -73024 | S97: 0 | T97: =M97/O97 -> 1.3343751 | U97: =P97/N97 -> 0.44730057 | W97: =R97/Q97 -> -0.062597455 | X97: =R97/N97 -> -0.034597578
A98: 1523 | B98: Plenas-Individuales | C98: Estado de situación financiera, corriente/no corriente | D98: 830070192 | E98: 2024-12-31 | F98: UCIPHARMA S.A. | G98: G4659 - Comercio al por mayor de otros tipos de maquinaria y equipo n.c.p. | H98: 01. SOCIEDAD ANÓNIMA | I98: CARRERA 7 No 99 - 53 TORRE 2 PISO 19 - 20 | J98: BOGOTA D.C. | K98: BOGOTA D.C. | L98: Periodo Actual | M98: 32538252 | N98: 47357948 | O98: 24199426 | P98: 24290562 | Q98: 23067386 | R98: 12492803 | S98: 717889 | T98: =M98/O98 -> 1.3445878 | U98: =P98/N98 -> 0.51291416 | V98: =R98/S98 -> 17.402137 | W98: =R98/Q98 -> 0.54157862 | X98: =R98/N98 -> 0.26379528
A99: 4247 | B99: Plenas-Individuales | C99: Estado de situación financiera, corriente/no corriente | D99: 900454399 | E99: 2024-12-31 | F99: ALKHORAYEF ZONA FRANCA SAS | G99: G4659 - Comercio al por mayor de otros tipos de maquinaria y equipo n.c.p. | H99: 08. SOCIEDAD POR ACCIONES SIMPLIFICADA SAS | I99: Cr 106 No 15 A -25 MZ 12 Bodega 1 Lote 72-73 | J99: BOGOTA D.C. | K99: BOGOTA D.C. | L99: Periodo Actual | M99: 103337337 | N99: 116948208 | O99: 76592610 | P99: 89596886 | Q99: 27351322 | R99: 6189859 | T99: =M99/O99 -> 1.3491816 | U99: =P99/N99 -> 0.76612449 | W99: =R99/Q99 -> 0.22630932 | X99: =R99/N99 -> 0.052928207
A100: 723 | B100: Plenas-Individuales | C100: Estado de situación financiera, corriente/no corriente | D100: 802010521 | E100: 2024-12-31 | F100: ARNEG ANDINA LTDA | G100: G4659 - Comercio al por mayor de otros tipos de maquinaria y equipo n.c.p. | H100: 03. SOCIEDAD LIMITADA | I100: CL 30 11 10 | J100: ATLANTICO | K100: SOLEDAD-ATLANTICO | L100: Periodo Actual | M100: 12568655 | N100: 24131611 | O100: 9287398 | P100: 15524451 | Q100: 8607160 | R100: 683231 | S100: 1947844 | T100: =M100/O100 -> 1.3533021 | U100: =P100/N100 -> 0.64332427 | V100: =R100/S100 -> 0.35076269 | W100: =R100/Q100 -> 0.079379377 | X100: =R100/N100 -> 0.028312697
A101: 8277 | B101: Pymes-Individuales | C101: Estado de situación financiera, corriente/no corriente | D101: 811039154 | E101: 2024-12-31 | F101: E-ESYSTEMS SAS | G101: C3319 - Mantenimiento y reparación de otros tipos de equipos y sus componentes n.c.p. | H101: 08. SOCIEDAD POR ACCIONES SIMPLIFICADA SAS | I101: Calle 49 68 42 | J101: ANTIOQUIA | K101: MEDELLIN-ANTIOQUIA | L101: Periodo Actual | M101: 1231133 | N101: 1375917 | O101: 895984 | P101: 1328832 | Q101: 47085 | R101: 38542 | T101: =M101/O101 -> 1.3740569 | U101: =P101/N101 -> 0.96577919 | W101: =R101/Q101 -> 0.81856217 | X101: =R101/N101 -> 0.028011864
A102: 2089 | B102: Plenas-Separados | C102: Estado de situación financiera, corriente/no corriente | D102: 900806600 | E102: 2024-12-31 | F102: RELIANZ MINING SOLUTIONS S.A.S. | G102: C3312 - Mantenimiento y reparación especializado de maquinaria y equipo | H102: 08. SOCIEDAD POR ACCIONES SIMPLIFICADA SAS | I102: CL 30 No 19 04 | J102: ATLANTICO | K102: SOLEDAD-ATLANTICO | L102: Periodo Actual | M102: 469598898 | N102: 678423416 | O102: 341117962 | P102: 427686491 | Q102: 250736925 | R102: 22557578 | S102: 11353222 | T102: =M102/O102 -> 1.3766466 | U102: =P102/N102 -> 0.63041234 | V102: =R102/S102 -> 1.9868878 | W102: =R102/Q102 -> 0.089965122 | X102: =R102/N102 -> 0.033249999
...

Sheet End
I3: Fuente Datos/Indicador | J3: Tipo empresa | K3: Tamaño Muestra | L3: Formula | T3: Indicadores Financieros | W3: Indicadores Organizacionales
T4: Indice de Liquidez | U4: Indice de Endeudamiento | V4: Razón de Cobertura de Intereses | W4: Rentabilidad del Patrimonio | X4: Rentabilidad del Activo
I5: Super Sociedades | J5: Plenas Ind. Plenas Sep. Pymes Ind. Pymes Sep | K5: Total empresas (504) + 4 | L5: Desviación Estandar | T5: =STDEVA(T12:T519) -> 51.424878 | U5: =STDEVA(U12:U519) -> 0.44990255 | V5: =STDEVA(V12:V519) -> 477.05843 | W5: =STDEVA(W12:W519) -> 20.77976 | X5: =STDEVA(X12:X519) -> 0.12806426
L6: Promedio | T6: =AVERAGE(T12:T519) -> 16.764096 | U6: =AVERAGE(U12:U519) -> 0.53227756 | V6: =AVERAGE(V12:V519) -> 51.930244 | W6: =AVERAGE(W12:W519) -> 1.0817845 | X6: =AVERAGE(X12:X519) -> 0.095184487
L7: Mediana | T7: =MEDIAN(T12:T519) -> 3.3593541 | U7: =MEDIAN(U12:U519) -> 0.51327552 | V7: =MEDIAN(V12:V519) -> 2.7602121 | W7: =MEDIAN(W12:W519) -> 0.18554601 | X7: =MEDIAN(X12:X519) -> 0.086265278
L8: Menor Valor | T8: =MIN(T12:T519) -> 0.043373314 | U8: =MIN(U12:U519) -> 0.0013063695 | V8: =MIN(V12:V519) -> -310.41869 | W8: =MIN(W12:W519) -> -55.700284 | X8: =MIN(X12:X519) -> -0.48545942
L9: Mayor Valor | T9: =MAX(T12:T519) -> 611.76962 | U9: =MAX(U12:U519) -> 8.3079207 | V9: =MAX(V12:V519) -> 6339.9449 | W9: =MAX(W12:W519) -> 464.2909 | X9: =MAX(X12:X519) -> 0.86537469
T10: 2.02 | U10: 0.56 | V10: 1.91 | W10: 0.12 | X10: 0.06
B11: Punto de entrada | C11: Formulario | D11: NIT | E11: Fecha de Corte | F11: Razón social de la sociedad | G11: Clasificación Industrial Internacional Uniforme Versión 4 A.C (CIIU) | H11: Tipo societario | I11: Dirección de notificación judicial registrada en Cámara de Comercio | J11: Departamento de la dirección del domicilio | K11: Ciudad de la dirección del domicilio | L11: Periodo | M11: Activos corrientes totales (CurrentAssets) | N11: Total de activos (Assets) | O11: Pasivos corrientes totales (CurrentLiabilities) | P11: Total pasivos (Liabilities) | Q11: Patrimonio total (Equity) | R11: Ganancia (pérdida) por actividades de operación (ProfitLossFromOperatingActivities) | S11: Costos financieros (FinanceCosts) | T11: Indice de Liquidez | U11: Indice de Endeudamiento | V11: Razón de Cobertura de Intereses | W11: Rentabilidad del Patrimonio | X11: Rentabilidad del Activo
A12: 393 | B12: Plenas-Separados | C12: Estado de situación financiera, corriente/no corriente | D12: 805031746 | E12: 2024-12-31 | F12: Carval Internacional Limitada | G12: G4659 - Comercio al por mayor de otros tipos de maquinaria y equipo n.c.p. | H12: 03. SOCIEDAD LIMITADA | I12: Cra 1 Nro 58-41 | J12: VALLE | K12: CALI-VALLE | L12: Periodo Actual | M12: 5126 | N12: 20769009 | O12: 12754 | P12: 27132 | Q12: 20741877 | R12: -11609 | T12: =M12/O12 -> 0.40191313 | U12: =P12/N12 -> 0.0013063695 | W12: =R12/Q12 -> -0.00055968898 | X12: =R12/N12 -> -0.00055895782
A13: 2095 | B13: Plenas-Separados | C13: Estado de situación financiera, corriente/no corriente | D13: 900818280 | E13: 2024-12-31 | F13: S & N HOLDINGS S A S | G13: G4659 - Comercio al por mayor de otros tipos de maquinaria y equipo n.c.p. | H13: 08. SOCIEDAD POR ACCIONES SIMPLIFICADA SAS | I13: CALLE 100 NO 7-33 TORRE 1 PISO 3 | J13: BOGOTA D.C. | K13: BOGOTA D.C. | L13: Periodo Actual | M13: 28330 | N13: 141303649 | O13: 258112 | P13: 666535 | Q13: 140637114 | R13: 4723793 | T13: =M13/O13 -> 0.10975855 | U13: =P13/N13 -> 0.0047170403 | W13: =R13/Q13 -> 0.033588523 | X13: =R13/N13 -> 0.033430085
A14: 4655 | B14: Pymes-Individuales | C14: Estado de situación financiera, corriente/no corriente | D14: 800247023 | E14: 2024-12-31 | F14: Crediservicios y Tecnologia Ltda | G14: G4659 - Comercio al por mayor de otros tipos de maquinaria y equipo n.c.p. | H14: 03. SOCIEDAD LIMITADA | I14: cl 9 36 80 of 501 | J14: BOGOTA D.C. | K14: BOGOTA D.C. | L14: Periodo Actual | M14: 2183209 | N14: 4349111 | O14: 20826 | P14: 22697 | Q14: 4326414 | R14: 23249 | S14: 4400 | T14: =M14/O14 -> 104.83093 | U14: =P14/N14 -> 0.0052187677 | V14: =R14/S14 -> 5.2838636 | W14: =R14/Q14 -> 0.0053737345 | X14: =R14/N14 -> 0.0053456902
A15: 15375 | B15: Pymes-Individuales | C15: Estado de situación financiera, corriente/no corriente | D15: 860042811 | E15: 2024-12-31 | F15: DISAM SAS | G15: G4659 - Comercio al por mayor de otros tipos de maquinaria y equipo n.c.p. | H15: 08. SOCIEDAD POR ACCIONES SIMPLIFICADA SAS | I15: CL 19 12 90 | J15: BOGOTA D.C. | K15: BOGOTA D.C. | L15: Periodo Actual | M15: 1199973 | N15: 6864023 | O15: 2057884 | P15: 123366 | Q15: 6740657 | R15: 38544 | T15: =M15/O15 -> 0.58311013 | U15: =P15/N15 -> 0.017972842 | W15: =R15/Q15 -> 0.005718137 | X15: =R15/N15 -> 0.0056153658
A16: 28515 | B16: Pymes-Individuales | C16: Estado de situación financiera, corriente/no corriente | D16: 900337874 | E16: 2024-12-31 | F16: Solucion tecnica sas | G16: C3312 - Mantenimiento y reparación especializado de maquinaria y equipo | H16: 08. SOCIEDAD POR ACCIONES SIMPLIFICADA SAS | I16: calle 172 n 22a-42 | J16: BOGOTA D.C. | K16: BOGOTA D.C. | L16: Periodo Actual | M16: 20543406 | N16: 24760184 | O16: 80161 | P16: 489207 | Q16: 24270977 | R16: -1510932 | S16: 9501 | T16: =M16/O16 -> 256.27682 | U16: =P16/N16 -> 0.01975781 | V16: =R16/S16 -> -159.02873 | W16: =R16/Q16 -> -0.062252624 | X16: =R16/N16 -> -0.061022648
A17: 27785 | B17: Pymes-Individuales | C17: Estado de situación financiera, corriente/no corriente | D17: 900314721 | E17: 2024-12-31 | F17: RENSER COLOMBIA SAS | G17: C3312 - Mantenimiento y reparación especializado de maquinaria y equipo | H17: 08. SOCIEDAD POR ACCIONES SIMPLIFICADA SAS | I17: CL 1 A 7A 69 CA 4 | J17: CUNDINAMARCA | K17: CHIA-CUNDINAMARCA | L17: Periodo Actual | M17: 821610 | N17: 864270 | O17: 1730981 | P17: 23630 | Q17: 840640 | R17: 18808 | T17: =M17/O17 -> 0.47464992 | U17: =P17/N17 -> 0.027340993 | W17: =R17/Q17 -> 0.02237343 | X17: =R17/N17 -> 0.021761718
A18: 28761 | B18: Pymes-Individuales | C18: Estado de situación financiera, corriente/no corriente | D18: 900346138 | E18: 2024-12-31 | F18: ET SERVICES SAS | G18: G4659 - Comercio al por mayor de otros tipos de maquinaria y equipo n.c.p. | H18: 08. SOCIEDAD POR ACCIONES SIMPLIFICADA SAS | I18: CL 59A SUR 74 61 | J18: BOGOTA D.C. | K18: BOGOTA D.C. | L18: Periodo Actual | M18: 17292576 | N18: 22830038 | O18: 2057884 | P18: 897157 | Q18: 21932881 | R18: 770516 | S18: 44814 | T18: =M18/O18 -> 8.4030859 | U18: =P18/N18 -> 0.039297219 | V18: =R18/S18 -> 17.193645 | W18: =R18/Q18 -> 0.035130633 | X18: =R18/N18 -> 0.033750097
A19: 31115 | B19: Pymes-Individuales | C19: Estado de situación financiera, corriente/no corriente | D19: 900422058 | E19: 2024-12-31 | F19: REFRIPARTES Y MOTORES AS | G19: G4659 - Comercio al por mayor de otros tipos de maquinaria y equipo n.c.p. | H19: 08. SOCIEDAD POR ACCIONES SIMPLIFICADA SAS | I19: CL 45 # 43 - 66 | J19: ATLANTICO | K19: BARRANQUILLA-ATLANTICO | L19: Periodo Actual | M19: 669113 | N19: 3483806 | O19: 80161 | P19: 223933 | Q19: 3259873 | R19: 67261 | S19: 7747 | T19: =M19/O19 -> 8.3471139 | U19: =P19/N19 -> 0.064278263 | V19: =R19/S19 -> 8.6821996 | W19: =R19/Q19 -> 0.020633012 | X19: =R19/N19 -> 0.019306758
A20: 38305 | B20: Pymes-Individuales | C20: Estado de situación financiera, corriente/no corriente | D20: 900809570 | E20: 2024-12-31 | F20: Parque industrial y zona franca induenergy (induenergy sas) | G20: G4659 - Comercio al por mayor de otros tipos de maquinaria y equipo n.c.p. | H20: 08. SOCIEDAD POR ACCIONES SIMPLIFICADA SAS | I20: Centro sector la matuna cll 33 820 edificio caja agraria of 404 | J20: BOLIVAR | K20: CARTAGENA-BOLIVAR | L20: Periodo Actual | M20: 208342 | N20: 26756550 | O20: 3170245 | P20: 1795727 | Q20: 24960823 | R20: -28272 | T20: =M20/O20 -> 0.065717949 | U20: =P20/N20 -> 0.067113548 | W20: =R20/Q20 -> -0.001132655 | X20: =R20/N20 -> -0.0010566385
A21: 24805 | B21: Pymes-Individuales | C21: Estado de situación financiera, corriente/no corriente | D21: 900185676 | E21: 2024-12-31 | F21: EXIMEDICAL SAS | G21: G4659 - Comercio al por mayor de otros tipos de maquinaria y equipo n.c.p. | H21: 08. SOCIEDAD POR ACCIONES SIMPLIFICADA SAS | I21: CR 51B 76 178 | J21: ATLANTICO | K21: BARRANQUILLA-ATLANTICO | L21: Periodo Actual | M21: 2875770 | N21: 4027025 | O21: 97578 | P21: 316220 | Q21: 3710805 | R21: 221445 | S21: 8268 | T21: =M21/O21 -> 29.4715 | U21: =P21/N21 -> 0.078524469 | V21: =R21/S21 -> 26.783382 | W21: =R21/Q21 -> 0.059675731 | X21: =R21/N21 -> 0.054989726
A22: 4603 | B22: Pymes-Individuales | C22: Estado de situación financiera, corriente/no corriente | D22: 800243987 | E22: 2024-12-31 | F22: IBT IMPORTACION Y EXPORTACION DE PRODUCTOS AGRICOLAS E INDUSTRIALES INTERNATIONAL BUSINESS TRADE SAS | G22: G4659 - Comercio al por mayor de otros tipos de maquinaria y equipo n.c.p. | H22: 08. SOCIEDAD POR ACCIONES SIMPLIFICADA SAS | I22: CL 61 35 A 48 | J22: BOGOTA D.C. | K22: BOGOTA D.C. | L22: Periodo Actual | M22: 872385 | N22: 939876 | O22: 75186 | P22: 78127 | Q22: 861749 | R22: 91237 | S22: 18107 | T22: =M22/O22 -> 11.603024 | U22: =P22/N22 -> 0.083124795 | V22: =R22/S22 -> 5.0387695 | W22: =R22/Q22 -> 0.10587422 | X22: =R22/N22 -> 0.097073444
A23: 1555 | B23: Pymes-Individuales | C23: Estado de situación financiera, corriente/no corriente | D23: 800085606 | E23: 2024-12-31 | F23: BCI INGENIERIA SAS | G23: G4659 - Comercio al por mayor de otros tipos de maquinaria y equipo n.c.p. | H23: 08. SOCIEDAD POR ACCIONES SIMPLIFICADA SAS | I23: CR 88A 64D 90 BG 23 | J23: BOGOTA D.C. | K23: BOGOTA D.C. | L23: Periodo Actual | M23: 12528330 | N23: 15444952 | O23: 1209719 | P23: 1328898 | Q23: 14116054 | R23: 2499183 | T23: =M23/O23 -> 10.356397 | U23: =P23/N23 -> 0.086040928 | W23: =R23/Q23 -> 0.17704544 | X23: =R23/N23 -> 0.16181229
A24: 1957 | B24: Plenas-Individuales | C24: Estado de situación financiera, corriente/no corriente | D24: 860003437 | E24: 2024-12-31 | F24: CENTRAL SAS | G24: G4659 - Comercio al por mayor de otros tipos de maquinaria y equipo n.c.p. | H24: 08. SOCIEDAD POR ACCIONES SIMPLIFICADA SAS | I24: AV AMERICAS 36 11 | J24: BOGOTA D.C. | K24: BOGOTA D.C. | L24: Periodo Actual | M24: 18511641 | N24: 30112856 | O24: 1006304 | P24: 2598309 | Q24: 27514547 | R24: 2691141 | T24: =M24/O24 -> 18.395675 | U24: =P24/N24 -> 0.086285705 | W24: =R24/Q24 -> 0.097807934 | X24: =R24/N24 -> 0.089368508
A25: 12897 | B25: Pymes-Individuales | C25: Estado de situación financiera, corriente/no corriente | D25: 830119211 | E25: 2024-12-31 | F25: VEYALTHI GROUP S.A.S VEYALTHI GROUP S.A.S | G25: G4659 - Comercio al por mayor de otros tipos de maquinaria y equipo n.c.p. | H25: 08. SOCIEDAD POR ACCIONES SIMPLIFICADA SAS | I25: CL 51 No. 72A-28 CL 51 No. 72A-28 | J25: BOGOTA D.C. | K25: BOGOTA D.C. | L25: Periodo Actual | M25: 2265547 | N25: 4158343 | O25: 20892440 | P25: 361790 | Q25: 3796553 | R25: 193204 | T25: =M25/O25 -> 0.1084386 | U25: =P25/N25 -> 0.087003405 | W25: =R25/Q25 -> 0.05088932 | X25: =R25/N25 -> 0.046461776
A26: 14629 | B26: Pymes-Individuales | C26: Estado de situación financiera, corriente/no corriente | D26: 860002079 | E26: 2024-12-31 | F26: RADIOCOM SAS | G26: G4659 - Comercio al por mayor de otros tipos de maquinaria y equipo n.c.p. | H26: 08. SOCIEDAD POR ACCIONES SIMPLIFICADA SAS | I26: AK 9 108 A 86 | J26: BOGOTA D.C. | K26: BOGOTA D.C. | L26: Periodo Actual | M26: 5689886 | N26: 7793697 | O26: 97578 | P26: 705867 | Q26: 7087830 | R26: 69123 | S26: 26573 | T26: =M26/O26 -> 58.311156 | U26: =P26/N26 -> 0.090568956 | V26: =R26/S26 -> 2.6012494 | W26: =R26/Q26 -> 0.0097523502 | X26: =R26/N26 -> 0.00886909
A27: 2371 | B27: Plenas-Individuales | C27: Estado de situación financiera, corriente/no corriente | D27: 860511571 | E27: 2024-12-31 | F27: ELECTRICAS BOGOTA LTDA | G27: G4659 - Comercio al por mayor de otros tipos de maquinaria y equipo n.c.p. | H27: 03. SOCIEDAD LIMITADA | I27: CL 16 No. 12 54 / 56 | J27: BOGOTA D.C. | K27: BOGOTA D.C. | L27: Periodo Actual | M27: 61619479 | N27: 84574004 | O27: 3087267 | P27: 7689766 | Q27: 76884238 | R27: 12224443 | S27: 428926 | T27: =M27/O27 -> 19.959232 | U27: =P27/N27 -> 0.090923518 | V27: =R27/S27 -> 28.500121 | W27: =R27/Q27 -> 0.15899804 | X27: =R27/N27 -> 0.14454138
A28: 16509 | B28: Pymes-Individuales | C28: Estado de situación financiera, corriente/no corriente | D28: 860502682 | E28: 2024-12-31 | F28: INVERSIONES DRILLTEX SAS | G28: G4659 - Comercio al por mayor de otros tipos de maquinaria y equipo n.c.p. | H28: 08. SOCIEDAD POR ACCIONES SIMPLIFICADA SAS | I28: AV CLL 80 69 70 OF 18 | J28: BOGOTA D.C. | K28: BOGOTA D.C. | L28: Periodo Actual | M28: 28689810 | N28: 29813175 | O28: 80161 | P28: 2954995 | Q28: 26858180 | R28: 4219011 | T28: =M28/O28 -> 357.90235 | U28: =P28/N28 -> 0.099117085 | W28: =R28/Q28 -> 0.15708477 | X28: =R28/N28 -> 0.14151498
A29: 10991 | B29: Pymes-Individuales | C29: Estado de situación financiera, corriente/no corriente | D29: 830053900 | E29: 2024-12-31 | F29: KASSEL GROUP S.A.S. | G29: G4659 - Comercio al por mayor de otros tipos de maquinaria y equipo n.c.p. | H29: 08. SOCIEDAD POR ACCIONES SIMPLIFICADA SAS | I29: CR 27B 73-24 | J29: BOGOTA D.C. | K29: BOGOTA D.C. | L29: Periodo Actual | M29: 4588539 | N29: 6431355 | O29: 516186 | P29: 645787 | Q29: 5785568 | R29: 388595 | S29: 109330 | T29: =M29/O29 -> 8.8893132 | U29: =P29/N29 -> 0.10041228 | V29: =R29/S29 -> 3.5543309 | W29: =R29/Q29 -> 0.067166266 | X29: =R29/N29 -> 0.060421948
A30: 28905 | B30: Pymes-Individuales | C30: Estado de situación financiera, corriente/no corriente | D30: 900352229 | E30: 2024-12-31 | F30: COINSTOR S.A.S. | G30: G4659 - Comercio al por mayor de otros tipos de maquinaria y equipo n.c.p. | H30: 08. SOCIEDAD POR ACCIONES SIMPLIFICADA SAS | I30: CL 66 47 17 | J30: SANTANDER | K30: BUCARAMANGA-SANTANDER | L30: Periodo Actual | M30: 2788274 | N30: 2924507 | O30: 1730981 | P30: 325664 | Q30: 2598843 | R30: 574450 | S30: 14962 | T30: =M30/O30 -> 1.6108057 | U30: =P30/N30 -> 0.11135689 | V30: =R30/S30 -> 38.393931 | W30: =R30/Q30 -> 0.22104067 | X30: =R30/N30 -> 0.19642627
A31: 23025 | B31: Pymes-Individuales | C31: Estado de situación financiera, corriente/no corriente | D31: 900114653 | E31: 2024-12-31 | F31: STEIN & CIA S.A.S. | G31: G4659 - Comercio al por mayor de otros tipos de maquinaria y equipo n.c.p. | H31: 08. SOCIEDAD POR ACCIONES SIMPLIFICADA SAS | I31: AV 19 No 120-71 OF 414 | J31: BOGOTA D.C. | K31: BOGOTA D.C. | L31: Periodo Actual | M31: 15404396 | N31: 19535855 | O31: 80161 | P31: 2220327 | Q31: 17315528 | R31: 713392 | S31: 8282 | T31: =M31/O31 -> 192.16821 | U31: =P31/N31 -> 0.11365395 | V31: =R31/S31 -> 86.137648 | W31: =R31/Q31 -> 0.041199552 | X31: =R31/N31 -> 0.036517061
A32: 12533 | B32: Pymes-Individuales | C32: Estado de situación financiera, corriente/no corriente | D32: 830106465 | E32: 2024-12-31 | F32: AIRE Y ENERGIA LIMITADA | G32: G4659 - Comercio al por mayor de otros tipos de maquinaria y equipo n.c.p. | H32: 03. SOCIEDAD LIMITADA | I32: CALLE 116 A 71 A 45 | J32: BOGOTA D.C. | K32: BOGOTA D.C. | L32: Periodo Actual | M32: 1041905 | N32: 2309700 | O32: 1484025 | P32: 271716 | Q32: 2037984 | R32: 136987 | S32: 4612 | T32: =M32/O32 -> 0.70208049 | U32: =P32/N32 -> 0.11764125 | V32: =R32/S32 -> 29.702298 | W32: =R32/Q32 -> 0.067216916 | X32: =R32/N32 -> 0.059309434
A33: 1715 | B33: Plenas-Individuales | C33: Estado de situación financiera, corriente/no corriente | D33: 830117139 | E33: 2024-12-31 | F33: NIPRO MEDICAL CORPORATION | G33: G4659 - Comercio al por mayor de otros tipos de maquinaria y equipo n.c.p. | H33: 02. SUCURSAL EXTRANJERA | I33: AV CLL 26 N 59-41 OF 710 | J33: BOGOTA D.C. | K33: BOGOTA D.C. | L33: Periodo Actual | M33: 49949968 | N33: 67026624 | O33: 7048088 | P33: 7934618 | Q33: 59092006 | R33: 2103961 | T33: =M33/O33 -> 7.0870239 | U33: =P33/N33 -> 0.11838009 | W33: =R33/Q33 -> 0.035604833 | X33: =R33/N33 -> 0.031389929
A34: 18061 | B34: Pymes-Individuales | C34: Estado de situación financiera, corriente/no corriente | D34: 890306166 | E34: 2024-12-31 | F34: ESSEN SAS | G34: G4659 - Comercio al por mayor de otros tipos de maquinaria y equipo n.c.p. | H34: 08. SOCIEDAD POR ACCIONES SIMPLIFICADA SAS | I34: CL 34 8 43 | J34: VALLE | K34: CALI-VALLE | L34: Periodo Actual | M34: 2716548 | N34: 2785011 | O34: 774590 | P34: 341374 | Q34: 2443637 | R34: 39893 | T34: =M34/O34 -> 3.5070786 | U34: =P34/N34 -> 0.12257546 | W34: =R34/Q34 -> 0.016325256 | X34: =R34/N34 -> 0.01432418
A35: 10919 | B35: Pymes-Individuales | C35: Estado de situación financiera, corriente/no corriente | D35: 830051556 | E35: 2024-12-31 | F35: SUMINISTROS Y COMPRESORES LIMITADA | G35: G4659 - Comercio al por mayor de otros tipos de maquinaria y equipo n.c.p. | H35: 03. SOCIEDAD LIMITADA | I35: CR 52 70 15 | J35: BOGOTA D.C. | K35: BOGOTA D.C. | L35: Periodo Actual | M35: 10145212 | N35: 14075725 | O35: 3466556 | P35: 1771668 | Q35: 12304057 | R35: 2373803 | T35: =M35/O35 -> 2.9265969 | U35: =P35/N35 -> 0.12586691 | W35: =R35/Q35 -> 0.19292848 | X35: =R35/N35 -> 0.16864517
A36: 21031 | B36: Pymes-Individuales | C36: Estado de situación financiera, corriente/no corriente | D36: 900027619 | E36: 2024-12-31 | F36: TRANSMISIONES SAS | G36: G4659 - Comercio al por mayor de otros tipos de maquinaria y equipo n.c.p. | H36: 08. SOCIEDAD POR ACCIONES SIMPLIFICADA SAS | I36: CR 69 B 21 A 24 | J36: BOGOTA D.C. | K36: BOGOTA D.C. | L36: Periodo Actual | M36: 3451533 | N36: 9860837 | O36: 97578 | P36: 1249677 | Q36: 8611160 | R36: 987827 | S36: 247230 | T36: =M36/O36 -> 35.372041 | U36: =P36/N36 -> 0.12673133 | V36: =R36/S36 -> 3.995579 | W36: =R36/Q36 -> 0.11471474 | X36: =R36/N36 -> 0.10017679
A37: 30797 | B37: Pymes-Individuales | C37: Estado de situación financiera, corriente/no corriente | D37: 900410229 | E37: 2024-12-31 | F37: FRIOCENTRO GSF SASCompra venta por mayor y por menor de productos de refrigeracion y aire acondicionadoG4659 -FRIOCENTRO GSF SAS2011-01-28 | G37: G4659 - Comercio al por mayor de otros tipos de maquinaria y equipo n.c.p. | H37: 08. SOCIEDAD POR ACCIONES SIMPLIFICADA SAS | I37: CL 19 #15 - 23 | J37: BOGOTA D.C. | K37: BOGOTA D.C. | L37: Periodo Actual | M37: 6514710 | N37: 6518292 | O37: 1730981 | P37: 839271 | Q37: 5679021 | R37: 359752 | T37: =M37/O37 -> 3.7635942 | U37: =P37/N37 -> 0.12875628 | W37: =R37/Q37 -> 0.063347538 | X37: =R37/N37 -> 0.055191145
A38: 11497 | B38: Pymes-Individuales | C38: Estado de situación financiera, corriente/no corriente | D38: 830069247 | E38: 2024-12-31 | F38: BOMBAS Y MONTAJES SAS | G38: C3312 - Mantenimiento y reparación especializado de maquinaria y equipo | H38: 08. SOCIEDAD POR ACCIONES SIMPLIFICADA SAS | I38: CR 69 B NO 73 A 77 | J38: BOGOTA D.C. | K38: BOGOTA D.C. | L38: Periodo Actual | M38: 5127683 | N38: 9789721 | O38: 774590 | P38: 1267309 | Q38: 8522412 | R38: 1065640 | S38: 177816 | T38: =M38/O38 -> 6.6198673 | U38: =P38/N38 -> 0.12945303 | V38: =R38/S38 -> 5.9929365 | W38: =R38/Q38 -> 0.12503972 | X38: =R38/N38 -> 0.10885295
F39: ADVANCED INSTRUMENTS SAS | G39: EMPRESA OFERENTE PROCESO 2025 | M39: 2114597968 | N39: 3111413552 | O39: 228622347 | P39: 428816112 | Q39: 2682597440 | R39: 863528015 | S39: 27406580 | T39: =M39/O39 -> 9.2493057 | U39: =P39/N39 -> 0.13782035 | V39: =R39/S39 -> 31.508054 | W39: =R39/Q39 -> 0.32189996 | X39: =R39/N39 -> 0.2775356
A40: 1203 | B40: Pymes-Separados | C40: Estado de situación financiera, corriente/no corriente | D40: 830089480 | E40: 2024-12-31 | F40: GUAYALRES SAS | G40: G4659 - Comercio al por mayor de otros tipos de maquinaria y equipo n.c.p. | H40: 08. SOCIEDAD POR ACCIONES SIMPLIFICADA SAS | I40: CL 5A 24 10 | J40: BOGOTA D.C. | K40: BOGOTA D.C. | L40: Periodo Actual | M40: 5738332 | N40: 20573220 | O40: 2852676 | P40: 2880666 | Q40: 17692554 | R40: 1386684 | S40: 190216 | T40: =M40/O40 -> 2.0115611 | U40: =P40/N40 -> 0.14002018 | V40: =R40/S40 -> 7.2900492 | W40: =R40/Q40 -> 0.0783767 | X40: =R40/N40 -> 0.06740238
A41: 4537 | B41: Plenas-Individuales | C41: Estado de situación financiera, corriente/no corriente | D41: 900551847 | E41: 2024-12-31 | F41: CHAMPIONX LLC SUCURSAL COLOMBIA | G41: G4659 - Comercio al por mayor de otros tipos de maquinaria y equipo n.c.p. | H41: 02. SUCURSAL EXTRANJERA | I41: AV CR 9A 115 06 OF 2904 | J41: BOGOTA D.C. | K41: BOGOTA D.C. | L41: Periodo Actual | M41: 39815199 | N41: 44660281 | O41: 6197175 | P41: 6277015 | Q41: 38383266 | R41: 2734503 | S41: 3274176 | T41: =M41/O41 -> 6.4247337 | U41: =P41/N41 -> 0.14055028 | V41: =R41/S41 -> 0.83517288 | W41: =R41/Q41 -> 0.071242062 | X41: =R41/N41 -> 0.06122897
A42: 28835 | B42: Pymes-Individuales | C42: Estado de situación financiera, corriente/no corriente | D42: 900348900 | E42: 2024-12-31 | F42: SOLUMED INGENIERIA SAS | G42: C3313 - Mantenimiento y reparación especializado de equipo electrónico y óptico | H42: 08. SOCIEDAD POR ACCIONES SIMPLIFICADA SAS | I42: Cra. 38 #32-48 | J42: SANTANDER | K42: BUCARAMANGA-SANTANDER | L42: Periodo Actual | M42: 1995221 | N42: 4506243 | O42: 731046 | P42: 672195 | Q42: 3834048 | R42: 286899 | T42: =M42/O42 -> 2.7292687 | U42: =P42/N42 -> 0.14916972 | W42: =R42/Q42 -> 0.074829267 | X42: =R42/N42 -> 0.063667006
A43: 11349 | B43: Pymes-Individuales | C43: Estado de situación financiera, corriente/no corriente | D43: 830065206 | E43: 2024-12-31 | F43: CLA DE COLOMBIA SAS | G43: G4659 - Comercio al por mayor de otros tipos de maquinaria y equipo n.c.p. | H43: 08. SOCIEDAD POR ACCIONES SIMPLIFICADA SAS | I43: CR 11 A 93 93 OF 203 | J43: BOGOTA D.C. | K43: BOGOTA D.C. | L43: Periodo Actual | M43: 4071678 | N43: 4994212 | O43: 3170245 | P43: 755147 | Q43: 4239065 | R43: -172845 | S43: 0 | T43: =M43/O43 -> 1.2843417 | U43: =P43/N43 -> 0.15120443 | W43: =R43/Q43 -> -0.040774322 | X43: =R43/N43 -> -0.034609063
A44: 2703 | B44: Pymes-Individuales | C44: Estado de situación financiera, corriente/no corriente | D44: 800152665 | E44: 2024-12-31 | F44: DICSON SA | G44: G4659 - Comercio al por mayor de otros tipos de maquinaria y equipo n.c.p. | H44: 01. SOCIEDAD ANÓNIMA | I44: CRA 27 15 74 | J44: BOGOTA D.C. | K44: BOGOTA D.C. | L44: Periodo Actual | M44: 7214071 | N44: 8027332 | O44: 541899 | P44: 1228372 | Q44: 6798960 | R44: 1416734 | S44: 695688 | T44: =M44/O44 -> 13.312575 | U44: =P44/N44 -> 0.15302369 | V44: =R44/S44 -> 2.0364502 | W44: =R44/Q44 -> 0.2083751 | X44: =R44/N44 -> 0.17648878
A45: 8421 | B45: Pymes-Individuales | C45: Estado de situación financiera, corriente/no corriente | D45: 811044369 | E45: 2024-12-31 | F45: CPS REPRESENTACIONES SAS | G45: G4659 - Comercio al por mayor de otros tipos de maquinaria y equipo n.c.p. | H45: 08. SOCIEDAD POR ACCIONES SIMPLIFICADA SAS | I45: CALLE 20 A SUR 22A 205 | J45: ANTIOQUIA | K45: MEDELLIN-ANTIOQUIA | L45: Periodo Actual | M45: 3162883 | N45: 3715380 | O45: 597264 | P45: 597264 | Q45: 3118116 | R45: 231324 | S45: 64414 | T45: =M45/O45 -> 5.2956197 | U45: =P45/N45 -> 0.16075449 | V45: =R45/S45 -> 3.5912069 | W45: =R45/Q45 -> 0.074187105 | X45: =R45/N45 -> 0.062261195
A46: 14573 | B46: Pymes-Individuales | C46: Estado de situación financiera, corriente/no corriente | D46: 860000888 | E46: 2024-12-31 | F46: SARAVIA BRAVO SOCIEDAD POR ACCIONES SIMPLIFICADA | G46: G4659 - Comercio al por mayor de otros tipos de maquinaria y equipo n.c.p. | H46: 08. SOCIEDAD POR ACCIONES SIMPLIFICADA SAS | I46: sonia.c@saraviabravo.com | J46: BOGOTA D.C. | K46: BOGOTA D.C. | L46: Periodo Actual | M46: 4733061 | N46: 6483355 | O46: 2057884 | P46: 1060018 | Q46: 5423337 | R46: 156979 | T46: =M46/O46 -> 2.2999649 | U46: =P46/N46 -> 0.16349837 | W46: =R46/Q46 -> 0.028945094 | X46: =R46/N46 -> 0.024212618
A47: 725 | B47: Pymes-Individuales | C47: Estado de situación financiera, corriente/no corriente | D47: 800036678 | E47: 2024-12-31 | F47: DIDACTICOS Y LIBROS DIDACLIBROS LTDA | G47: G4659 - Comercio al por mayor de otros tipos de maquinaria y equipo n.c.p. | H47: 03. SOCIEDAD LIMITADA | I47: CR 7 17 01 OF 818 | J47: BOGOTA D.C. | K47: BOGOTA D.C. | L47: Periodo Actual | M47: 11647310 | N47: 11680288 | O47: 1913922 | P47: 1913922 | Q47: 9766366 | R47: 1378723 | T47: =M47/O47 -> 6.0855719 | U47: =P47/N47 -> 0.16385914 | W47: =R47/Q47 -> 0.14117052 | X47: =R47/N47 -> 0.11803844
A48: 6639 | B48: Pymes-Individuales | C48: Estado de situación financiera, corriente/no corriente | D48: 805028911 | E48: 2024-12-31 | F48: POWER ONE SAS | G48: G4659 - Comercio al por mayor de otros tipos de maquinaria y equipo n.c.p. | H48: 08. SOCIEDAD POR ACCIONES SIMPLIFICADA SAS | I48: CR 62B 2A 37 | J48: VALLE | K48: CALI-VALLE | L48: Periodo Actual | M48: 923882 | N48: 2299188 | O48: 384376 | P48: 384376 | Q48: 1914812 | R48: 359533 | S48: 74080 | T48: =M48/O48 -> 2.4035892 | U48: =P48/N48 -> 0.16717902 | V48: =R48/S48 -> 4.8533072 | W48: =R48/Q48 -> 0.18776413 | X48: =R48/N48 -> 0.1563739
A49: 30803 | B49: Pymes-Individuales | C49: Estado de situación financiera, corriente/no corriente | D49: 900410401 | E49: 2024-12-31 | F49: COMPAÑIA DE MONTAJES DISEÑO Y CONSTRUCCION CMD SAS | G49: C3312 - Mantenimiento y reparación especializado de maquinaria y equipo | H49: 08. SOCIEDAD POR ACCIONES SIMPLIFICADA SAS | I49: CL 54 11 B 05 | J49: BOYACA | K49: SOGAMOSO-BOYACA | L49: Periodo Actual | M49: 8993293 | N49: 10212706 | O49: 3170245 | P49: 1735832 | Q49: 8476874 | R49: 2754403 | T49: =M49/O49 -> 2.8367817 | U49: =P49/N49 -> 0.16996788 | W49: =R49/Q49 -> 0.32493145 | X49: =R49/N49 -> 0.26970354
A50: 12417 | B50: Pymes-Individuales | C50: Estado de situación financiera, corriente/no corriente | D50: 830101742 | E50: 2024-12-31 | F50: ASSIST INGENIERIA S.A.S | G50: G4659 - Comercio al por mayor de otros tipos de maquinaria y equipo n.c.p. | H50: 08. SOCIEDAD POR ACCIONES SIMPLIFICADA SAS | I50: AV KRA 70 106-21 | J50: BOGOTA D.C. | K50: BOGOTA D.C. | L50: Periodo Actual | M50: 4274540 | N50: 4304128 | O50: 699098 | P50: 731952 | Q50: 3572176 | R50: 511865 | T50: =M50/O50 -> 6.1143645 | U50: =P50/N50 -> 0.17005814 | W50: =R50/Q50 -> 0.14329221 | X50: =R50/N50 -> 0.1189242
A51: 6665 | B51: Pymes-Individuales | C51: Estado de situación financiera, corriente/no corriente | D51: 805030075 | E51: 2024-12-31 | F51: THERMOREPUESTOS SAS | G51: G4659 - Comercio al por mayor de otros tipos de maquinaria y equipo n.c.p. | H51: 08. SOCIEDAD POR ACCIONES SIMPLIFICADA SAS | I51: CRA 32 15-165 BG 20URB CENTRO INDUSTRIAL PALMASECA | J51: VALLE | K51: YUMBO-VALLE | L51: Periodo Actual | M51: 2450798 | N51: 3363716 | O51: 577511 | P51: 577511 | Q51: 2786205 | R51: 478225 | S51: 75147 | T51: =M51/O51 -> 4.2437252 | U51: =P51/N51 -> 0.17168839 | V51: =R51/S51 -> 6.3638602 | W51: =R51/Q51 -> 0.17164028 | X51: =R51/N51 -> 0.14217163
A52: 33321 | B52: Pymes-Individuales | C52: Estado de situación financiera, corriente/no corriente | D52: 900499033 | E52: 2024-12-31 | F52: ENVITECK SAS | G52: G4659 - Comercio al por mayor de otros tipos de maquinaria y equipo n.c.p. | H52: 08. SOCIEDAD POR ACCIONES SIMPLIFICADA SAS | I52: CR 69 F 3 A 16 CA 1 | J52: BOGOTA D.C. | K52: BOGOTA D.C. | L52: Periodo Actual | M52: 7030795 | N52: 7498826 | O52: 1730981 | P52: 1299387 | Q52: 6199439 | R52: 1972691 | S52: 158654 | T52: =M52/O52 -> 4.0617401 | U52: =P52/N52 -> 0.17327872 | V52: =R52/S52 -> 12.433919 | W52: =R52/Q52 -> 0.31820476 | X52: =R52/N52 -> 0.26306665
A53: 4189 | B53: Pymes-Individuales | C53: Estado de situación financiera, corriente/no corriente | D53: 800223278 | E53: 2024-12-31 | F53: INGEMARC SAS | G53: G4659 - Comercio al por mayor de otros tipos de maquinaria y equipo n.c.p. | H53: 08. SOCIEDAD POR ACCIONES SIMPLIFICADA SAS | I53: KRA 39B 66 125 | J53: ATLANTICO | K53: BARRANQUILLA-ATLANTICO | L53: Periodo Actual | M53: 3477570 | N53: 3516013 | O53: 611171 | P53: 611171 | Q53: 2904842 | R53: 615700 | T53: =M53/O53 -> 5.6900115 | U53: =P53/N53 -> 0.17382501 | W53: =R53/Q53 -> 0.21195645 | X53: =R53/N53 -> 0.17511312
A54: 14515 | B54: Pymes-Individuales | C54: Estado de situación financiera, corriente/no corriente | D54: 860000065 | E54: 2024-12-31 | F54: PANTECNICA S.A. Comercialización de Polipastos, puente gruas y equipos afines en el manejo de carga para todo tipo de industria. G4659 - Comercio al por mayor de otros tipos de maquinaria y equipo n.c.p. 01. ANUAL 1955-03-02 2052-12-31 ACTIVA 01. SOCIEDAD ANÓNIMA 07. ACTIVIDAD ECONÓMICA DIFERENTE A LAS ANTERIORE | G54: G4659 - Comercio al por mayor de otros tipos de maquinaria y equipo n.c.p. | H54: 01. SOCIEDAD ANÓNIMA | I54: CL 79 B 54 26 | J54: BOGOTA D.C. | K54: BOGOTA D.C. | L54: Periodo Actual | M54: 12694991 | N54: 16137726 | O54: 733836 | P54: 2903737 | Q54: 13233989 | R54: 699673 | S54: 23209 | T54: =M54/O54 -> 17.299493 | U54: =P54/N54 -> 0.17993471 | V54: =R54/S54 -> 30.146624 | W54: =R54/Q54 -> 0.052869396 | X54: =R54/N54 -> 0.043356356
A55: 19641 | B55: Pymes-Individuales | C55: Estado de situación financiera, corriente/no corriente | D55: 890927986 | E55: 2024-12-31 | F55: LINEAS Y DISEÑOS S.A.S | G55: G4659 - Comercio al por mayor de otros tipos de maquinaria y equipo n.c.p. | H55: 08. SOCIEDAD POR ACCIONES SIMPLIFICADA SAS | I55: CRA 50 C 10 SUR 141 | J55: ANTIOQUIA | K55: MEDELLIN-ANTIOQUIA | L55: Periodo Actual | M55: 2347839 | N55: 2392061 | O55: 4336768 | P55: 430431 | Q55: 1961630 | R55: 60175 | T55: =M55/O55 -> 0.54137989 | U55: =P55/N55 -> 0.17994148 | W55: =R55/Q55 -> 0.030676019 | X55: =R55/N55 -> 0.025156131
A56: 24123 | B56: Pymes-Individuales | C56: Estado de situación financiera, corriente/no corriente | D56: 900157534 | E56: 2024-12-31 | F56: SYP COLOMBIA S.A.S. | G56: G4659 - Comercio al por mayor de otros tipos de maquinaria y equipo n.c.p. | H56: 08. SOCIEDAD POR ACCIONES SIMPLIFICADA SAS | I56: PARQUE INDUSTRIAL LOS NOGALES BOD 10 AUTOP. MEDELLIN KM 2.7 | J56: CUNDINAMARCA | K56: COTA-CUNDINAMARCA | L56: Periodo Actual | M56: 20748000 | N56: 27014990 | O56: 774590 | P56: 4861557 | Q56: 22153433 | R56: 3106573 | S56: 490 | T56: =M56/O56 -> 26.785783 | U56: =P56/N56 -> 0.17995776 | V56: =R56/S56 -> 6339.9449 | W56: =R56/Q56 -> 0.14022987 | X56: =R56/N56 -> 0.11499442
A57: 4479 | B57: Pymes-Individuales | C57: Estado de situación financiera, corriente/no corriente | D57: 800236878 | E57: 2024-12-31 | F57: SAE INGENIERIA INDUSTRIAL SAS | G57: G4659 - Comercio al por mayor de otros tipos de maquinaria y equipo n.c.p. | H57: 08. SOCIEDAD POR ACCIONES SIMPLIFICADA SAS | I57: CALLE 102A No 70B-13 | J57: BOGOTA D.C. | K57: BOGOTA D.C. | L57: Periodo Actual | M57: 5068852 | N57: 7798378 | O57: 1210111 | P57: 1412874 | Q57: 6385504 | R57: 1280469 | S57: 299773 | T57: =M57/O57 -> 4.1887496 | U57: =P57/N57 -> 0.18117537 | V57: =R57/S57 -> 4.2714621 | W57: =R57/Q57 -> 0.20052748 | X57: =R57/N57 -> 0.16419684
A58: 13443 | B58: Pymes-Individuales | C58: Estado de situación financiera, corriente/no corriente | D58: 830138228 | E58: 2024-12-31 | F58: BEARINGS TRANSMISSION COLOMBIA LIMITADA | G58: G4659 - Comercio al por mayor de otros tipos de maquinaria y equipo n.c.p. | H58: 03. SOCIEDAD LIMITADA | I58: KR 58 14 01 | J58: BOGOTA D.C. | K58: BOGOTA D.C. | L58: Periodo Actual | M58: 21856501 | N58: 24518978 | O58: 97578 | P58: 4546253 | Q58: 19972725 | R58: 3153030 | S58: 607593 | T58: =M58/O58 -> 223.99005 | U58: =P58/N58 -> 0.18541772 | V58: =R58/S58 -> 5.1893784 | W58: =R58/Q58 -> 0.15786679 | X58: =R58/N58 -> 0.12859549
A59: 32551 | B59: Pymes-Individuales | C59: Estado de situación financiera, corriente/no corriente | D59: 900471382 | E59: 2024-12-31 | F59: FINCPACK SAS | G59: G4659 - Comercio al por mayor de otros tipos de maquinaria y equipo n.c.p. | H59: 08. SOCIEDAD POR ACCIONES SIMPLIFICADA SAS | I59: Calle 13a 101 48 | J59: VALLE | K59: CALI-VALLE | L59: Periodo Actual | M59: 6320330 | N59: 6911329 | O59: 774590 | P59: 1302228 | Q59: 5609101 | R59: 2983701 | S59: 202027 | T59: =M59/O59 -> 8.1595812 | U59: =P59/N59 -> 0.18841933 | V59: =R59/S59 -> 14.768823 | W59: =R59/Q59 -> 0.53193925 | X59: =R59/N59 -> 0.43171161
A60: 4245 | B60: Pymes-Individuales | C60: Estado de situación financiera, corriente/no corriente | D60: 800226013 | E60: 2024-12-31 | F60: TECNIYALE SAS | G60: G4659 - Comercio al por mayor de otros tipos de maquinaria y equipo n.c.p. | H60: 08. SOCIEDAD POR ACCIONES SIMPLIFICADA SAS | I60: CALLE 15 22 207 | J60: VALLE | K60: YUMBO-VALLE | L60: Periodo Actual | M60: 6657343 | N60: 8414425 | O60: 1319634 | P60: 1589206 | Q60: 6825219 | R60: 1055861 | T60: =M60/O60 -> 5.0448405 | U60: =P60/N60 -> 0.18886686 | W60: =R60/Q60 -> 0.15469994 | X60: =R60/N60 -> 0.12548225
A61: 19421 | B61: Pymes-Individuales | C61: Estado de situación financiera, corriente/no corriente | D61: 890919283 | E61: 2024-12-31 | F61: ALMACEN BOMBAS SA | G61: G4659 - Comercio al por mayor de otros tipos de maquinaria y equipo n.c.p. | H61: 01. SOCIEDAD ANÓNIMA | I61: CALLE 50 54 15 | J61: ANTIOQUIA | K61: MEDELLIN-ANTIOQUIA | L61: Periodo Actual | M61: 15245780 | N61: 19330008 | O61: 699098 | P61: 3653169 | Q61: 15676839 | R61: 1752147 | S61: 151362 | T61: =M61/O61 -> 21.807787 | U61: =P61/N61 -> 0.18898952 | V61: =R61/S61 -> 11.575871 | W61: =R61/Q61 -> 0.1117666 | X61: =R61/N61 -> 0.090643884
A62: 24285 | B62: Pymes-Individuales | C62: Estado de situación financiera, corriente/no corriente | D62: 900164399 | E62: 2024-12-31 | F62: RITTAL SAS | G62: G4659 - Comercio al por mayor de otros tipos de maquinaria y equipo n.c.p. | H62: 08. SOCIEDAD POR ACCIONES SIMPLIFICADA SAS | I62: AUT BOG MED KM 7 PARQUE EMPRESARIAL CELTA BG 1 LT 48 | J62: CUNDINAMARCA | K62: FUNZA-CUNDINAMARCA | L62: Periodo Actual | M62: 17515336 | N62: 18130738 | O62: 20892440 | P62: 3442554 | Q62: 14688184 | R62: 3477733 | T62: =M62/O62 -> 0.83835761 | U62: =P62/N62 -> 0.1898739 | W62: =R62/Q62 -> 0.23677079 | X62: =R62/N62 -> 0.1918142
A63: 20035 | B63: Pymes-Individuales | C63: Estado de situación financiera, corriente/no corriente | D63: 890943055 | E63: 2024-12-31 | F63: SUMINISTROS Y CONTROLES ELECTRONICOS S.A. | G63: G4659 - Comercio al por mayor de otros tipos de maquinaria y equipo n.c.p. | H63: 01. SOCIEDAD ANÓNIMA | I63: CR 53 50 51 OFICINA 506 | J63: ANTIOQUIA | K63: MEDELLIN-ANTIOQUIA | L63: Periodo Actual | M63: 4564667 | N63: 4605473 | O63: 733836 | P63: 881205 | Q63: 3724268 | R63: 620142 | T63: =M63/O63 -> 6.2202822 | U63: =P63/N63 -> 0.19133865 | W63: =R63/Q63 -> 0.1665138 | X63: =R63/N63 -> 0.13465327
A64: 9661 | B64: Pymes-Individuales | C64: Estado de situación financiera, corriente/no corriente | D64: 830005062 | E64: 2024-12-31 | F64: TECNOENERGIA COLOMBIA SAS | G64: G4659 - Comercio al por mayor de otros tipos de maquinaria y equipo n.c.p. | H64: 08. SOCIEDAD POR ACCIONES SIMPLIFICADA SAS | I64: CL 91 A 59 06 | J64: BOGOTA D.C. | K64: BOGOTA D.C. | L64: Periodo Actual | M64: 8546803 | N64: 8673814 | O64: 1198575 | P64: 1669382 | Q64: 7004432 | R64: 2132191 | S64: 446 | T64: =M64/O64 -> 7.1308037 | U64: =P64/N64 -> 0.19246228 | V64: =R64/S64 -> 4780.6973 | W64: =R64/Q64 -> 0.30440598 | X64: =R64/N64 -> 0.24581931
A65: 209 | B65: Pymes-Individuales | C65: Estado de situación financiera, corriente/no corriente | D65: 800008639 | E65: 2024-12-31 | F65: INESSMAN LTDA | G65: C3312 - Mantenimiento y reparación especializado de maquinaria y equipo | H65: 03. SOCIEDAD LIMITADA | I65: CL 25D 81A 82 | J65: BOGOTA D.C. | K65: BOGOTA D.C. | L65: Periodo Actual | M65: 3592277 | N65: 5127206 | O65: 988514 | P65: 988514 | Q65: 4138692 | R65: 741360 | S65: 30331 | T65: =M65/O65 -> 3.6340173 | U65: =P65/N65 -> 0.19279779 | V65: =R65/S65 -> 24.44232 | W65: =R65/Q65 -> 0.17912906 | X65: =R65/N65 -> 0.14459337
A66: 135 | B66: Plenas-Separados | C66: Estado de situación financiera, corriente/no corriente | D66: 800127132 | E66: 2024-12-31 | F66: FEILO SYLVANIA COLOMBIA S.A | G66: G4659 - Comercio al por mayor de otros tipos de maquinaria y equipo n.c.p. | H66: 01. SOCIEDAD ANÓNIMA | I66: CALLE 57 B SUR 72 A 23 | J66: BOGOTA D.C. | K66: BOGOTA D.C. | L66: Periodo Actual | M66: 98685365 | N66: 112510023 | O66: 21332363 | P66: 21942988 | Q66: 90567035 | R66: 25910177 | S66: 390143 | T66: =M66/O66 -> 4.6260869 | U66: =P66/N66 -> 0.19503141 | V66: =R66/S66 -> 66.412 | W66: =R66/Q66 -> 0.28608839 | X66: =R66/N66 -> 0.23029217
A67: 15873 | B67: Pymes-Individuales | C67: Estado de situación financiera, corriente/no corriente | D67: 860064146 | E67: 2024-12-31 | F67: EQUIMED LTDA | G67: G4659 - Comercio al por mayor de otros tipos de maquinaria y equipo n.c.p. | H67: 03. SOCIEDAD LIMITADA | I67: CALLE 37 16 39 | J67: BOGOTA D.C. | K67: BOGOTA D.C. | L67: Periodo Actual | M67: 2606471 | N67: 3320630 | O67: 3170245 | P67: 651938 | Q67: 2668692 | R67: 283960 | T67: =M67/O67 -> 0.82216706 | U67: =P67/N67 -> 0.19632961 | W67: =R67/Q67 -> 0.10640419 | X67: =R67/N67 -> 0.085513893
A68: 9897 | B68: Pymes-Individuales | C68: Estado de situación financiera, corriente/no corriente | D68: 830014011 | E68: 2024-12-31 | F68: COMPAÑIA INTERAMERICANA DE SEGURIDAD Y SERVICIOS LTDA | G68: G4659 - Comercio al por mayor de otros tipos de maquinaria y equipo n.c.p. | H68: 03. SOCIEDAD LIMITADA | I68: CALLE 106 57 23 | J68: BOGOTA D.C. | K68: BOGOTA D.C. | L68: Periodo Actual | M68: 29904849 | N68: 30226141 | O68: 4336768 | P68: 6087843 | Q68: 24138298 | R68: 6583507 | S68: 446747 | T68: =M68/O68 -> 6.8956534 | U68: =P68/N68 -> 0.20140987 | V68: =R68/S68 -> 14.736544 | W68: =R68/Q68 -> 0.27274114 | X68: =R68/N68 -> 0.21780839
A69: 14757 | B69: Pymes-Individuales | C69: Estado de situación financiera, corriente/no corriente | D69: 860008424 | E69: 2024-12-31 | F69: HANSEATICA SAS | G69: G4659 - Comercio al por mayor de otros tipos de maquinaria y equipo n.c.p. | H69: 08. SOCIEDAD POR ACCIONES SIMPLIFICADA SAS | I69: CARRERA 19 B NO. 168 - 70 | J69: BOGOTA D.C. | K69: BOGOTA D.C. | L69: Periodo Actual | M69: 13716731 | N69: 16305659 | O69: 699098 | P69: 3295805 | Q69: 13009854 | R69: 6481939 | S69: 497856 | T69: =M69/O69 -> 19.620613 | U69: =P69/N69 -> 0.20212645 | V69: =R69/S69 -> 13.019707 | W69: =R69/Q69 -> 0.49823303 | X69: =R69/N69 -> 0.39752696
A70: 16145 | B70: Pymes-Individuales | C70: Estado de situación financiera, corriente/no corriente | D70: 860079475 | E70: 2024-12-31 | F70: Petrolcarbon Ltda | G70: G4659 - Comercio al por mayor de otros tipos de maquinaria y equipo n.c.p. | H70: 03. SOCIEDAD LIMITADA | I70: Calle 78 No 9-57 | J70: BOGOTA D.C. | K70: BOGOTA D.C. | L70: Periodo Actual | M70: 3180984 | N70: 8640625 | O70: 699098 | P70: 1758115 | Q70: 6882510 | R70: 998505 | T70: =M70/O70 -> 4.550126 | U70: =P70/N70 -> 0.20347081 | W70: =R70/Q70 -> 0.14507861 | X70: =R70/N70 -> 0.11555935
A71: 3719 | B71: Pymes-Individuales | C71: Estado de situación financiera, corriente/no corriente | D71: 800200388 | E71: 2024-12-31 | F71: CONTROL E INSTRUMENTACION INDUSTRIAL DE COLOMBIA SAS | G71: G4659 - Comercio al por mayor de otros tipos de maquinaria y equipo n.c.p. | H71: 08. SOCIEDAD POR ACCIONES SIMPLIFICADA SAS | I71: CARRERA 28 NORTE 6 BN 11 | J71: VALLE | K71: CALI-VALLE | L71: Periodo Actual | M71: 2900131 | N71: 3827962 | O71: 770818 | P71: 779175 | Q71: 3048787 | R71: 371590 | S71: 28468 | T71: =M71/O71 -> 3.7624069 | U71: =P71/N71 -> 0.20354826 | V71: =R71/S71 -> 13.052902 | W71: =R71/Q71 -> 0.12188126 | X71: =R71/N71 -> 0.097072541
A72: 15199 | B72: Pymes-Individuales | C72: Estado de situación financiera, corriente/no corriente | D72: 860035715 | E72: 2024-12-31 | F72: INGENIEROS Y TECNICOS ELECTRICISTAS ASOCIADOS LTDA INTELECAINGENIEROS Y TECNICOS ELECTRICISTAS ASOCIADOS LTDA INTELECA | G72: C3312 - Mantenimiento y reparación especializado de maquinaria y equipo | H72: 03. SOCIEDAD LIMITADA | I72: CR 32A 10 43 | J72: BOGOTA D.C. | K72: BOGOTA D.C. | L72: Periodo Actual | M72: 11597909 | N72: 11654488 | O72: 516186 | P72: 2382195 | Q72: 9272293 | R72: 5294018 | S72: 71362 | T72: =M72/O72 -> 22.468469 | U72: =P72/N72 -> 0.20440151 | V72: =R72/S72 -> 74.185393 | W72: =R72/Q72 -> 0.57095025 | X72: =R72/N72 -> 0.45424715
A73: 38339 | B73: Pymes-Individuales | C73: Estado de situación financiera, corriente/no corriente | D73: 900812558 | E73: 2024-12-31 | F73: SCHOTTEL DE COLOMBIA S.A.S | G73: G4659 - Comercio al por mayor de otros tipos de maquinaria y equipo n.c.p. | H73: 08. SOCIEDAD POR ACCIONES SIMPLIFICADA SAS | I73: EL BOSQUE AVENIDA CRISDANTO LUQUE DIAGONAL 22NO 44 - 48 CARTAGENA, BOLIVAR, COLOMBIA | J73: BOLIVAR | K73: CARTAGENA-BOLIVAR | L73: Periodo Actual | M73: 21502429 | N73: 38427999 | O73: 699098 | P73: 8112660 | Q73: 30315339 | R73: 12329668 | T73: =M73/O73 -> 30.757389 | U73: =P73/N73 -> 0.21111326 | W73: =R73/Q73 -> 0.40671384 | X73: =R73/N73 -> 0.32085116
A74: 2073 | B74: Plenas-Individuales | C74: Estado de situación financiera, corriente/no corriente | D74: 860028581 | E74: 2024-12-31 | F74: DELCOP COLOMBIA SAS | G74: G4659 - Comercio al por mayor de otros tipos de maquinaria y equipo n.c.p. | H74: 08. SOCIEDAD POR ACCIONES SIMPLIFICADA SAS | I74: cl 68 a 92 39 | J74: BOGOTA D.C. | K74: BOGOTA D.C. | L74: Periodo Actual | M74: 10234745 | N74: 52509885 | O74: 3462243 | P74: 11212223 | Q74: 41297662 | R74: 2003130 | T74: =M74/O74 -> 2.9561024 | U74: =P74/N74 -> 0.21352595 | W74: =R74/Q74 -> 0.048504683 | X74: =R74/N74 -> 0.038147674
A75: 2639 | B75: Plenas-Individuales | C75: Estado de situación financiera, corriente/no corriente | D75: 890317417 | E75: 2024-12-31 | F75: GILMEDICA SAS | G75: G4659 - Comercio al por mayor de otros tipos de maquinaria y equipo n.c.p. | H75: 08. SOCIEDAD POR ACCIONES SIMPLIFICADA SAS | I75: CALLE 13 N° 32-418 | J75: VALLE | K75: YUMBO-VALLE | L75: Periodo Actual | M75: 81184179 | N75: 92932033 | O75: 17067248 | P75: 19910664 | Q75: 73021369 | R75: 10164553 | S75: 2665023 | T75: =M75/O75 -> 4.7567235 | U75: =P75/N75 -> 0.21424974 | V75: =R75/S75 -> 3.8140583 | W75: =R75/Q75 -> 0.1391997 | X75: =R75/N75 -> 0.1093762
A76: 1199 | B76: Plenas-Individuales | C76: Estado de situación financiera, corriente/no corriente | D76: 830002560 | E76: 2024-12-31 | F76: FMC TECHNOLOGIES INC | G76: G4659 - Comercio al por mayor de otros tipos de maquinaria y equipo n.c.p. | H76: 02. SUCURSAL EXTRANJERA | I76: CR 7 114 33 OF 703 ED SCOTIABANK PH | J76: BOGOTA D.C. | K76: BOGOTA D.C. | L76: Periodo Actual | M76: 43511138 | N76: 54746225 | O76: 8699204 | P76: 11817999 | Q76: 42928226 | R76: 8964141 | S76: 1486590 | T76: =M76/O76 -> 5.0017379 | U76: =P76/N76 -> 0.21586875 | V76: =R76/S76 -> 6.0300022 | W76: =R76/Q76 -> 0.20881694 | X76: =R76/N76 -> 0.16373989
A77: 14693 | B77: Pymes-Individuales | C77: Estado de situación financiera, corriente/no corriente | D77: 860004755 | E77: 2024-12-31 | F77: FSC SOLUCIONES DE INGENIERIA SAS | G77: G4659 - Comercio al por mayor de otros tipos de maquinaria y equipo n.c.p. | H77: 08. SOCIEDAD POR ACCIONES SIMPLIFICADA SAS | I77: CLL 148 # 107-50 T1 APTO 804 | J77: BOGOTA D.C. | K77: BOGOTA D.C. | L77: Periodo Actual | M77: 1743945 | N77: 1743945 | O77: 1730981 | P77: 380934 | Q77: 1363011 | R77: -600746 | S77: 165467 | T77: =M77/O77 -> 1.0074894 | U77: =P77/N77 -> 0.21843235 | V77: =R77/S77 -> -3.6306091 | W77: =R77/Q77 -> -0.44074919 | X77: =R77/N77 -> -0.34447531
A78: 20481 | B78: Pymes-Individuales | C78: Estado de situación financiera, corriente/no corriente | D78: 892002085 | E78: 2024-12-31 | F78: DICIMED SAS | G78: G4659 - Comercio al por mayor de otros tipos de maquinaria y equipo n.c.p. | H78: 08. SOCIEDAD POR ACCIONES SIMPLIFICADA SAS | I78: CR 33A 38-26/30 | J78: META | K78: VILLAVICENCIO-META | L78: Periodo Actual | M78: 8755318 | N78: 12339411 | O78: 80161 | P78: 2708128 | Q78: 9631283 | R78: 2726336 | S78: 0 | T78: =M78/O78 -> 109.22167 | U78: =P78/N78 -> 0.21946979 | W78: =R78/Q78 -> 0.28307091 | X78: =R78/N78 -> 0.22094539
A79: 919 | B79: Plenas-Individuales | C79: Estado de situación financiera, corriente/no corriente | D79: 811001646 | E79: 2024-12-31 | F79: Nordson Andina Ltda | G79: G4659 - Comercio al por mayor de otros tipos de maquinaria y equipo n.c.p. | H79: 03. SOCIEDAD LIMITADA | I79: CRA 50 Nro. 79Sur-101 BD 38 | J79: ANTIOQUIA | K79: LA-ESTRELLA-ANTIOQUIA | L79: Periodo Actual | M79: 11899481 | N79: 13434180 | O79: 2242987 | P79: 2974660 | Q79: 10459520 | R79: 5889619 | S79: 2582603 | T79: =M79/O79 -> 5.3051939 | U79: =P79/N79 -> 0.22142475 | V79: =R79/S79 -> 2.2804972 | W79: =R79/Q79 -> 0.56308693 | X79: =R79/N79 -> 0.43840554
A80: 9501 | B80: Pymes-Individuales | C80: Estado de situación financiera, corriente/no corriente | D80: 829000170 | E80: 2024-12-31 | F80: TECS S.A.S. EN REORGANIZACION | G80: C3312 - Mantenimiento y reparación especializado de maquinaria y equipo | H80: 08. SOCIEDAD POR ACCIONES SIMPLIFICADA SAS | I80: CR 19 NRO. 51 34 | J80: SANTANDER | K80: BARRANCABERMEJA-SANTANDER | L80: Periodo Actual | M80: 38757 | N80: 3777299 | O80: 516186 | P80: 838863 | Q80: 2938436 | R80: 216 | T80: =M80/O80 -> 0.0750834 | U80: =P80/N80 -> 0.22208012 | W80: =R80/Q80 -> 7.3508492e-05 | X80: =R80/N80 -> 5.7183718e-05
A81: 9577 | B81: Pymes-Individuales | C81: Estado de situación financiera, corriente/no corriente | D81: 830001241 | E81: 2024-12-31 | F81: PEMARSA OILFIELD SERVICES S.A | G81: C3312 - Mantenimiento y reparación especializado de maquinaria y equipo | H81: 01. SOCIEDAD ANÓNIMA | I81: KM 1.5 VIA SIBERIA COTA PQ ARCOS DE COTA BG 2B | J81: CUNDINAMARCA | K81: COTA-CUNDINAMARCA | L81: Periodo Actual | M81: 23351971 | N81: 30833735 | O81: 2057884 | P81: 6858625 | Q81: 23975110 | R81: 10245428 | S81: 468067 | T81: =M81/O81 -> 11.347564 | U81: =P81/N81 -> 0.22243899 | V81: =R81/S81 -> 21.888807 | W81: =R81/Q81 -> 0.42733602 | X81: =R81/N81 -> 0.33227982
A82: 27367 | B82: Pymes-Individuales | C82: Estado de situación financiera, corriente/no corriente | D82: 900296267 | E82: 2024-12-31 | F82: DAKORA SAS | G82: G4659 - Comercio al por mayor de otros tipos de maquinaria y equipo n.c.p. | H82: 08. SOCIEDAD POR ACCIONES SIMPLIFICADA SAS | I82: KM 7 VIA CAJICA CHIA DL OF 201-3 SAN ROQUE | J82: CUNDINAMARCA | K82: CAJICA-CUNDINAMARCA | L82: Periodo Actual | M82: 1984021 | N82: 3439418 | O82: 699098 | P82: 768939 | Q82: 2670479 | R82: 185628 | S82: 126204 | T82: =M82/O82 -> 2.8379726 | U82: =P82/N82 -> 0.2235666 | V82: =R82/S82 -> 1.4708567 | W82: =R82/Q82 -> 0.069511125 | X82: =R82/N82 -> 0.053970759
A83: 29995 | B83: Pymes-Individuales | C83: Estado de situación financiera, corriente/no corriente | D83: 900390835 | E83: 2024-12-31 | F83: COLMEDIKS SAS | G83: G4659 - Comercio al por mayor de otros tipos de maquinaria y equipo n.c.p. | H83: 05. SOCIEDAD EN COMANDITA POR ACCIONES | I83: CR 29 C 10C 125 OF 1001 | J83: ANTIOQUIA | K83: MEDELLIN-ANTIOQUIA | L83: Periodo Actual | M83: 17351477 | N83: 18377135 | O83: 97578 | P83: 4220594 | Q83: 14156541 | R83: 1131384 | S83: 394369 | T83: =M83/O83 -> 177.82161 | U83: =P83/N83 -> 0.22966551 | V83: =R83/S83 -> 2.8688462 | W83: =R83/Q83 -> 0.079919523 | X83: =R83/N83 -> 0.061564765
A84: 36523 | B84: Pymes-Individuales | C84: Estado de situación financiera, corriente/no corriente | D84: 900656724 | E84: 2024-12-31 | F84: JAIMES RUEDA YCIA PRECIMEC SAS | G84: G4659 - Comercio al por mayor de otros tipos de maquinaria y equipo n.c.p. | H84: 08. SOCIEDAD POR ACCIONES SIMPLIFICADA SAS | I84: CARRERA 23 #22-23 | J84: SANTANDER | K84: BUCARAMANGA-SANTANDER | L84: Periodo Actual | M84: 6728228 | N84: 7510165 | O84: 80161 | P84: 1742971 | Q84: 5767194 | R84: 1319028 | S84: 184312 | T84: =M84/O84 -> 83.933933 | U84: =P84/N84 -> 0.23208159 | V84: =R84/S84 -> 7.1564955 | W84: =R84/Q84 -> 0.22871226 | X84: =R84/N84 -> 0.17563236
A85: 36959 | B85: Pymes-Individuales | C85: Estado de situación financiera, corriente/no corriente | D85: 900688449 | E85: 2024-12-31 | F85: AIRE Y REFRIGERACION DE COLOMBIA SAS | G85: C3312 - Mantenimiento y reparación especializado de maquinaria y equipo | H85: 08. SOCIEDAD POR ACCIONES SIMPLIFICADA SAS | I85: CL 46 21 27 BR LA CONCORDIA | J85: SANTANDER | K85: BUCARAMANGA-SANTANDER | L85: Periodo Actual | M85: 2310259 | N85: 3535175 | O85: 20892440 | P85: 827207 | Q85: 2707968 | R85: 713255 | S85: 61496 | T85: =M85/O85 -> 0.11057871 | U85: =P85/N85 -> 0.23399323 | V85: =R85/S85 -> 11.598397 | W85: =R85/Q85 -> 0.26339122 | X85: =R85/N85 -> 0.20175946
A86: 3793 | B86: Pymes-Individuales | C86: Estado de situación financiera, corriente/no corriente | D86: 800204547 | E86: 2024-12-31 | F86: INTELNET MEDICA SAS | G86: G4659 - Comercio al por mayor de otros tipos de maquinaria y equipo n.c.p. | H86: 08. SOCIEDAD POR ACCIONES SIMPLIFICADA SAS | I86: CRA44A 24A 22 | J86: BOGOTA D.C. | K86: BOGOTA D.C. | L86: Periodo Actual | M86: 13965213 | N86: 15763077 | O86: 3703294 | P86: 3703294 | Q86: 12059783 | R86: 353590 | S86: 209293 | T86: =M86/O86 -> 3.7710247 | U86: =P86/N86 -> 0.23493471 | V86: =R86/S86 -> 1.6894497 | W86: =R86/Q86 -> 0.029319765 | X86: =R86/N86 -> 0.022431534
A87: 9659 | B87: Pymes-Individuales | C87: Estado de situación financiera, corriente/no corriente | D87: 830004892 | E87: 2024-12-31 | F87: TECNICA ELECTRO MEDICA SA | G87: G4659 - Comercio al por mayor de otros tipos de maquinaria y equipo n.c.p. | H87: 01. SOCIEDAD ANÓNIMA | I87: CL 47 5 26 | J87: BOGOTA D.C. | K87: BOGOTA D.C. | L87: Periodo Actual | M87: 96819571 | N87: 114726290 | O87: 731046 | P87: 26972716 | Q87: 87753574 | R87: 17840292 | S87: 1483907 | T87: =M87/O87 -> 132.43978 | U87: =P87/N87 -> 0.23510493 | V87: =R87/S87 -> 12.022514 | W87: =R87/Q87 -> 0.20329989 | X87: =R87/N87 -> 0.15550308
A88: 19561 | B88: Pymes-Individuales | C88: Estado de situación financiera, corriente/no corriente | D88: 890924197 | E88: 2024-12-31 | F88: ELECTRONICA MEDICA Y CONTROL EMCO S.A.S. | G88: G4659 - Comercio al por mayor de otros tipos de maquinaria y equipo n.c.p. | H88: 08. SOCIEDAD POR ACCIONES SIMPLIFICADA SAS | I88: Carrera 80 A 34 B 07 | J88: ANTIOQUIA | K88: MEDELLIN-ANTIOQUIA | L88: Periodo Actual | M88: 10998938 | N88: 15981412 | O88: 1484025 | P88: 3765402 | Q88: 12216010 | R88: 1609218 | S88: 322943 | T88: =M88/O88 -> 7.4115584 | U88: =P88/N88 -> 0.23561135 | V88: =R88/S88 -> 4.9829784 | W88: =R88/Q88 -> 0.13173025 | X88: =R88/N88 -> 0.10069311
A89: 3675 | B89: Pymes-Individuales | C89: Estado de situación financiera, corriente/no corriente | D89: 800198076 | E89: 2024-12-31 | F89: TEC POINT SAS | G89: G4659 - Comercio al por mayor de otros tipos de maquinaria y equipo n.c.p. | H89: 08. SOCIEDAD POR ACCIONES SIMPLIFICADA SAS | I89: CR 13 A 108 19 | J89: BOGOTA D.C. | K89: BOGOTA D.C. | L89: Periodo Actual | M89: 4453557 | N89: 4476934 | O89: 788240 | P89: 1058326 | Q89: 3418608 | R89: 171348 | S89: 113538 | T89: =M89/O89 -> 5.6500013 | U89: =P89/N89 -> 0.23639527 | V89: =R89/S89 -> 1.5091687 | W89: =R89/Q89 -> 0.050122155 | X89: =R89/N89 -> 0.038273515
A90: 11355 | B90: Pymes-Individuales | C90: Estado de situación financiera, corriente/no corriente | D90: 830065332 | E90: 2024-12-31 | F90: WORLD MEDICAL SAS | G90: G4659 - Comercio al por mayor de otros tipos de maquinaria y equipo n.c.p. | H90: 08. SOCIEDAD POR ACCIONES SIMPLIFICADA SAS | I90: AVENIDA CRA 7 156 68 OFICINA 2801 | J90: BOGOTA D.C. | K90: BOGOTA D.C. | L90: Periodo Actual | M90: 22885530 | N90: 23488192 | O90: 699098 | P90: 5552884 | Q90: 17935308 | R90: 4464863 | S90: 444895 | T90: =M90/O90 -> 32.735797 | U90: =P90/N90 -> 0.23641173 | V90: =R90/S90 -> 10.035768 | W90: =R90/Q90 -> 0.24894264 | X90: =R90/N90 -> 0.19008968
A91: 11889 | B91: Pymes-Individuales | C91: Estado de situación financiera, corriente/no corriente | D91: 830083878 | E91: 2024-12-31 | F91: ELECTRICOS Y COMUNICACIONES ALFA SAS | G91: G4659 - Comercio al por mayor de otros tipos de maquinaria y equipo n.c.p. | H91: 08. SOCIEDAD POR ACCIONES SIMPLIFICADA SAS | I91: CR 12 16 82 | J91: BOGOTA D.C. | K91: BOGOTA D.C. | L91: Periodo Actual | M91: 8137700 | N91: 8590656 | O91: 97578 | P91: 2047114 | Q91: 6543542 | R91: 524438 | T91: =M91/O91 -> 83.396872 | U91: =P91/N91 -> 0.23829542 | W91: =R91/Q91 -> 0.08014589 | X91: =R91/N91 -> 0.061047492
A92: 1473 | B92: Plenas-Separados | C92: Estado de situación financiera, corriente/no corriente | D92: 890940259 | E92: 2024-12-31 | F92: LABORATORIOS RETINA SAS | G92: G4659 - Comercio al por mayor de otros tipos de maquinaria y equipo n.c.p. | H92: 08. SOCIEDAD POR ACCIONES SIMPLIFICADA SAS | I92: CARRERA 33 7A 78 | J92: ANTIOQUIA | K92: MEDELLIN-ANTIOQUIA | L92: Periodo Actual | M92: 33047600 | N92: 36892738 | O92: 8825090 | P92: 8915931 | Q92: 27976807 | R92: 10025046 | S92: 651177 | T92: =M92/O92 -> 3.7447323 | U92: =P92/N92 -> 0.24167171 | V92: =R92/S92 -> 15.39527 | W92: =R92/Q92 -> 0.35833417 | X92: =R92/N92 -> 0.27173494
A93: 25551 | B93: Pymes-Individuales | C93: Estado de situación financiera, corriente/no corriente | D93: 900214324 | E93: 2024-12-31 | F93: INDUSTRICOL SAS | G93: G4659 - Comercio al por mayor de otros tipos de maquinaria y equipo n.c.p. | H93: 08. SOCIEDAD POR ACCIONES SIMPLIFICADA SAS | I93: CLL 7 SUR 51A 21 BODEGA 124 MALL PROVIDENCIA | J93: ANTIOQUIA | K93: MEDELLIN-ANTIOQUIA | L93: Periodo Actual | M93: 5570727 | N93: 7152017 | O93: 4336768 | P93: 1729898 | Q93: 5422119 | R93: 668659 | S93: 76356 | T93: =M93/O93 -> 1.2845342 | U93: =P93/N93 -> 0.24187554 | V93: =R93/S93 -> 8.7571245 | W93: =R93/Q93 -> 0.12332061 | X93: =R93/N93 -> 0.093492367
A94: 11373 | B94: Pymes-Individuales | C94: Estado de situación financiera, corriente/no corriente | D94: 830065750 | E94: 2024-12-31 | F94: ELECTROEQUIPOS COLOMBIA SAS | G94: G4659 - Comercio al por mayor de otros tipos de maquinaria y equipo n.c.p. | H94: 08. SOCIEDAD POR ACCIONES SIMPLIFICADA SAS | I94: Calle 109 No. 14 A 26 | J94: BOGOTA D.C. | K94: BOGOTA D.C. | L94: Periodo Actual | M94: 45377456 | N94: 48424323 | O94: 1484025 | P94: 11735550 | Q94: 36688773 | R94: 11445804 | S94: 1024201 | T94: =M94/O94 -> 30.577285 | U94: =P94/N94 -> 0.24234825 | V94: =R94/S94 -> 11.175349 | W94: =R94/Q94 -> 0.3119702 | X94: =R94/N94 -> 0.23636477
A95: 22443 | B95: Pymes-Individuales | C95: Estado de situación financiera, corriente/no corriente | D95: 900089543 | E95: 2024-12-31 | F95: CARDIO SAFE S.A. | G95: G4659 - Comercio al por mayor de otros tipos de maquinaria y equipo n.c.p. | H95: 01. SOCIEDAD ANÓNIMA | I95: CALLE 67 7 35 OF 1105 | J95: BOGOTA D.C. | K95: BOGOTA D.C. | L95: Periodo Actual | M95: 2834025 | N95: 3118164 | O95: 1484025 | P95: 762084 | Q95: 2356080 | R95: 150668 | T95: =M95/O95 -> 1.9096882 | U95: =P95/N95 -> 0.24440151 | W95: =R95/Q95 -> 0.063948593 | X95: =R95/N95 -> 0.04831946
A96: 9941 | B96: Pymes-Individuales | C96: Estado de situación financiera, corriente/no corriente | D96: 830015673 | E96: 2024-12-31 | F96: DOTACIONES Y EQUIPOS INDUSTRIALES DE COLOMBIA DOTAEQUIP LTDA | G96: G4659 - Comercio al por mayor de otros tipos de maquinaria y equipo n.c.p. | H96: 03. SOCIEDAD LIMITADA | I96: TV 35A 29B 52 SUR | J96: BOGOTA D.C. | K96: BOGOTA D.C. | L96: Periodo Actual | M96: 2714323 | N96: 2723641 | O96: 20892440 | P96: 669730 | Q96: 2053911 | R96: 218490 | T96: =M96/O96 -> 0.12991891 | U96: =P96/N96 -> 0.24589511 | W96: =R96/Q96 -> 0.10637754 | X96: =R96/N96 -> 0.080219823
A97: 21619 | B97: Pymes-Individuales | C97: Estado de situación financiera, corriente/no corriente | D97: 900057180 | E97: 2024-12-31 | F97: FIRST MEDICAL DE COLOMBIA SAS | G97: C3313 - Mantenimiento y reparación especializado de equipo electrónico y óptico | H97: 08. SOCIEDAD POR ACCIONES SIMPLIFICADA SAS | I97: KR 45 93 15 | J97: BOGOTA D.C. | K97: BOGOTA D.C. | L97: Periodo Actual | M97: 2282589 | N97: 2354876 | O97: 1730981 | P97: 579258 | Q97: 1775618 | R97: 117128 | T97: =M97/O97 -> 1.3186679 | U97: =P97/N97 -> 0.24598238 | W97: =R97/Q97 -> 0.065964639 | X97: =R97/N97 -> 0.0497385
A98: 10361 | B98: Pymes-Individuales | C98: Estado de situación financiera, corriente/no corriente | D98: 830032216 | E98: 2024-12-31 | F98: CORREAS MANGUERAS Y SELLOS SAS | G98: G4659 - Comercio al por mayor de otros tipos de maquinaria y equipo n.c.p. | H98: 08. SOCIEDAD POR ACCIONES SIMPLIFICADA SAS | I98: AV BOYACA 40 31 SUR | J98: BOGOTA D.C. | K98: BOGOTA D.C. | L98: Periodo Actual | M98: 5363809 | N98: 7502287 | O98: 2057884 | P98: 1849006 | Q98: 5653281 | R98: 1371 | S98: 19240 | T98: =M98/O98 -> 2.6064681 | U98: =P98/N98 -> 0.24645898 | V98: =R98/S98 -> 0.071257796 | W98: =R98/Q98 -> 0.00024251404 | X98: =R98/N98 -> 0.00018274428
F99: INGENIERIA EN EQUIPOS DE TEMPERATURA SAS | G99: EMPRESA OFERENTE PROCESO 2025 | M99: 737761496 | N99: 804145134 | O99: 199293692 | P99: 199293692 | Q99: 604851442 | R99: 446839583 | S99: 7405003 | T99: =M99/O99 -> 3.7018808 | U99: =P99/N99 -> 0.24783299 | V99: =R99/S99 -> 60.342931 | W99: =R99/Q99 -> 0.73875923 | X99: =R99/N99 -> 0.55567032
A100: 18543 | B100: Pymes-Individuales | C100: Estado de situación financiera, corriente/no corriente | D100: 890331634 | E100: 2024-12-31 | F100: IMPORTACION TECNICA ESTUDIOS Y COMERCIALIZACION S.A. | G100: G4659 - Comercio al por mayor de otros tipos de maquinaria y equipo n.c.p. | H100: 01. SOCIEDAD ANÓNIMA | I100: CALLE 20 1 30 | J100: VALLE | K100: CALI-VALLE | L100: Periodo Actual | M100: 23860681 | N100: 28784840 | O100: 97578 | P100: 7334711 | Q100: 21450129 | R100: 2478280 | T100: =M100/O100 -> 244.52931 | U100: =P100/N100 -> 0.2548116 | W100: =R100/Q100 -> 0.11553683 | X100: =R100/N100 -> 0.086096709
A101: 9733 | B101: Pymes-Individuales | C101: Estado de situación financiera, corriente/no corriente | D101: 830007414 | E101: 2024-12-31 | F101: ICL DIDACTICA SAS | G101: G4659 - Comercio al por mayor de otros tipos de maquinaria y equipo n.c.p. | H101: 08. SOCIEDAD POR ACCIONES SIMPLIFICADA SAS | I101: CR 36 A 57 22 | J101: BOGOTA D.C. | K101: BOGOTA D.C. | L101: Periodo Actual | M101: 8254813 | N101: 8330370 | O101: 1730981 | P101: 2130681 | Q101: 6199689 | R101: 1276737 | S101: 91072 | T101: =M101/O101 -> 4.768864 | U101: =P101/N101 -> 0.25577267 | V101: =R101/S101 -> 14.018985 | W101: =R101/Q101 -> 0.20593565 | X101: =R101/N101 -> 0.15326294
A102: 2323 | B102: Plenas-Individuales | C102: Estado de situación financiera, corriente/no corriente | D102: 860450450 | E102: 2024-12-31 | F102: NICOMAR ELECTRONICS S.A.S | G102: G4659 - Comercio al por mayor de otros tipos de maquinaria y equipo n.c.p. | H102: 08. SOCIEDAD POR ACCIONES SIMPLIFICADA SAS | I102: CARRERA 62 14 65 | J102: BOGOTA D.C. | K102: BOGOTA D.C. | L102: Periodo Actual | M102: 62389976 | N102: 70701385 | O102: 18130555 | P102: 18130555 | Q102: 52570830 | R102: 14141660 | S102: 3158427 | T102: =M102/O102 -> 3.4411509 | U102: =P102/N102 -> 0.25643847 | V102: =R102/S102 -> 4.4774377 | W102: =R102/Q102 -> 0.26900203 | X102: =R102/N102 -> 0.20001956
...

Sheet Cob
I3: Fuente Datos/Indicador | J3: Tipo empresa | K3: Tamaño Muestra | L3: Formula | T3: Indicadores Financieros | W3: Indicadores Organizacionales
T4: Indice de Liquidez | U4: Indice de Endeudamiento | V4: Razón de Cobertura de Intereses | W4: Rentabilidad del Patrimonio | X4: Rentabilidad del Activo
I5: Super Sociedades | J5: Plenas Ind. Plenas Sep. Pymes Ind. Pymes Sep | K5: Total empresas (504) + 4 | L5: Desviación Estandar | T5: =STDEVA(T12:T519) -> 51.424878 | U5: =STDEVA(U12:U519) -> 0.44990255 | V5: =STDEVA(V12:V519) -> 477.05843 | W5: =STDEVA(W12:W519) -> 20.77976 | X5: =STDEVA(X12:X519) -> 0.12806426
L6: Promedio | T6: =AVERAGE(T12:T519) -> 16.764096 | U6: =AVERAGE(U12:U519) -> 0.53227756 | V6: =AVERAGE(V12:V519) -> 51.930244 | W6: =AVERAGE(W12:W519) -> 1.0817845 | X6: =AVERAGE(X12:X519) -> 0.095184487
L7: Mediana | T7: =MEDIAN(T12:T519) -> 3.3593541 | U7: =MEDIAN(U12:U519) -> 0.51327552 | V7: =MEDIAN(V12:V519) -> 2.7602121 | W7: =MEDIAN(W12:W519) -> 0.18554601 | X7: =MEDIAN(X12:X519) -> 0.086265278
L8: Menor Valor | T8: =MIN(T12:T519) -> 0.043373314 | U8: =MIN(U12:U519) -> 0.0013063695 | V8: =MIN(V12:V519) -> -310.41869 | W8: =MIN(W12:W519) -> -55.700284 | X8: =MIN(X12:X519) -> -0.48545942
L9: Mayor Valor | T9: =MAX(T12:T519) -> 611.76962 | U9: =MAX(U12:U519) -> 8.3079207 | V9: =MAX(V12:V519) -> 6339.9449 | W9: =MAX(W12:W519) -> 464.2909 | X9: =MAX(X12:X519) -> 0.86537469
T10: 2.02 | U10: 0.56 | V10: 1.91 | W10: 0.12 | X10: 0.06
B11: Punto de entrada | C11: Formulario | D11: NIT | E11: Fecha de Corte | F11: Razón social de la sociedad | G11: Clasificación Industrial Internacional Uniforme Versión 4 A.C (CIIU) | H11: Tipo societario | I11: Dirección de notificación judicial registrada en Cámara de Comercio | J11: Departamento de la dirección del domicilio | K11: Ciudad de la dirección del domicilio | L11: Periodo | M11: Activos corrientes totales (CurrentAssets) | N11: Total de activos (Assets) | O11: Pasivos corrientes totales (CurrentLiabilities) | P11: Total pasivos (Liabilities) | Q11: Patrimonio total (Equity) | R11: Ganancia (pérdida) por actividades de operación (ProfitLossFromOperatingActivities) | S11: Costos financieros (FinanceCosts) | T11: Indice de Liquidez | U11: Indice de Endeudamiento | V11: Razón de Cobertura de Intereses | W11: Rentabilidad del Patrimonio | X11: Rentabilidad del Activo
A12: 23159 | B12: Pymes-Individuales | C12: Estado de situación financiera, corriente/no corriente | D12: 900120607 | E12: 2024-12-31 | F12: SOPORTE MINERO TECNICO SAS | G12: C3312 - Mantenimiento y reparación especializado de maquinaria y equipo | H12: 08. SOCIEDAD POR ACCIONES SIMPLIFICADA SAS | I12: CR 51 B 80 58 OF 401 SUITE 101 | J12: ATLANTICO | K12: BARRANQUILLA-ATLANTICO | L12: Periodo Actual | M12: 148712028 | N12: 148728703 | O12: 3466556 | P12: 144703036 | Q12: 4025667 | R12: -166074 | S12: 535 | T12: =M12/O12 -> 42.89907 | U12: =P12/N12 -> 0.97293282 | V12: =R12/S12 -> -310.41869 | W12: =R12/Q12 -> -0.041253785 | X12: =R12/N12 -> -0.0011166237
A13: 28515 | B13: Pymes-Individuales | C13: Estado de situación financiera, corriente/no corriente | D13: 900337874 | E13: 2024-12-31 | F13: Solucion tecnica sas | G13: C3312 - Mantenimiento y reparación especializado de maquinaria y equipo | H13: 08. SOCIEDAD POR ACCIONES SIMPLIFICADA SAS | I13: calle 172 n 22a-42 | J13: BOGOTA D.C. | K13: BOGOTA D.C. | L13: Periodo Actual | M13: 20543406 | N13: 24760184 | O13: 80161 | P13: 489207 | Q13: 24270977 | R13: -1510932 | S13: 9501 | T13: =M13/O13 -> 256.27682 | U13: =P13/N13 -> 0.01975781 | V13: =R13/S13 -> -159.02873 | W13: =R13/Q13 -> -0.062252624 | X13: =R13/N13 -> -0.061022648
A14: 3753 | B14: Plenas-Individuales | C14: Estado de situación financiera, corriente/no corriente | D14: 900308795 | E14: 2024-12-31 | F14: ISTC ANDINA S A S | G14: G4659 - Comercio al por mayor de otros tipos de maquinaria y equipo n.c.p. | H14: 08. SOCIEDAD POR ACCIONES SIMPLIFICADA SAS | I14: Cr 49 103 60 | J14: BOGOTA D.C. | K14: BOGOTA D.C. | L14: Periodo Actual | M14: 5802428 | N14: 6372953 | O14: 6375600 | P14: 6375600 | Q14: -2647 | R14: -1228978 | S14: 9130 | T14: =M14/O14 -> 0.91009913 | U14: =P14/N14 -> 1.0004153 | V14: =R14/S14 -> -134.60876 | W14: =R14/Q14 -> 464.2909 | X14: =R14/N14 -> -0.19284278
A15: 27107 | B15: Pymes-Individuales | C15: Estado de situación financiera, corriente/no corriente | D15: 900281103 | E15: 2024-12-31 | F15: MERKUR GAMNG COLOMBIA SAS | G15: G4659 - Comercio al por mayor de otros tipos de maquinaria y equipo n.c.p. | H15: 08. SOCIEDAD POR ACCIONES SIMPLIFICADA SAS | I15: CALLE 80 NRO 69-70 BODEGA 5 | J15: BOGOTA D.C. | K15: BOGOTA D.C. | L15: Periodo Actual | M15: 9283850 | N15: 9637336 | O15: 3170245 | P15: 4588671 | Q15: 5048665 | R15: -1801131 | S15: 14927 | T15: =M15/O15 -> 2.928433 | U15: =P15/N15 -> 0.47613479 | V15: =R15/S15 -> -120.66262 | W15: =R15/Q15 -> -0.35675391 | X15: =R15/N15 -> -0.18689096
A16: 4235 | B16: Plenas-Individuales | C16: Estado de situación financiera, corriente/no corriente | D16: 900451379 | E16: 2024-12-31 | F16: Levare Services Ltd Sucursal Colombia | G16: G4659 - Comercio al por mayor de otros tipos de maquinaria y equipo n.c.p. | H16: 02. SUCURSAL EXTRANJERA | I16: KM 3.5 VIA FUNZA - SIBERIA PQ IND SAN JOSE BOD3 MZ A | J16: CUNDINAMARCA | K16: FUNZA-CUNDINAMARCA | L16: Periodo Actual | M16: 119153831 | N16: 134164538 | O16: 74694409 | P16: 75767658 | Q16: 58396880 | R16: -7013289 | S16: 287852 | T16: =M16/O16 -> 1.5952175 | U16: =P16/N16 -> 0.56473685 | V16: =R16/S16 -> -24.364218 | W16: =R16/Q16 -> -0.12009698 | X16: =R16/N16 -> -0.052273791
A17: 21353 | B17: Pymes-Individuales | C17: Estado de situación financiera, corriente/no corriente | D17: 900042898 | E17: 2024-12-31 | F17: SORING LTDA | G17: G4659 - Comercio al por mayor de otros tipos de maquinaria y equipo n.c.p. | H17: 03. SOCIEDAD LIMITADA | I17: CRA 22 A N 87 - 56 | J17: BOGOTA D.C. | K17: BOGOTA D.C. | L17: Periodo Actual | M17: 4750760 | N17: 19063293 | O17: 1198575 | P17: 6882511 | Q17: 12180782 | R17: -2305618 | S17: 115098 | T17: =M17/O17 -> 3.9636735 | U17: =P17/N17 -> 0.36103474 | V17: =R17/S17 -> -20.031782 | W17: =R17/Q17 -> -0.18928325 | X17: =R17/N17 -> -0.12094542
A18: 6485 | B18: Pymes-Individuales | C18: Estado de situación financiera, corriente/no corriente | D18: 805022749 | E18: 2024-12-31 | F18: WG GRUPOELECTROGENOS LIMITADA | G18: C3312 - Mantenimiento y reparación especializado de maquinaria y equipo | H18: 03. SOCIEDAD LIMITADA | I18: CR 12 30A 29 | J18: VALLE | K18: CALI-VALLE | L18: Periodo Actual | M18: 3721437 | N18: 4123042 | O18: 586129 | P18: 3500294 | Q18: 622748 | R18: -98794 | S18: 5195 | T18: =M18/O18 -> 6.3491774 | U18: =P18/N18 -> 0.84895909 | V18: =R18/S18 -> -19.017132 | W18: =R18/Q18 -> -0.15864202 | X18: =R18/N18 -> -0.023961434
A19: 12579 | B19: Pymes-Individuales | C19: Estado de situación financiera, corriente/no corriente | D19: 830108265 | E19: 2024-12-31 | F19: ABCONTROL INGENIERIA SAS | G19: G4659 - Comercio al por mayor de otros tipos de maquinaria y equipo n.c.p. | H19: 08. SOCIEDAD POR ACCIONES SIMPLIFICADA SAS | I19: CALLE 54 A 72 60 | J19: BOGOTA D.C. | K19: BOGOTA D.C. | L19: Periodo Actual | M19: 1756635 | N19: 5035898 | O19: 4336768 | P19: 3322293 | Q19: 1713605 | R19: -362210 | S19: 25317 | T19: =M19/O19 -> 0.40505625 | U19: =P19/N19 -> 0.65972206 | V19: =R19/S19 -> -14.306987 | W19: =R19/Q19 -> -0.2113731 | X19: =R19/N19 -> -0.071925603
A20: 959 | B20: Pymes-Separados | C20: Estado de situación financiera, corriente/no corriente | D20: 824003252 | E20: 2024-12-31 | F20: OSTEOSYNTESIS SAS | G20: G4659 - Comercio al por mayor de otros tipos de maquinaria y equipo n.c.p. | H20: 08. SOCIEDAD POR ACCIONES SIMPLIFICADA SAS | I20: CR 16 13C 78 | J20: CESAR | K20: VALLEDUPAR-CESAR | L20: Periodo Actual | M20: 1304390 | N20: 3124266 | O20: 256036 | P20: 2421078 | Q20: 703188 | R20: -190591 | S20: 18630 | T20: =M20/O20 -> 5.094557 | U20: =P20/N20 -> 0.77492697 | V20: =R20/S20 -> -10.230327 | W20: =R20/Q20 -> -0.27103847 | X20: =R20/N20 -> -0.061003448
A21: 12985 | B21: Pymes-Individuales | C21: Estado de situación financiera, corriente/no corriente | D21: 830122576 | E21: 2024-12-31 | F21: METRICOM LIMITADA | G21: G4659 - Comercio al por mayor de otros tipos de maquinaria y equipo n.c.p. | H21: 03. SOCIEDAD LIMITADA | I21: CL 25 A 32 45 | J21: BOGOTA D.C. | K21: BOGOTA D.C. | L21: Periodo Actual | M21: 1615378 | N21: 2056677 | O21: 3466556 | P21: 544128 | Q21: 1512549 | R21: -791245 | S21: 82070 | T21: =M21/O21 -> 0.4659893 | U21: =P21/N21 -> 0.26456658 | V21: =R21/S21 -> -9.6410991 | W21: =R21/Q21 -> -0.52312024 | X21: =R21/N21 -> -0.38472011
A22: 11101 | B22: Pymes-Individuales | C22: Estado de situación financiera, corriente/no corriente | D22: 830056903 | E22: 2024-12-31 | F22: MICROMEDICA SAS - EN REORGANIZACION | G22: G4659 - Comercio al por mayor de otros tipos de maquinaria y equipo n.c.p. | H22: 08. SOCIEDAD POR ACCIONES SIMPLIFICADA SAS | I22: Calle 2 No 71 D - 65 | J22: BOGOTA D.C. | K22: BOGOTA D.C. | L22: Periodo Actual | M22: 594031 | N22: 2121550 | O22: 97578 | P22: 1045289 | Q22: 1076261 | R22: -68940 | S22: 7893 | T22: =M22/O22 -> 6.0877554 | U22: =P22/N22 -> 0.49270062 | V22: =R22/S22 -> -8.7343216 | W22: =R22/Q22 -> -0.064055094 | X22: =R22/N22 -> -0.03249511
A23: 105 | B23: Plenas-Individuales | C23: Estado de situación financiera, corriente/no corriente | D23: 800029447 | E23: 2024-12-31 | F23: GE ENERGY COLOMBIA S.A. | G23: 900098586-1 | H23: 01. SOCIEDAD ANÓNIMA | I23: CALLE 100 # 19-54 Oficina 303 | J23: BOGOTA D.C. | K23: BOGOTA D.C. | L23: Periodo Actual | M23: 74455241 | N23: 76661386 | O23: 61306635 | P23: 111494801 | Q23: -34833415 | R23: -19380706 | S23: 2920169 | T23: =M23/O23 -> 1.2144728 | U23: =P23/N23 -> 1.4543802 | V23: =R23/S23 -> -6.636844 | W23: =R23/Q23 -> 0.5563826 | X23: =R23/N23 -> -0.25280923
... A153: 17093 | B153: Pymes-Individuales | C153: Estado de situación financiera, corriente/no corriente | D153: 860526809 | E153: 2024-12-31 | F153: LAS ELECTROMEDICINA SAS | G153: G4659 - Comercio al por mayor de otros tipos de maquinaria y equipo n.c.p. | H153: 08. SOCIEDAD POR ACCIONES SIMPLIFICADA SAS | I153: CL 26 96 J 66 LC 23 | J153: BOGOTA D.C. | K153: BOGOTA D.C. | L153: Periodo Actual | M153: 18638452 | N153: 24821312 | O153: 731046 | P153: 14850949 | Q153: 9970363 | R153: 3401511 | S153: 1705227 | T153: =M153/O153 -> 25.495594 | U153: =P153/N153 -> 0.59831442 | V153: =R153/S153 -> 1.9947555 | W153: =R153/Q153 -> 0.3411622 | X153: =R153/N153 -> 0.13703994
F154: EQUIPOS Y LABORATORIO DE COLOMBIA S.A.S | G154: EMPRESA OFERENTE PROCESO 2025 | M154: 16881955955 | N154: 30585810220 | O154: 5055316658 | P154: 16364220709 | Q154: 14221589511 | R154: 3121069800 | S154: 1538145989 | T154: =M154/O154 -> 3.3394458 | U154: =P154/N154 -> 0.53502656 | V154: =R154/S154 -> 2.0291116 | W154: =R154/Q154 -> 0.21945998 | X154: =R154/N154 -> 0.10204306
A155: 2703 | B155: Pymes-Individuales | C155: Estado de situación financiera, corriente/no corriente | D155: 800152665 | E155: 2024-12-31 | F155: DICSON SA | G155: G4659 - Comercio al por mayor de otros tipos de maquinaria y equipo n.c.p. | H155: 01. SOCIEDAD ANÓNIMA | I155: CRA 27 15 74 | J155: BOGOTA D.C. | K155: BOGOTA D.C. | L155: Periodo Actual | M155: 7214071 | N155: 8027332 | O155: 541899 | P155: 1228372 | Q155: 6798960 | R155: 1416734 | S155: 695688 | T155: =M155/O155 -> 13.312575 | U155: =P155/N155 -> 0.15302369 | V155: =R155/S155 -> 2.0364502 | W155: =R155/Q155 -> 0.2083751 | X155: =R155/N155 -> 0.17648878
A156: 34483 | B156: Pymes-Individuales | C156: Estado de situación financiera, corriente/no corriente | D156: 900552236 | E156: 2024-12-31 | F156: FLUIDRA COLOMBIA SAS | G156: G4659 - Comercio al por mayor de otros tipos de maquinaria y equipo n.c.p. | H156: 08. SOCIEDAD POR ACCIONES SIMPLIFICADA SAS | I156: KM 7 AUT. MEDELLIN CELTA TRADE PARK LT 155 BG 1 | J156: CUNDINAMARCA | K156: FUNZA-CUNDINAMARCA | L156: Periodo Actual | M156: 8455042 | N156: 9658874 | O156: 516186 | P156: 3092588 | Q156: 6566286 | R156: 1330864 | S156: 648149 | T156: =M156/O156 -> 16.379836 | U156: =P156/N156 -> 0.32018101 | V156: =R156/S156 -> 2.0533303 | W156: =R156/Q156 -> 0.20268139 | X156: =R156/N156 -> 0.13778666
A157: 27387 | B157: Pymes-Individuales | C157: Estado de situación financiera, corriente/no corriente | D157: 900297138 | E157: 2024-12-31 | F157: DISEÑO PETROMECANICO SAS EN REORGANIZACION | G157: G4659 - Comercio al por mayor de otros tipos de maquinaria y equipo n.c.p. | H157: 08. SOCIEDAD POR ACCIONES SIMPLIFICADA SAS | I157: calle 5 No 20 - 30 | J157: BOGOTA D.C. | K157: BOGOTA D.C. | L157: Periodo Actual | M157: 2603573 | N157: 3471692 | O157: 3466556 | P157: 3254138 | Q157: 217554 | R157: 54251 | S157: 26346 | T157: =M157/O157 -> 0.75105465 | U157: =P157/N157 -> 0.93733488 | V157: =R157/S157 -> 2.0591741 | W157: =R157/Q157 -> 0.24936797 | X157: =R157/N157 -> 0.015626674
A158: 33183 | B158: Pymes-Individuales | C158: Estado de situación financiera, corriente/no corriente | D158: 900493367 | E158: 2024-12-31 | F158: STERILIZE SERVICE SAS | G158: C3312 - Mantenimiento y reparación especializado de maquinaria y equipo | H158: 08. SOCIEDAD POR ACCIONES SIMPLIFICADA SAS | I158: CALLE 11A 32 46 BR SAN IGNACIO | J158: NARINO | K158: PASTO-NARINO | L158: Periodo Actual | M158: 4265342 | N158: 7425655 | O158: 97578 | P158: 3695162 | Q158: 3730493 | R158: 937298 | S158: 451752 | T158: =M158/O158 -> 43.712128 | U158: =P158/N158 -> 0.49762102 | V158: =R158/S158 -> 2.0748065 | W158: =R158/Q158 -> 0.25125312 | X158: =R158/N158 -> 0.12622429
A159: 11141 | B159: Pymes-Individuales | C159: Estado de situación financiera, corriente/no corriente | D159: 830058216 | E159: 2024-12-31 | F159: UNIVERSAL PACK GROUP S.A.S EN REORGANIZACIÓN | G159: G4659 - Comercio al por mayor de otros tipos de maquinaria y equipo n.c.p. | H159: 08. SOCIEDAD POR ACCIONES SIMPLIFICADA SAS | I159: CL 89 49 35 | J159: ANTIOQUIA | K159: ITAGUI-ANTIOQUIA | L159: Periodo Actual | M159: 17026536 | N159: 19206059 | O159: 731046 | P159: 16211175 | Q159: 2994884 | R159: 563710 | S159: 269364 | T159: =M159/O159 -> 23.290649 | U159: =P159/N159 -> 0.84406567 | V159: =R159/S159 -> 2.0927444 | W159: =R159/Q159 -> 0.18822432 | X159: =R159/N159 -> 0.029350634
A160: 34507 | B160: Pymes-Individuales | C160: Estado de situación financiera, corriente/no corriente | D160: 900553715 | E160: 2024-12-31 | F160: ENERGIA Y MOVILIDAD SAS | G160: G4659 - Comercio al por mayor de otros tipos de maquinaria y equipo n.c.p. | H160: 08. SOCIEDAD POR ACCIONES SIMPLIFICADA SAS | I160: CR 48 163B 73 | J160: BOGOTA D.C. | K160: BOGOTA D.C. | L160: Periodo Actual | M160: 19776574 | N160: 23428985 | O160: 2057884 | P160: 15847841 | Q160: 7581144 | R160: 2405219 | S160: 1140323 | T160: =M160/O160 -> 9.61015 | U160: =P160/N160 -> 0.6764203 | V160: =R160/S160 -> 2.1092436 | W160: =R160/Q160 -> 0.31726333 | X160: =R160/N160 -> 0.10265997
A161: 23415 | B161: Pymes-Individuales | C161: Estado de situación financiera, corriente/no corriente | D161: 900130896 | E161: 2024-12-31 | F161: MAQUINARIAS Y SOLUCIONES SAS | G161: G4659 - Comercio al por mayor de otros tipos de maquinaria y equipo n.c.p. | H161: 08. SOCIEDAD POR ACCIONES SIMPLIFICADA SAS | I161: admon@maquinariasysoluciones.com | J161: ATLANTICO | K161: BARRANQUILLA-ATLANTICO | L161: Periodo Actual | M161: 3553258 | N161: 4859761 | O161: 516186 | P161: 3112618 | Q161: 1747143 | R161: 430143 | S161: 200421 | T161: =M161/O161 -> 6.8836776 | U161: =P161/N161 -> 0.64048788 | V161: =R161/S161 -> 2.1461973 | W161: =R161/Q161 -> 0.24619794 | X161: =R161/N161 -> 0.088511143
A162: 715 | B162: Pymes-Individuales | C162: Estado de situación financiera, corriente/no corriente | D162: 800036354 | E162: 2024-12-31 | F162: PLANTAS ELECTRICAS Y SOLUCIONES ENERGETICAS SAS | G162: G4659 - Comercio al por mayor de otros tipos de maquinaria y equipo n.c.p. | H162: 08. SOCIEDAD POR ACCIONES SIMPLIFICADA SAS | I162: cra 26 8 36 | J162: BOGOTA D.C. | K162: BOGOTA D.C. | L162: Periodo Actual | M162: 3352861 | N162: 5623349 | O162: 1354715 | P162: 2337509 | Q162: 3285840 | R162: 485603 | S162: 225035 | T162: =M162/O162 -> 2.4749567 | U162: =P162/N162 -> 0.41567916 | V162: =R162/S162 -> 2.1578999 | W162: =R162/Q162 -> 0.14778656 | X162: =R162/N162 -> 0.086354768
A163: 36409 | B163: Pymes-Individuales | C163: Estado de situación financiera, corriente/no corriente | D163: 900648510 | E163: 2024-12-31 | F163: VISUAL MAQUINAS SAS | G163: G4659 - Comercio al por mayor de otros tipos de maquinaria y equipo n.c.p. | H163: 08. SOCIEDAD POR ACCIONES SIMPLIFICADA SAS | I163: CARRERA 46 29 37 | J163: ANTIOQUIA | K163: MEDELLIN-ANTIOQUIA | L163: Periodo Actual | M163: 2865509 | N163: 4439805 | O163: 774590 | P163: 2942414 | Q163: 1497391 | R163: 565323 | S163: 255051 | T163: =M163/O163 -> 3.6993881 | U163: =P163/N163 -> 0.66273496 | V163: =R163/S163 -> 2.2165096 | W163: =R163/Q163 -> 0.37753867 | X163: =R163/N163 -> 0.12733059
A164: 1163 | B164: Pymes-Individuales | C164: Estado de situación financiera, corriente/no corriente | D164: 800062591 | E164: 2024-12-31 | F164: NEUMATICA DEL CARIBE SA | G164: G4659 - Comercio al por mayor de otros tipos de maquinaria y equipo n.c.p. | H164: 01. SOCIEDAD ANÓNIMA | I164: via 40 73 06 | J164: ATLANTICO | K164: BARRANQUILLA-ATLANTICO | L164: Periodo Actual | M164: 47664580 | N164: 67531316 | O164: 12120361 | P164: 36749529 | Q164: 30781787 | R164: 3924210 | S164: 1735878 | T164: =M164/O164 -> 3.932604 | U164: =P164/N164 -> 0.544185 | V164: =R164/S164 -> 2.2606485 | W164: =R164/Q164 -> 0.1274848 | X164: =R164/N164 -> 0.058109485
A165: 27705 | B165: Pymes-Individuales | C165: Estado de situación financiera, corriente/no corriente | D165: 900311030 | E165: 2024-12-31 | F165: INSMEVET S EN C | G165: G4659 - Comercio al por mayor de otros tipos de maquinaria y equipo n.c.p. | H165: 04. SOCIEDAD EN COMANDITA | I165: AUT MEDELLIN KILOMETRO UNO PUNTO CINCO VIA PARQUE LA FLORIDA PARQUE IND TERRAPUERTO BG 21 | J165: CUNDINAMARCA | K165: COTA-CUNDINAMARCA | L165: Periodo Actual | M165: 15601818 | N165: 18807116 | O165: 731046 | P165: 8763283 | Q165: 10043833 | R165: 1708138 | S165: 752326 | T165: =M165/O165 -> 21.341773 | U165: =P165/N165 -> 0.46595571 | V165: =R165/S165 -> 2.2704758 | W165: =R165/Q165 -> 0.17006834 | X165: =R165/N165 -> 0.090824026
A166: 919 | B166: Plenas-Individuales | C166: Estado de situación financiera, corriente/no corriente | D166: 811001646 | E166: 2024-12-31 | F166: Nordson Andina Ltda | G166: G4659 - Comercio al por mayor de otros tipos de maquinaria y equipo n.c.p. | H166: 03. SOCIEDAD LIMITADA | I166: CRA 50 Nro. 79Sur-101 BD 38 | J166: ANTIOQUIA | K166: LA-ESTRELLA-ANTIOQUIA | L166: Periodo Actual | M166: 11899481 | N166: 13434180 | O166: 2242987 | P166: 2974660 | Q166: 10459520 | R166: 5889619 | S166: 2582603 | T166: =M166/O166 -> 5.3051939 | U166: =P166/N166 -> 0.22142475 | V166: =R166/S166 -> 2.2804972 | W166: =R166/Q166 -> 0.56308693 | X166: =R166/N166 -> 0.43840554
... A333: 14515 | B333: Pymes-Individuales | C333: Estado de situación financiera, corriente/no corriente | D333: 860000065 | E333: 2024-12-31 | F333: PANTECNICA S.A. Comercialización de Polipastos, puente gruas y equipos afines en el manejo de carga para todo tipo de industria. G4659 - Comercio al por mayor de otros tipos de maquinaria y equipo n.c.p. 01. ANUAL 1955-03-02 2052-12-31 ACTIVA 01. SOCIEDAD ANÓNIMA 07. ACTIVIDAD ECONÓMICA DIFERENTE A LAS ANTERIORE | G333: G4659 - Comercio al por mayor de otros tipos de maquinaria y equipo n.c.p. | H333: 01. SOCIEDAD ANÓNIMA | I333: CL 79 B 54 26 | J333: BOGOTA D.C. | K333: BOGOTA D.C. | L333: Periodo Actual | M333: 12694991 | N333: 16137726 | O333: 733836 | P333: 2903737 | Q333: 13233989 | R333: 699673 | S333: 23209 | T333: =M333/O333 -> 17.299493 | U333: =P333/N333 -> 0.17993471 | V333: =R333/S333 -> 30.146624 | W333: =R333/Q333 -> 0.052869396 | X333: =R333/N333 -> 0.043356356
F334: ADVANCED INSTRUMENTS SAS | G334: EMPRESA OFERENTE PROCESO 2025 | M334: 2114597968 | N334: 3111413552 | O334: 228622347 | P334: 428816112 | Q334: 2682597440 | R334: 863528015 | S334: 27406580 | T334: =M334/O334 -> 9.2493057 | U334: =P334/N334 -> 0.13782035 | V334: =R334/S334 -> 31.508054 | W334: =R334/Q334 -> 0.32189996 | X334: =R334/N334 -> 0.2775356
A335: 16179 | B335: Pymes-Individuales | C335: Estado de situación financiera, corriente/no corriente | D335: 860090324 | E335: 2024-12-31 | F335: J RESTREPO EQUIPHOS SAS | G335: G4659 - Comercio al por mayor de otros tipos de maquinaria y equipo n.c.p. | H335: 08. SOCIEDAD POR ACCIONES SIMPLIFICADA SAS | I335: CALLE 134 N 7 83 T1 OF 131 | J335: BOGOTA D.C. | K335: BOGOTA D.C. | L335: Periodo Actual | M335: 41501609 | N335: 44223689 | O335: 1484025 | P335: 29984633 | Q335: 14239056 | R335: 8460091 | S335: 267104 | T335: =M335/O335 -> 27.965573 | U335: =P335/N335 -> 0.67802198 | V335: =R335/S335 -> 31.673397 | W335: =R335/Q335 -> 0.5941469 | X335: =R335/N335 -> 0.19130225
A336: 28905 | B336: Pymes-Individuales | C336: Estado de situación financiera, corriente/no corriente | D336: 900352229 | E336: 2024-12-31 | F336: COINSTOR S.A.S. | G336: G4659 - Comercio al por mayor de otros tipos de maquinaria y equipo n.c.p. | H336: 08. SOCIEDAD POR ACCIONES SIMPLIFICADA SAS | I336: CL 66 47 17 | J336: SANTANDER | K336: BUCARAMANGA-SANTANDER | L336: Periodo Actual | M336: 2788274 | N336: 2924507 | O336: 1730981 | P336: 325664 | Q336: 2598843 | R336: 574450 | S336: 14962 | T336: =M336/O336 -> 1.6108057 | U336: =P336/N336 -> 0.11135689 | V336: =R336/S336 -> 38.393931 | W336: =R336/Q336 -> 0.22104067 | X336: =R336/N336 -> 0.19642627
A337: 1487 | B337: Plenas-Individuales | C337: Estado de situación financiera, corriente/no corriente | D337: 830060331 | E337: 2024-12-31 | F337: Komatsu Colombia SAS | G337: G4659 - Comercio al por mayor de otros tipos de maquinaria y equipo n.c.p. | H337: 08. SOCIEDAD POR ACCIONES SIMPLIFICADA SAS | I337: Autopista Norte KM 21 Via chia | J337: CUNDINAMARCA | K337: CHIA-CUNDINAMARCA | L337: Periodo Actual | M337: 383180781 | N337: 524928584 | O337: 347268080 | P337: 385140335 | Q337: 139788249 | R337: 47932548 | S337: 1211701 | T337: =M337/O337 -> 1.1034149 | U337: =P337/N337 -> 0.73370044 | V337: =R337/S337 -> 39.558066 | W337: =R337/Q337 -> 0.34289397 | X337: =R337/N337 -> 0.091312513
